Workbook
Name \0: #REF!
Name \0: #REF!
Name \0: #REF!
Name \0: #REF!
Name \0: #REF!
Name \0: #REF!
Name \0: #REF!
Name \0: #REF!
Name \00: #REF!
Name \00: #REF!
Name \00: #REF!
Name \00: #REF!
Name \00: #REF!
Name \00: #REF!
Name \00: #REF!
Name \00: #REF!
Name \a: #REF!
Name \a: #REF!
Name \a: #REF!
Name \a: #REF!
Name \a: #REF!
Name \a: #REF!
Name \a: #REF!
Name \a: #REF!
Name \a: #REF!
Name \a: #REF!
Name \a: #REF!
Name \AA: [1]LIQUIDACION!#REF!
Name \AA: [1]LIQUIDACION!#REF!
Name \AA: [1]LIQUIDACION!#REF!
Name \AA: [1]LIQUIDACION!#REF!
Name \AA: [1]LIQUIDACION!#REF!
Name \AA: [1]LIQUIDACION!#REF!
Name \AA: [1]LIQUIDACION!#REF!
Name \AA: [1]LIQUIDACION!#REF!
Name \b: [2]STRSUMM0!#REF!
Name \b: [2]STRSUMM0!#REF!
Name \b: [2]STRSUMM0!#REF!
Name \b: [2]STRSUMM0!#REF!
Name \b: [2]STRSUMM0!#REF!
Name \b: [2]STRSUMM0!#REF!
Name \b: [2]STRSUMM0!#REF!
Name \b: [2]STRSUMM0!#REF!
Name \bb: [2]STRSUMM0!#REF!
Name \bb: [2]STRSUMM0!#REF!
Name \E: #REF!
Name \E: #REF!
Name \E: #REF!
Name \E: #REF!
Name \E: #REF!
Name \E: #REF!
Name \E: #REF!
Name \E: #REF!
Name \EE: #REF!
Name \EE: #REF!
Name \EE: #REF!
Name \EE: #REF!
Name \EE: #REF!
Name \EE: #REF!
Name \EE: #REF!

Sheet PRESUPUESTO OFICIAL
C3: INSTITUTO NACIONAL DE VIAS
C4: DIRECCION OPERATIVA
C5: LICITACIÓN PÚBLICA
C6: “MANTENIMIENTO PERIODICO DE LA TRONCAL DEL MAGDALENA, TRAMO LA MATA - SAN ROQUE EN EL DEPARTAMENTO DE CESAR"
C8: PRESUPUESTO OFICIAL
C9: FORMULARIO 1
K10: 2 MESES
C12: Nº | D12: ITEM DE PAGO | E12: ESPECIFICACIONES | G12: DESCRIPCION | H12: UND. | I12: CANTIDAD | J12: VALOR UNITARIO | K12: VALOR TOTAL
E13: GENERAL | F13: PARTICULAR
C14: PAVIMENTOS ASFALTICOS
C15: 1 | D15: 421.1 | E15: 421-13 | G15: Riego de liga con emulsión asfáltica CRR-1 | H15: m2 | I15: 7000 | J15: ='421.1'!N77 -> 2438 | K15: =I15*J15 -> 17066000
C16: 2 | D16: 450.2P | F16: 450.1.2P | G16: Mezcla densa en caliente Tipo MDC-19 (No incluye transporte) | H16: m3 | I16: 700 | J16: ='450.2P'!N78 -> 887757 | K16: =I16*J16 -> 621429900
C17: 3 | D17: 460.1P | F17: 460.1P | G17: Fresado de pavimento asfaltico | H17: m3 | I17: 700 | J17: ='460.1P'!N78 -> 66281 | K17: =I17*J17 -> 46396700
C18: 4 | D18: 466.1 | E18: 466-13 | G18: Sello de grietas en pavimento asfaltico sin ruteo | H18: m | I18: 1200 | J18: ='466.1'!N81 -> 5116 | K18: =I18*J18 -> 6139200
C19: Subtotal | K19: =SUM(K15:K18) -> 691031800
C20: SEÑALIZACIÓN Y SEGURIDAD
C21: 7 | D21: 1P | E21: Manual de Señalización Vial 2015 | G21: Suministro y aplicación de pintura en frío acrílica pura base agua para líneas de demarcación de pavimentos | H21: m | I21: 46000 | J21: ='1p.'!N82 -> 2253 | K21: =ROUND((I21*J21),0) -> 103638000
C22: Subtotal | K22: =SUM(K21) -> 103638000
C23: TRANSPORTES
C24: 8 | D24: 900.1 | E24: 900-13 | G24: Transporte de mezclas asfalticas compacto | H24: m3-K | I24: 30800 | J24: ='900.4P'!N78 -> 2054 | K24: =I24*J24 -> 63263200
C25: Subtotal | K25: =SUM(K24) -> 63263200
C26: SUBTOTAL OBRAS | K26: =ROUND(SUM(K19+K22+K25),0) -> 857933000
G28: VALOR BASICO DEL CONTRATO | K28: =K26 -> 857933000
G29: PROVISON PARA OBRAS COMPLEMENTARIAS, ITEMS NO PREVISTOS, MODIFICATORIAS Y ADICIONALES (INCLUYE PAGA) | K29: 12700000
G30: VALOR IVA (OBRA) (19% SOBRE UTILIDAD OBRA ) | K30: =ROUND((K28)/(1+K41)*K39*0.19,0) -> 6269510
G31: SUBTOTAL OBRAS (INCLUYE IVA) | K31: =SUM(K28:K30) -> 876902510
G34: VALOR TOTAL | K34: =SUM(K31+K32) -> 876902510
C36: VALOR EN LETRAS:
C37: NOTA 1: Teniendo en cuenta el Manual de Señalización Vial - Dispositivos uniformes para la Regulación del Tránsito en Calles, Carreteras y Ciclorrutas de Colombia, adoptado mediante Resolución No. 0001885 del 17 de junio de 2015 del Ministerio de Transporte, se aclara que el aparte de SEÑALIZACIÓN se debe ajustar a todo su contenido, esta señalización debe colocarse desde la órden de iniciación del contrato. | H37: DESCRIPCION | K37: PORCENTAJE
C38: NOTA 2:El control de tráfico temporal (controladores de trafico) y la señalización provisional necesarios para la ejecución de las obras será por cuenta y riesgo del contratista. | H38: ADMINISTRACION | J38: A= | K38: 0.2
C39: NOTA 3: Se debe tener en cuenta que el PRECIO UNITARIO incluye el valor de A.I.U. | H39: IMPREVISTO (MINIMO 5%) | J39: I= | K39: 0.05
C40: NOTA 4: Si el valor del A.I.U. presentado es menor al NOVENTA por ciento (90%) o mayor al Ciento diez por ciento (110%) del Valor Oficial del Porcentaje de A.I.U., establecido en el formulario No 1 "presupuesto oficial", la propuesta será rechazada | H40: UTILIDAD | J40: U= | K40: 0.05
C41: NOTA 5: Cuando la fracción decimal del peso sea igual o superior a 5 se aproximara por exceso al número entero siguiente del peso y cuando la fracción decimal del peso sea inferior a 5 se aproximará por defecto al número entero del peso. | H41: TOTAL A.I.U | J41: A.I.U.= | K41: 0.3
C42: NOTA 6: El A.I.U y su discriminación deben estar en porcentaje (%). | H42: NOMBRE DEL PROPONENTE: ______________________________________ REPRESENTANTE LEGAL (nombre y firma):_________________________ FECHA:_________________________
C43: NOTA 7: El reconocimiento económico de los requerimientos ambientales exigidos por las autoridades ambientales, y/o sociales que son de obligatorio cumplimiento, serán reconocidos a cargo de reembolso de gastos (afectados por un % de administracion).

Sheet PROPUESTA ECONOMICA
C3: INSTITUTO NACIONAL DE VIAS
C4: DIRECCION OPERATIVA
C5: SA-MC-DT-CES-09-2020
C6: “MANTENIMIENTO PERIODICO DE LA TRONCAL DEL MAGDALENA, TRAMO LA MATA - SAN ROQUE EN EL DEPARTAMENTO DE CESAR"
C8: PROPUESTA ECONOMICA | N8: 876902510 | O8: =K34/N8 -> 0.93783428
C9: FORMULARIO 1
K10: 2 MESES
N11: 0.937834
C12: Nº | D12: ITEM DE PAGO | E12: ESPECIFICACIONES | G12: DESCRIPCION | H12: UND. | I12: CANTIDAD | J12: VALOR UNITARIO | K12: VALOR TOTAL | O12: 0.936935
E13: GENERAL | F13: PARTICULAR
C14: PAVIMENTOS ASFALTICOS
C15: 1 | D15: 421.1 | E15: 421-13 | G15: Riego de liga con emulsión asfáltica CRR-1 | H15: m2 | I15: 7000 | J15: =N15 -> 2284 | K15: =I15*J15 -> 15988000 | M15: 2438 | N15: =ROUND(M15*$O$12,0) -> 2284
C16: 2 | D16: 450.2P | F16: 450.1.2P | G16: Mezcla densa en caliente Tipo MDC-19 (No incluye transporte) | H16: m3 | I16: 700 | J16: =N16 -> 831771 | K16: =I16*J16 -> 582239700 | M16: 887757 | N16: =ROUND(M16*$O$12,0) -> 831771
C17: 3 | D17: 460.1P | F17: 460.1P | G17: Fresado de pavimento asfaltico | H17: m3 | I17: 700 | J17: =N17 -> 62101 | K17: =I17*J17 -> 43470700 | M17: 66281 | N17: =ROUND(M17*$O$12,0) -> 62101
C18: 4 | D18: 466.1 | E18: 466-13 | G18: Sello de grietas en pavimento asfaltico sin ruteo | H18: m | I18: 1200 | J18: =N18 -> 4793 | K18: =I18*J18 -> 5751600 | M18: 5116 | N18: =ROUND(M18*$O$12,0) -> 4793
C19: Subtotal | K19: =SUM(K15:K18) -> 647450000
C20: SEÑALIZACIÓN Y SEGURIDAD
C21: 7 | D21: 1P | E21: Manual de Señalización Vial 2015 | G21: Suministro y aplicación de pintura en frío acrílica pura base agua para líneas de demarcación de pavimentos | H21: m | I21: 46000 | J21: =N21 -> 2111 | K21: =I21*J21 -> 97106000 | M21: 2253 | N21: =ROUND(M21*$O$12,0) -> 2111
C22: Subtotal | K22: =SUM(K21) -> 97106000 | N22: =ROUND(M22*$O$12,0) -> 0
C23: TRANSPORTES
C24: 8 | D24: 900.1 | E24: 900-13 | G24: Transporte de mezclas asfalticas compacto | H24: m3-K | I24: 30800 | J24: =N24 -> 1924 | K24: =I24*J24 -> 59259200 | M24: 2054 | N24: =ROUND(M24*$O$12,0) -> 1924
C25: Subtotal | K25: =SUM(K24) -> 59259200
C26: SUBTOTAL OBRAS | K26: =ROUND(SUM(K19+K22+K25),0) -> 803815200
G28: VALOR BASICO DEL CONTRATO | K28: =K26 -> 803815200
G29: PROVISON PARA OBRAS COMPLEMENTARIAS, ITEMS NO PREVISTOS, MODIFICATORIAS Y ADICIONALES (INCLUYE PAGA) NO MODIFICAR | K29: 12700000
G30: VALOR IVA (OBRA) (19% SOBRE UTILIDAD OBRA ) | K30: =ROUND((K28)/(1+K41)*K39*0.19,0) -> 5874034
G31: SUBTOTAL OBRAS (INCLUYE IVA) | K31: =SUM(K28:K30) -> 822389234
G34: VALOR TOTAL | K34: =SUM(K28:K30) -> 822389234 | N34: 822389234
C36: VALOR EN LETRAS: | F36: OCHOCIENTOS VEINTIDÓS MILLONES TRESCIENTOS OCHENTA Y NUEVE MIL DOSCIENTOS TREINTA Y CUATRO PESOS M/CT
C37: NOTA 1: Teniendo en cuenta el Manual de Señalización Vial - Dispositivos uniformes para la Regulación del Tránsito en Calles, Carreteras y Ciclorrutas de Colombia, adoptado mediante Resolución No. 0001885 del 17 de junio de 2015 del Ministerio de Transporte, se aclara que el aparte de SEÑALIZACIÓN se debe ajustar a todo su contenido, esta señalización debe colocarse desde la órden de iniciación del contrato. | H37: DESCRIPCION | K37: PORCENTAJE
C38: NOTA 2:El control de tráfico temporal (controladores de trafico) y la señalización provisional necesarios para la ejecución de las obras será por cuenta y riesgo del contratista. | H38: ADMINISTRACION | J38: A= | K38: 0.2
C39: NOTA 3: Se debe tener en cuenta que el PRECIO UNITARIO incluye el valor de A.I.U. | H39: IMPREVISTO (MINIMO 5%) | J39: I= | K39: 0.05
C40: NOTA 4: Si el valor del A.I.U. presentado es menor al NOVENTA por ciento (90%) o mayor al Ciento diez por ciento (110%) del Valor Oficial del Porcentaje de A.I.U., establecido en el formulario No 1 "presupuesto oficial", la propuesta será rechazada | H40: UTILIDAD | J40: U= | K40: 0.05
C41: NOTA 5: Cuando la fracción decimal del peso sea igual o superior a 5 se aproximara por exceso al número entero siguiente del peso y cuando la fracción decimal del peso sea inferior a 5 se aproximará por defecto al número entero del peso. | H41: TOTAL A.I.U | J41: A.I.U.= | K41: 0.3
C42: NOTA 6: El A.I.U y su discriminación deben estar en porcentaje (%). | H42: NOMBRE DEL PROPONENTE: GENERADORA DE PROYECTOS DE PUERTOS ARQUITECTURA Y VIAS SAS - GEPAV SAS REPRESENTANTE LEGAL (nombre y firma): JOSE ANTONIO SENEJOA NUÑEZ ____________________________________________________________________ FECHA:_30 DE SEPTIEMBRE DE 2020__
C43: NOTA 7: El reconocimiento económico de los requerimientos ambientales exigidos por las autoridades ambientales, y/o sociales que son de obligatorio cumplimiento, serán reconocidos a cargo de reembolso de gastos (afectados por un % de administracion).
G49: _______________________________________ | K49: _______________________________________
G50: REPRESENTANTE LEGAL | K50: AVAL DE LA PROPUESTA
G51: NOMBRE: JOSE ANTONIO SENEJOA | K51: NOMBRE: GERMAN ANTONIO NUÑEZ NUVAN
G52: GENERADORA DE PROYECTOS DE PUERTOS ARQUITECTURA Y VIAS SAS - GEPAV SAS | K52: MATRICULA: 2520262271 CND

Sheet 421.1
K2: CÓDIGO | L2: MINFRA-MN-IN-10-FR-1
C3: INSTITUTO NACIONAL DE VIAS
C4: DIRECCION OPERATIVA | K4: VERSIÓN | L4: 2
C5: PROCESO GESTIÓN DE LA INFRAESTRUCTURA VIAL
C6: MANUAL DE INTERVENTORÍA OBRA PUBLICA | K6: PÁGINA | L6: 1 | M6: DE | N6: 1
C8: ANALISIS DE PRECIOS UNITARIOS
K10: FECHA | L10: DD | M10: MM | N10: AA
B12: ITEMS DE LA PROPUESTA ECONÓMICA | H12: ITEMS NO PREVISTOS
B14: UNIDAD EJECUTORA: | D14: SUBDIRECCION RED NACIONAL | I14: DIRECCIÓN TERRITORIAL: | J14: CESAR
B20: CONTRATO No. | G20: DE
B21: OBJETO DEL CONTRATO
B24: CONTRATISTA :
B26: INTERVENTOR
B28: GESTOR TECNICO DE CONTRATO
B30: FECHA CIERRE DE LICITACIÓN Y/O SELECCIÓN ABREVIADA
B33: ITEM | C33: DESCRIPCIÓN | K33: GRUPO DE AJUSTE | L33: UNIDAD | N33: CANTIDAD
B34: 421.1 | C34: Riego de liga con emulsión asfáltica CRR-1 | L34: m2
B35: I. EQUIPO
B38: DESCRIPCIÓN | G38: MARCA | I38: TIPO
B39: CARROTANQUE IRRIGADOR DE ASFALTO | K39: 100000 | L39: 500 | N39: =K39/L39 -> 200
B40: COMPRESOR (BARRIDO Y SOPLADO) | K40: 70000 | L40: 500 | N40: =K40/L40 -> 140
B41: HERRAMIENTA MENOR (2%MO) | N41: =N65*0.02 -> 0.5365
B42: SUBTOTAL $ | N42: =SUM(N39:N41) -> 340.5365
B43: II. MATERIALES
B46: DESCRIPCIÓN | J46: UNIDAD | K46: CANTIDAD | L46: PRECIO UNIT. | N46: Vr. UNITARIO
B47: EMULSION ASFALTICA CRR-1 | J47: LT | K47: 0.5 | L47: 2998.777 | N47: =+K47*L47 -> 1499.3885
B48: AGUA | J48: LT | K48: 0.15 | L48: 55 | N48: 8.25
B49: SUBTOTAL $ | N49: =+N47+N48 -> 1507.6385
B50: III. TRANSPORTES
B53: MATERIAL | I53: VOL. o PESO | J53: DISTANCIA | K53: M3 o Ton/Km | L53: TARIFA | N53: Vr. UNITARIO
N54: 0
B56: SUBTOTAL $ | N56: 0
B57: IV. MANO DE OBRA
B60: TRABAJADOR | I60: JORNAL | J60: PRESTACIONES | K60: JORNAL TOTAL | L60: RENDIMIENTO | N60: Vr. UNITARIO
B61: OBREROS (2) | I61: =34631*2 -> 69262 | J61: 1.85 | K61: =+I61*J61 -> 128134.7 | L61: 4000 | N61: =K61/L61 -> 32.033675
B65: SUBTOTAL $ | N65: 26.825
B67: TOTAL COSTO DIRECTO $ | N67: =+N42+N49+N56+N65 -> 1875 | O67: 1875
B68: V. COSTOS INDIRECTOS
B71: Descripción | K71: Porcentaje | L71: Valor Total
B72: ADMINISTRACION | K72: 0.2 | L72: =N67*K72 -> 375
B73: IMPREVISTOS | K73: 0.05 | L73: =N67*K73 -> 93.75
B74: UTILIDAD | K74: 0.05 | L74: =N67*K74 -> 93.75
B75: SUBTOTAL $ | N75: =+L72+L73+L74 -> 562.5
B77: Precio Unitario Total Aproximado al peso $ | N77: =+ROUND(N67+N75,0) -> 2438 | O77: =+'[131]PRESUPUESTO '!J28 -> 1785 | P77: =+N77-O77 -> 653
G81: Firma
G83: Representante Legal del Contratista o su Apoderado
G84: Matricula No. :
B86: OBSERVACIONES INTERVENTORÍA
B90: APROBACIÓN POR INTERVENTORÍA
B91: Nota 1: Cuando se trate de Análisis de precios unitarios correspondientes a ítems de la propuesta económica aprobada, el Interventor aprueba el desglose de los componentes manteniendo el mismo precio unitario de cada ítem, cumpliendo con las especificaciones de construcción vigentes para el proyecto.
B93: Nota 2: Cuando se trate de Análisis de precios unitarios de ítems no previstos, el Interventor aprueba el desglose y precio unitario de cada ítem no previsto, exigiendo la aplicación de los costos correspondientes a insumos y tarifas de la propuesta económica inicial cuando estén contemplados, cumpliendo con las especificaciones de construcción vigente para el proyecto.
G96: Firma
G98: Representante Legal del Interventor o su Apoderado
G99: Matricula No. :
B100: Original: Archivo de Gestión del Contrato (Subdirección Administrativa).
B101: Copias: Unidad Ejecutora, Contratista, Interventor y Dirección Territorial.

Sheet 450.2P
K2: CÓDIGO | L2: MINFRA-MN-IN-10-FR-1
C3: INSTITUTO NACIONAL DE VIAS
C4: DIRECCION OPERATIVA | K4: VERSIÓN | L4: 2
C5: PROCESO GESTIÓN DE LA INFRAESTRUCTURA VIAL
C6: MANUAL DE INTERVENTORÍA OBRA PUBLICA | K6: PÁGINA | L6: 1 | M6: DE | N6: 1
C8: ANALISIS DE PRECIOS UNITARIOS
K10: FECHA | L10: DD | M10: MM | N10: AA
B12: ITEMS DE LA PROPUESTA ECONÓMICA | H12: ITEMS NO PREVISTOS
B14: UNIDAD EJECUTORA: | D14: SUBDIRECCION RED NACIONAL | I14: DIRECCIÓN TERRITORIAL: | J14: CESAR
B20: CONTRATO No. | G20: DE
B21: OBJETO DEL CONTRATO
B24: CONTRATISTA :
B26: INTERVENTOR
B28: GESTOR TECNICO DE CONTRATO
B30: FECHA CIERRE DE LICITACIÓN Y/O SELECCIÓN ABREVIADA
B33: ITEM | C33: DESCRIPCIÓN | K33: GRUPO DE AJUSTE | L33: UNIDAD | N33: CANTIDAD
B34: 450.2P | C34: Mezcla densa en caliente Tipo MDC-19 (No incluye transporte) | L34: m3
B35: I. EQUIPO
B38: DESCRIPCIÓN | G38: MARCA | I38: TIPO
B39: TERMINADORA DE ASFALTO | K39: 225500 | L39: 7 | N39: =K39/L39 -> 32214.286
B40: COMPACTADOR VIBRATORIO | K40: 160000 | L40: 7 | N40: =K40/L40 -> 22857.143
B41: COMPACTADOR NEUMATICO | K41: 140000 | L41: 7 | N41: =K41/L41 -> 20000
B42: HERRAMIENTA MENOR (5%MO) | N42: =N66*0.05 -> 880.9256
B43: SUBTOTAL $ | N43: =+N39+N40+N41+N42 -> 75952.354
B44: II. MATERIALES
B47: DESCRIPCIÓN | J47: UNIDAD | K47: CANTIDAD | L47: PRECIO UNIT. | N47: Vr. UNITARIO
B48: MEZCLA DENSA MDC-19 | J48: M3 | K48: 1.25 | L48: 471455.31 | N48: =+K48*L48 -> 589319.13
B50: SUBTOTAL $ | N50: =+N48 -> 589319.13
B51: III. TRANSPORTES
B54: MATERIAL | I54: VOL. o PESO | J54: DISTANCIA | K54: M3 o Ton/Km | L54: TARIFA | N54: Vr. UNITARIO
B57: SUBTOTAL $ | N57: 0
B58: IV. MANO DE OBRA
B61: TRABAJADOR | I61: JORNAL | J61: PRESTACIONES | K61: JORNAL TOTAL | L61: RENDIMIENTO | N61: Vr. UNITARIO
B62: OBREROS (8) | I62: =34631*8 -> 277048 | J62: 1.85 | K62: =I62*J62 -> 512538.8 | L62: 50 | N62: =K62/L62 -> 10250.776 | O62: =29000*8 -> 232000
B63: RASTRILLEROS (2) | I63: =34631*2 -> 69262 | J63: 1.85 | K63: =I63*J63 -> 128134.7 | L63: 50 | N63: =K63/L63 -> 2562.694
B64: PALETEROS(2) | I64: =34631*2 -> 69262 | J64: 1.85 | K64: =I64*J64 -> 128134.7 | L64: 50 | N64: =K64/L64 -> 2562.694
B65: OFICIAL (1) | I65: 60604 | J65: 1.85 | K65: =I65*J65 -> 112117.4 | L65: 50 | N65: =K65/L65 -> 2242.348
B66: SUBTOTAL $ | N66: =+N62+N63+N64+N65 -> 17618.512
B68: TOTAL COSTO DIRECTO $ | N68: =+N43+N50+N57+N66 -> 682890 | O68: 682890
B69: V. COSTOS INDIRECTOS
B72: Descripción | K72: Porcentaje | L72: Valor Total
B73: ADMINISTRACION | K73: 0.2 | L73: =N68*K73 -> 136578
B74: IMPREVISTOS | K74: 0.05 | L74: =N68*K74 -> 34144.5
B75: UTILIDAD | K75: 0.05 | L75: =N68*K75 -> 34144.5
B76: SUBTOTAL $ | N76: =+L73+L74+L75 -> 204867
B78: Precio Unitario Total Aproximado al peso $ | N78: =+ROUND(N68+N76,0) -> 887757 | O78: =+'[131]PRESUPUESTO '!J79 -> 663000 | P78: =+N78-O78 -> 224757
G82: Firma
G84: Representante Legal del Contratista o su Apoderado
G85: Matricula No. :
B87: OBSERVACIONES INTERVENTORÍA
B91: APROBACIÓN POR INTERVENTORÍA
B92: Nota 1: Cuando se trate de Análisis de precios unitarios correspondientes a ítems de la propuesta económica aprobada, el Interventor aprueba el desglose de los componentes manteniendo el mismo precio unitario de cada ítem, cumpliendo con las especificaciones de construcción vigentes para el proyecto.
B94: Nota 2: Cuando se trate de Análisis de precios unitarios de ítems no previstos, el Interventor aprueba el desglose y precio unitario de cada ítem no previsto, exigiendo la aplicación de los costos correspondientes a insumos y tarifas de la propuesta económica inicial cuando estén contemplados, cumpliendo con las especificaciones de construcción vigente para el proyecto.
G97: Firma
G99: Representante Legal del Interventor o su Apoderado
G100: Matricula No. :
B101: Original: Archivo de Gestión del Contrato (Subdirección Administrativa).
B102: Copias: Unidad Ejecutora, Contratista, Interventor y Dirección Territorial.

Sheet 460.1P
K2: CÓDIGO | L2: MINFRA-MN-IN-10-FR-1
C3: INSTITUTO NACIONAL DE VIAS
C4: DIRECCION OPERATIVA | K4: VERSIÓN | L4: 2
C5: PROCESO GESTIÓN DE LA INFRAESTRUCTURA VIAL
C6: MANUAL DE INTERVENTORÍA OBRA PUBLICA | K6: PÁGINA | L6: 1 | M6: DE | N6: 1
C8: ANALISIS DE PRECIOS UNITARIOS
K10: FECHA | L10: DD | M10: MM | N10: AA
B12: ITEMS DE LA PROPUESTA ECONÓMICA | H12: ITEMS NO PREVISTOS
B14: UNIDAD EJECUTORA: | D14: SUBDIRECCION RED NACIONAL | I14: DIRECCIÓN TERRITORIAL: | J14: CESAR
B20: CONTRATO No. | G20: DE
B21: OBJETO DEL CONTRATO
B24: CONTRATISTA :
B26: INTERVENTOR
B28: GESTOR TECNICO DE CONTRATO
B30: FECHA CIERRE DE LICITACIÓN Y/O SELECCIÓN ABREVIADA
B33: ITEM | C33: DESCRIPCIÓN | K33: GRUPO DE AJUSTE | L33: UNIDAD | N33: CANTIDAD
B34: 460.1P | C34: Fresado de pavimento asfaltico | L34: m3 | N34: 13118
B35: I. EQUIPO
B38: DESCRIPCIÓN | G38: MARCA | I38: TIPO | K38: TARIFA/HORA | L38: RENDIMIENTO
B39: FRESADORA DE PAVIMENTO | K39: 400000 | L39: 11.339098 | N39: =+K39/L39 -> 35276.173
B40: BARREDORA MECANICA DE CEPILLO | K40: 80000 | L40: 35 | N40: =+K40/L40 -> 2285.7143
B41: CARGADOR | K41: 160000 | L41: 35 | N41: =+K41/L41 -> 4571.4286
B43: SUBTOTAL $ | N43: =+N39+N40+N41 -> 42133.316
B44: II. MATERIALES
B47: DESCRIPCIÓN | J47: UNIDAD | K47: CANTIDAD | L47: PRECIO UNIT. | N47: Vr. UNITARIO
B50: SUBTOTAL $ | N50: 0
B51: III. TRANSPORTES
B54: MATERIAL | I54: VOL. o PESO | J54: DISTANCIA | K54: M3 o Ton/Km | L54: TARIFA | N54: Vr. UNITARIO
B55: MATERIAL FRESADO | I55: 1.25 | J55: 5 | K55: 6.25 | L55: 1160 | N55: =+K55*L55 -> 7250
B57: SUBTOTAL $ | N57: =+N55 -> 7250
B58: IV. MANO DE OBRA
B61: TRABAJADOR | I61: JORNAL | J61: PRESTACIONES | K61: JORNAL TOTAL | L61: RENDIMIENTO | N61: Vr. UNITARIO
B62: OBREROS (2) | I62: =34631*2 -> 69262 | J62: 1.85 | K62: =I62*J62 -> 128134.7 | L62: 80 | N62: =K62/L62 -> 1601.6838
L63: 0
B66: SUBTOTAL $ | N66: =+N62 -> 1601.6838
B68: TOTAL COSTO DIRECTO $ | N68: =+N43+N50+N57+N66 -> 50985 | O68: 50985
B69: V. COSTOS INDIRECTOS
B72: Descripción | K72: Porcentaje | L72: Valor Total
B73: ADMINISTRACION | K73: 0.2 | L73: =N68*K73 -> 10197
B74: IMPREVISTOS | K74: 0.05 | L74: =N68*K74 -> 2549.25
B75: UTILIDAD | K75: 0.05 | L75: =N68*K75 -> 2549.25
B76: SUBTOTAL $ | N76: =+L73+L74+L75 -> 15295.5
B78: Precio Unitario Total Aproximado al peso $ | N78: =+ROUND(N68+N76,0) -> 66281 | O78: =+'[131]PRESUPUESTO '!J30 -> 48557 | P78: =+N78-O78 -> 17724
G82: Firma
G84: Representante Legal del Contratista o su Apoderado
G85: Matricula No. :
B87: OBSERVACIONES INTERVENTORÍA
B91: APROBACIÓN POR INTERVENTORÍA
B92: Nota 1: Cuando se trate de Análisis de precios unitarios correspondientes a ítems de la propuesta económica aprobada, el Interventor aprueba el desglose de los componentes manteniendo el mismo precio unitario de cada ítem, cumpliendo con las especificaciones de construcción vigentes para el proyecto.
B94: Nota 2: Cuando se trate de Análisis de precios unitarios de ítems no previstos, el Interventor aprueba el desglose y precio unitario de cada ítem no previsto, exigiendo la aplicación de los costos correspondientes a insumos y tarifas de la propuesta económica inicial cuando estén contemplados, cumpliendo con las especificaciones de construcción vigente para el proyecto.
G97: Firma
G99: Representante Legal del Interventor o su Apoderado
G100: Matricula No. :
B101: Original: Archivo de Gestión del Contrato (Subdirección Administrativa).
B102: Copias: Unidad Ejecutora, Contratista, Interventor y Dirección Territorial.

Sheet 466.1
K2: CÓDIGO | L2: MINFRA-MN-IN-10-FR-1
C3: INSTITUTO NACIONAL DE VIAS
C4: DIRECCION OPERATIVA | K4: VERSIÓN | L4: 1
C5: PROCESO GESTIÓN DE LA INFRAESTRUCTURA VIAL
C6: MANUAL DE INTERVENTORÍA OBRA PUBLICA | K6: PÁGINA | L6: 1 | M6: DE | N6: 1
C8: ANALISIS DE PRECIOS UNITARIOS
B11: ITEMS DE LA PROPUESTA ECONÓMICA | H11: ITEMS NO PREVISTOS | L11: (dia) | M11: (mes) | N11: (año)
B13: UNIDAD EJECUTORA: | D13: SUBDIRECCION RED NACIONAL | J13: DIRECCIÓN TERRITORIAL: | K13: CESAR
B19: CONTRATO No. | H19: DE
B21: OBJETO DEL CONTRATO
B24: CARRETERA: | K24: SECTOR:
B26: CONTRATISTA :
B28: INTERVENTOR | J28: CTO No.: | L28: DE
B30: FECHA CIERRE PROCESO DE SELECCIÓN CONTRATO DE OBRA:
G31: (Día) | H31: (Mes) | I31: (Año)
B34: ITEM | C34: DESCRIPCIÓN | K34: GRUPO DE AJUSTE | L34: UNIDAD | N34: CANTIDAD
B35: 466.1 | C35: Sello de grietas en pavimento asfaltico sin ruteo CRR-2M | K35: 8 | L35: M | N35: 1
B36: I. EQUIPO
B39: DESCRIPCIÓN | G39: MARCA | I39: TIPO | K39: TARIFA/HORA | L39: RENDIMIENTO | N39: Vr. UNITARIO
B40: Derretidora de asfalto | K40: 3000 | L40: 60 | N40: =K40/L40 -> 50
B41: Compresor de (barrido y soplado) | K41: 70000 | L41: 60 | N41: =K41/L41 -> 1166.6667
B42: camioneta | K42: 70000 | L42: 60 | N42: =K42/L42 -> 1166.6667
B43: Herramienta menor (5%) | L43: =5% -> 0.05 | N43: =L43*N69 -> 63.603175
B44: SUBTOTAL $ | N44: =SUM(N40:N43) -> 2446.9365
B45: II. MATERIALES
B48: DESCRIPCIÓN | J48: UNIDAD | K48: CANTIDAD | L48: PRECIO UNIT. | N48: Vr. UNITARIO
B49: Emulsión CRR-2M | J49: kg | K49: 0.12 | L49: 1800 | N49: =ROUND((L49*K49),2) -> 216
B54: SUBTOTAL $ | N54: =SUM(N49:N53) -> 216
B55: III. TRANSPORTES
B58: MATERIAL | H58: UNIDAD | I58: CANTIDAD (1) | J58: DISTANCIA (2) | K58: CANTIDAD * DISTANCIA (1) * (2) | L58: TARIFA | N58: Vr. UNITARIO
N60: =SUM(N53) -> 0
B61: SUBTOTAL $
B62: IV. MANO DE OBRA
B65: TRABAJADOR | I65: JORNAL | J65: PRESTACIONES | K65: JORNAL TOTAL | L65: RENDIMIENTO | N65: Vr. UNITARIO
B66: Obreros (2) | I66: =34631*2 -> 69262 | J66: 1.85 | K66: =I66*J66 -> 128134.7 | L66: 188.86801 | N66: =K66/L66 -> 678.43517
B67: oficial (1) | I67: 60604 | J67: 1.85 | K67: =I67*J67 -> 112117.4 | L67: =L66 -> 188.86801 | N67: =K67/L67 -> 593.62833
B69: SUBTOTAL $ | N69: =SUM(N66:N68) -> 1272.0635
B71: TOTAL COSTO DIRECTO $ | N71: =+N69+N61+N54+N44 -> 3935 | O71: 3935
B72: V. COSTOS INDIRECTOS
B75: Descripción | K75: Porcentaje | L75: Valor Total
B76: ADMINISTRACION | K76: 0.2 | L76: =N71*K76 -> 787
B77: IMPREVISTOS | K77: 0.05 | L77: =N71*K77 -> 196.75
B78: UTILIDAD | K78: 0.05 | L78: =N71*K78 -> 196.75
B79: SUBTOTAL $ | N79: =SUM(L76:M78) -> 1180.5
B81: Precio Unitario Total Aproximado al peso $ | N81: =+ROUND(N71+N79,0) -> 5116
G84: Firma
G86: Representante Legal del Contratista o su Apoderado
G87: Matricula No.
B89: OBSERVACIONES INTERVENTORÍA
B93: APROBACIÓN POR INTERVENTORÍA
B94: Nota 1: Cuando se trate de Análisis de precios unitarios correspondientes a ítems de la propuesta económica aprobada, el Interventor aprueba el desglose de los componentes manteniendo el mismo precio unitario de cada ítem, cumpliendo con las especificaciones de construcción vigentes para el proyecto.
G99: Firma
G101: Representante Legal del Interventoria o su Apoderado
G102: Matricula No. :
B103: Original: Archivo de Gestión del Contrato (Subdirección Administrativa).
B104: Copias: Unidad Ejecutora, Contratista, Interventor y Dirección Territorial.

Sheet 1p.
K2: CÓDIGO | L2: MINFRA-MN-IN-10-FR-1
C3: INSTITUTO NACIONAL DE VIAS
C4: DIRECCION OPERATIVA | K4: VERSIÓN | L4: 2
C5: PROCESO GESTIÓN DE LA INFRAESTRUCTURA VIAL
C6: MANUAL DE INTERVENTORÍA OBRA PUBLICA | K6: PÁGINA | L6: 1 | M6: DE | N6: 1
C8: ANALISIS DE PRECIOS UNITARIOS
K10: FECHA | L10: DD | M10: MM | N10: AA
B12: ITEMS DE LA PROPUESTA ECONÓMICA | H12: ITEMS NO PREVISTOS
B14: UNIDAD EJECUTORA: | I14: DIRECCIÓN TERRITORIAL:
B20: CONTRATO No. | G20: DE
B21: OBJETO DEL CONTRATO
B24: CONTRATISTA :
B26: INTERVENTOR
B28: GESTOR TECNICO DE CONTRATO
B30: FECHA CIERRE DE LICITACIÓN Y/O SELECCIÓN ABREVIADA
B33: ITEM | C33: DESCRIPCIÓN | K33: GRUPO DE AJUSTE | L33: UNIDAD | N33: CANTIDAD
B34: 1P | C34: Suministro y aplicación de pintura en frío acrílica pura base agua para líneas de demarcación de pavimentos | L34: m
B35: I. EQUIPO
B38: DESCRIPCIÓN | G38: MARCA | I38: TIPO | K38: TARIFA/HORA | L38: RENDIMIENTO | N38: Vr. UNITARIO
B39: VEHICULO DELINEADOR | K39: 150000 | L39: 1650 | N39: =K39/L39 -> 90.909091
B40: CAMIONETA | K40: 40000 | L40: 1650 | N40: =K40/L40 -> 24.242424
B41: HERRAMIENTA MENOR (10%)
B43: SUBTOTAL $ | N43: =SUM(N39:N42) -> 115.15152
B44: II. MATERIALES
B47: DESCRIPCIÓN | J47: UNIDAD | K47: CANTIDAD | L47: PRECIO UNIT. | N47: Vr. UNITARIO
B48: ESFERAS REFLECTIVAS | J48: KG | K48: 0.047 | L48: 6000 | N48: =+K48*L48 -> 282
B49: PINTURA ACRILICA PURA PARA TRAFICO | J49: GALON | K49: 0.0147 | L49: 87320.395 | N49: =+K49*L49 -> 1283.6098
B50: DISOLVENTE (3%) TINER | J50: GALON | K50: 0.00044 | L50: 35000 | N50: =+K50*L50 -> 15.4
B53: SUBTOTAL $ | N53: =+N48+N49+N50 -> 1581.0098
B54: III. TRANSPORTES
B57: MATERIAL | I57: VOL. o PESO | J57: DISTANCIA | K57: M3 o Ton/Km | L57: TARIFA | N57: Vr. UNITARIO
B61: SUBTOTAL $ | N61: 0
B62: IV. MANO DE OBRA
B65: TRABAJADOR | I65: JORNAL | J65: PRESTACIONES | K65: JORNAL TOTAL | L65: RENDIMIENTO | N65: Vr. UNITARIO
B66: OBREROS (4) | I66: =34631*4 -> 138524 | J66: 1.85 | K66: =I66*J66 -> 256269.4 | L66: 10000 | N66: =K66/L66 -> 25.62694
B67: OFICIAL | I67: 60604 | J67: 1.85 | K67: =I67*J67 -> 112117.4 | L67: 10000 | N67: =K67/L67 -> 11.21174
B70: SUBTOTAL $ | N70: =SUM(N66:N69) -> 36.83868
B72: TOTAL COSTO DIRECTO $ | N72: =+N43+N53+N61+N70 -> 1733 | O72: 1733
B73: V. COSTOS INDIRECTOS
B76: Descripción | K76: Porcentaje | L76: Valor Total
B77: ADMINISTRACION | K77: 0.2 | L77: =N72*K77 -> 346.6
B78: IMPREVISTOS | K78: 0.05 | L78: =N72*K78 -> 86.65
B79: UTILIDAD | K79: 0.05 | L79: =N72*K79 -> 86.65
B80: SUBTOTAL $ | N80: =+L77+L78+L79 -> 519.9
B82: Precio Unitario Total Aproximado al peso $ | N82: =+ROUND(N72+N80,0) -> 2253 | O82: =+'[131]PRESUPUESTO OFICIAL (4)'!J48 -> 1650 | P82: =+N82-O82 -> 603
G86: Firma
G88: Representante Legal del Contratista o su Apoderado
G89: Matricula No. :
B91: OBSERVACIONES INTERVENTORÍA
B95: APROBACIÓN POR INTERVENTORÍA
B96: Nota 1: Cuando se trate de Análisis de precios unitarios correspondientes a ítems de la propuesta económica aprobada, el Interventor aprueba el desglose de los componentes manteniendo el mismo precio unitario de cada ítem, cumpliendo con las especificaciones de construcción vigentes para el proyecto.
B98: Nota 2: Cuando se trate de Análisis de precios unitarios de ítems no previstos, el Interventor aprueba el desglose y precio unitario de cada ítem no previsto, exigiendo la aplicación de los costos correspondientes a insumos y tarifas de la propuesta económica inicial cuando estén contemplados, cumpliendo con las especificaciones de construcción vigente para el proyecto.
G101: Firma
G103: Representante Legal del Interventor o su Apoderado
G104: Matricula No. :
B105: Original: Archivo de Gestión del Contrato (Subdirección Administrativa).
B106: Copias: Unidad Ejecutora, Contratista, Interventor y Dirección Territorial.

Sheet 900.4P
K2: CÓDIGO | L2: MINFRA-MN-IN-10-FR-1
C3: INSTITUTO NACIONAL DE VIAS
C4: DIRECCION OPERATIVA | K4: VERSIÓN | L4: 2
C5: PROCESO GESTIÓN DE LA INFRAESTRUCTURA VIAL
C6: MANUAL DE INTERVENTORÍA OBRA PUBLICA | K6: PÁGINA | L6: 1 | M6: DE | N6: 1
C8: ANALISIS DE PRECIOS UNITARIOS
K10: FECHA | L10: DD | M10: MM | N10: AA
B12: ITEMS DE LA PROPUESTA ECONÓMICA | H12: ITEMS NO PREVISTOS
B14: UNIDAD EJECUTORA: | I14: DIRECCIÓN TERRITORIAL: | J14: CESAR
B20: CONTRATO No. | G20: DE
B21: OBJETO DEL CONTRATO
B24: CONTRATISTA :
B26: INTERVENTOR
B28: GESTOR TECNICO DE CONTRATO
B30: FECHA CIERRE DE LICITACIÓN Y/O SELECCIÓN ABREVIADA
B33: ITEM | C33: DESCRIPCIÓN | K33: GRUPO DE AJUSTE | L33: UNIDAD | N33: CANTIDAD
B34: 900.4P | C34: Transporte de mezclas asfalticas compacto | L34: m3-km | N34: 425080
B35: I. EQUIPO
B38: DESCRIPCIÓN | G38: MARCA | I38: TIPO
B43: SUBTOTAL $ | N43: 0
B44: II. MATERIALES
B47: DESCRIPCIÓN | J47: UNIDAD | K47: CANTIDAD | L47: PRECIO UNIT. | N47: Vr. UNITARIO
B50: SUBTOTAL $ | N50: 0
B51: III. TRANSPORTES
B54: MATERIAL | I54: VOL. o PESO | J54: DISTANCIA | K54: M3 o Ton/Km | L54: TARIFA | N54: Vr. UNITARIO
B55: TRANSPORTE DE MEZCLAS ASFALTICAS | I55: 1.25 | J55: 1 | K55: 1.25 | L55: 1264 | N55: =+K55*L55 -> 1580
B57: SUBTOTAL $ | N57: =+N55 -> 1580
B58: IV. MANO DE OBRA
B61: TRABAJADOR | I61: JORNAL | J61: PRESTACIONES | K61: JORNAL TOTAL | L61: RENDIMIENTO | N61: Vr. UNITARIO
B66: SUBTOTAL $ | N66: 0
B68: TOTAL COSTO DIRECTO $ | N68: =+N43+N50+N57+N66 -> 1580
B69: V. COSTOS INDIRECTOS
B72: Descripción | K72: Porcentaje | L72: Valor Total
B73: ADMINISTRACION | K73: 0.2 | L73: =N68*K73 -> 316
B74: IMPREVISTOS | K74: 0.05 | L74: =N68*K74 -> 79
B75: UTILIDAD | K75: 0.05 | L75: =N68*K75 -> 79
B76: SUBTOTAL $ | N76: =+L73+L74+L75 -> 474
B78: Precio Unitario Total Aproximado al peso $ | N78: =+ROUND(N68+N76,0) -> 2054 | O78: =+'[131]PRESUPUESTO '!J99 -> 1505 | P78: =+N78-O78 -> 549
G82: Firma
G83: JUAN RAMON HERNANDEZ
G84: Representante Legal del Contratista o su Apoderado
G85: Matricula No. : 25202276896 CND
B87: OBSERVACIONES INTERVENTORÍA
B91: APROBACIÓN POR INTERVENTORÍA
B92: Nota 1: Cuando se trate de Análisis de precios unitarios correspondientes a ítems de la propuesta económica aprobada, el Interventor aprueba el desglose de los componentes manteniendo el mismo precio unitario de cada ítem, cumpliendo con las especificaciones de construcción vigentes para el proyecto.
B94: Nota 2: Cuando se trate de Análisis de precios unitarios de ítems no previstos, el Interventor aprueba el desglose y precio unitario de cada ítem no previsto, exigiendo la aplicación de los costos correspondientes a insumos y tarifas de la propuesta económica inicial cuando estén contemplados, cumpliendo con las especificaciones de construcción vigente para el proyecto.
G97: Firma
G98: JULIO CAYETANO
G99: Representante Legal del Interventor o su Apoderado
G100: Matricula No. :
B101: Original: Archivo de Gestión del Contrato (Subdirección Administrativa).
B102: Copias: Unidad Ejecutora, Contratista, Interventor y Dirección Territorial.

Sheet PPTO CONSTRUCCION
C2: INSTITUTO NACIONAL DE VIAS
C3: DIRECCION OPERATIVA
C4: LICITACIÓN PÚBLICA
C5: =+#REF! -> #REF!
C7: PRESUPUESTO OFICIAL
C8: FORMULARIO 1
C11: Nº | D11: ITEM DE PAGO | E11: ESPECIFICACIONES | G11: DESCRIPCION | H11: UND. | I11: CANTIDAD | J11: VALOR UNITARIO | K11: VALOR TOTAL | P11: VALOR TOTAL
E12: GENERAL | F12: PARTICULAR
C13: EXPLANACIONES
C14: 1 | D14: 200.2 | E14: 200-13 | G14: Desmonte y limpieza en zonas no boscosas | H14: Ha | I14: =ROUND(#REF!+#REF!*20/10000,0) -> #REF! | J14: =+#REF! -> #REF! | K14: =I14*J14 -> #REF! | O14: =K14/$K$85 -> #REF! | P14: 8009838
C15: =#REF!+1 -> #REF! | D15: 210.2.1 | E15: 210-13 | G15: Excavación en roca de la explanación y canales | H15: m3 | I15: 22284 | J15: =+#REF! -> #REF! | K15: =I15*J15 -> #REF! | O15: =K15/$K$85 -> #REF! | P15: 9.8735366e+08
C16: =C15+1 -> #REF! | D16: 210.2.2 | E16: 210-13 | G16: Excavaciones en material común de la Explanación y Canales | H16: m3 | I16: =#REF!-22284 -> #REF! | J16: =+#REF! -> #REF! | K16: =I16*J16 -> #REF! | O16: =K16/$K$85 -> #REF! | P16: 1.944171e+09
C17: =#REF!+1 -> #REF! | D17: 220.1 | E17: 220-13 | G17: Terraplenes | H17: m3 | I17: =ROUND(#REF!,0) -> #REF! | J17: =#REF! -> #REF! | K17: =I17*J17 -> #REF! | M17: =#REF!+#REF!+#REF!+#REF!*1.3 -> #REF! | O17: =K17/$K$85 -> #REF! | P17: 1.7191024e+09
C18: =#REF!+1 -> #REF! | D18: 220.1P | F18: 220.1P | G18: Suministro de material suelto seleccionado para corona de Terraplen (No incluye Transporte) | H18: m3 | I18: =ROUND(I17*1.3,0) -> #REF! | J18: =#REF! -> #REF! | K18: =I18*J18 -> #REF!
C19: =C18+1 -> #REF! | D19: 221.1P | F19: 221.1P | G19: Suministro de material suelto para mejoramiento de la subrasante (No incluye Transporte) | H19: m3 | I19: =I20*1.4 -> #REF! | J19: ='221.1P'!$N$81 -> #REF! | K19: =I19*J19 -> #REF!
C20: =#REF!+1 -> #REF! | D20: 230.1P | F20: 230.1P | G20: Mejoramiento de la subrasante con adición de materiales | H20: m3 | I20: =#REF! -> #REF! | J20: =+#REF! -> #REF! | K20: =I20*J20 -> #REF! | M20: =I20/(10000*18) -> #REF! | P20: 37592100
C21: Subtotal | K21: =ROUND(SUM(K14:K20),0) -> #REF! | P21: 6613600751
C22: BASES, SUBBASES Y AFIRMADOS
C23: =#REF!+1 -> #REF! | D23: 320.1P | F23: 320.1P | G23: Subbase tratada con cemento (no incluye suministro de cemento) | H23: m3 | I23: =ROUND(#REF!,0) -> #REF! | J23: =+#REF! -> #REF! | K23: =I23*J23 -> #REF! | M23: =I23/(15000*11.85) -> #REF! | O23: =K23/$K$85 -> #REF! | P23: 9.7986344e+09
C24: =#REF!+1 -> #REF! | D24: 330.1 | E24: 330-13 | G24: Base granular clase A | H24: m3 | J24: =+#REF! -> #REF! | K24: =I24*J24 -> #REF! | M24: =(I24)/(14000*11.8) -> 0 | O24: =K24/$K$85 -> #REF! | P24: 7.2040254e+09
C25: =C24+1 -> #REF! | D25: 330.4 | E25: 330-13 | G25: Base granular para bacheo clase A | H25: m3 | J25: =#REF! -> #REF! | K25: =I25*J25 -> #REF! | O25: =K25/$K$85 -> #REF! | P25: 0
C26: =#REF!+1 -> #REF! | D26: 351,10 | E26: 351-13 | G26: Base tratada con cemento (no incluye suministro de cemento) | H26: m3 | I26: =ROUND(#REF!,0) -> #REF! | J26: =#REF! -> #REF! | K26: =I26*J26 -> #REF! | M26: =I26/(15000*11.8) -> #REF! | O26: =K26/$K$85 -> #REF! | P26: 3.5182809e+08
C27: =C26+1 -> #REF! | D27: 351.12 | E27: 351-13 | G27: Cemento hidráulico para base tratada con cemento | H27: kg | I27: =ROUND(#REF!,0) -> #REF! | J27: =#REF! -> #REF! | K27: =I27*J27 -> #REF! | O27: =K27/$K$85 -> #REF! | P27: 1.5429777e+08
C28: Subtotal | K28: =ROUND(SUM(K23:K27),0) -> #REF! | P28: 17508785668
C29: PAVIMENTOS ASFALTICOS
C30: =#REF!+1 -> #REF! | D30: 420.2 | E30: 420-13 | G30: Riego de imprimación con emulsión asfáltica CRL‐1 | H30: m2 | I30: =ROUND((#REF!+#REF!*1000)*11.5,0) -> #REF! | J30: =+#REF! -> #REF! | K30: =I30*J30 -> #REF! | M30: =14000*10.8 -> 151200 | O30: =K30/$K$85 -> #REF! | P30: 4.5860088e+08
C31: =C30+1 -> #REF! | D31: 421.1 | E31: 421-13 | G31: Riego de liga con emulsión asfáltica CRR-1 | H31: m2 | J31: =#REF! -> #REF! | K31: =I31*J31 -> #REF! | O31: =K31/$K$85 -> #REF! | P31: 2.9743713e+08
C32: =#REF!+1 -> #REF! | D32: 450.1.2P | F32: 450.1.2P | G32: Mezcla densa en caliente Tipo MDC-25 para capa intermedia | H32: m3 | J32: =#REF! -> #REF! | K32: =I32*J32 -> #REF! | O32: =K32/$K$85 -> #REF! | P32: 83724376
C33: =#REF!+1 -> #REF! | D33: 450.2.1P | F33: 450.2.1P | G33: Mezcla densa en caliente Tipo MDC-19 con suministro de cemento asfaltico modificado con polimieros tipo III | H33: m3 | I33: =ROUND(#REF!,0)-1887 -> #REF! | J33: =#REF! -> #REF! | K33: =I33*J33 -> #REF! | M33: =I33/(15000*11.8) -> #REF! | O33: =K33/$K$85 -> #REF! | P33: 1.9644839e+10
C34: =#REF!+1 -> #REF! | D34: 450.9P | F34: 450.9P | G34: Mezcla densa en caliente Tipo MDC-19 para bacheos | H34: m3 | J34: =#REF! -> #REF! | K34: =I34*J34 -> #REF! | P34: 0
C35: =#REF!+1 -> #REF! | D35: 460.1P | F35: 460.1P | G35: Fresado de pavimento asfaltico | H35: m3 | J35: =#REF! -> #REF! | K35: =I35*J35 -> #REF! | P35: 0
C36: =#REF!+1 -> #REF! | D36: 465.1 | E36: 465-13 | G36: Excavación para reparación de pavimento asfáltico existente incluyendo el corte y la remoción de las capas asfálticas y de las subyacentes. | H36: m3 | J36: =#REF! -> #REF! | K36: =I36*J36 -> #REF! | P36: 0
C37: =C36+1 -> #REF! | D37: 466.1 | E37: 466-13 | G37: Sello de grietas en pavimento asfaltico sin ruteo | H37: m | J37: =#REF! -> #REF! | K37: =I37*J37 -> #REF! | P37: 0
C38: =C37+1 -> #REF! | D38: 467.13P | F38: 467.13P | G38: Mezclas asfálticas en caliente con cemento asfáltico modificado con grano de caucho reciclado (GCR) (M-GCR-19) | H38: m3 | I38: 1887 | J38: =#REF! -> #REF! | K38: =I38*J38 -> #REF! | P38: 1922833068
C39: Subtotal | K39: =ROUND(SUM(K30:K38),0) -> #REF! | P39: 22407433995
C40: ESTRUCTURAS Y DRENAJES
C41: =C37+1 -> #REF! | D41: 600.1.1 | E41: 600-13 | G41: Excavaciones varias sin clasificar | H41: m3 | I41: =ROUND(#REF!+#REF!+#REF!,0) -> #REF! | J41: =+#REF! -> #REF! | K41: =I41*J41 -> #REF! | O41: =K41/$K$85 -> #REF! | P41: 1.3180449e+08
C42: =C41+1 -> #REF! | D42: 600.2.1 | E42: 600-13 | G42: Excavaciones varias en roca en seco | H42: m3 | I42: =I41*0.1 -> #REF! | J42: =+#REF! -> #REF! | K42: =I42*J42 -> #REF! | O42: =K42/$K$85 -> #REF! | P42: 0
C43: =#REF!+1 -> #REF! | D43: 600.2.3 | E43: 600-13 | G43: Excavaciones varias en material comun en seco | H43: m3 | I43: =ROUND(#REF!,0) -> #REF! | J43: =+#REF! -> #REF! | K43: =I43*J43 -> #REF! | O43: =K43/$K$85 -> #REF! | P43: 43003517
C44: =#REF!+1 -> #REF! | D44: 610.1 | E44: 610-13 | G44: Rellenos para Estructuras con suelo (producto de la excavaciòn) | H44: m3 | I44: =#REF!+#REF!+#REF!+#REF!+#REF!+#REF! -> #REF! | J44: =#REF! -> #REF! | K44: =I44*J44 -> #REF! | O44: =K44/$K$85 -> #REF! | P44: 1.4067802e+08
C45: =#REF!+1 -> #REF! | D45: 610.3 | E45: 610-13 | G45: Rellenos para estructuras con material granular tipo SBG. | H45: m3 | I45: =(14000/200)*1.5*12*1 -> 1260 | J45: =#REF! -> #REF! | K45: =I45*J45 -> #REF! | M45: =(14000/200) -> 70 | O45: =K45/$K$85 -> #REF! | P45: 230866020
C46: =#REF!+1 -> #REF! | D46: 630.1 | E46: 630-13 | G46: Concreto Clase 35 MPA | H46: m3 | J46: =#REF! -> #REF! | K46: =I46*J46 -> #REF! | O46: =K46/$K$85 -> #REF! | P46: 0
C47: =C46+1 -> #REF! | D47: 630.1.1P | F47: 630.1.1P | G47: Concreto clase 35 MPA, para vigas puentes tipo 1. | H47: m3 | I47: =#REF! -> #REF! | J47: =#REF! -> #REF! | K47: =I47*J47 -> #REF! | O47: =K47/$K$85 -> #REF! | P47: 0
C48: =#REF!+1 -> #REF! | D48: 630.3 | E48: 630-13 | G48: Concreto clase 28 MPA | H48: m3 | J48: =+#REF! -> #REF! | K48: =I48*J48 -> #REF! | O48: =K48/$K$85 -> #REF! | P48: 0
C49: =C48+1 -> #REF! | D49: 630.3.1P | F49: 630.3.1P | G49: Concreto clase 28 MPA para estructuras | H49: m3 | I49: =I51*0.35 -> #REF! | J49: =#REF! -> #REF! | K49: =I49*J49 -> #REF!
C50: =#REF!+1 -> #REF! | D50: 630.3.4P | F50: 630.3.4P | G50: Concreto clase 28 MPA para tablero y anden | H50: m3 | I50: =#REF! -> #REF! | J50: =#REF! -> #REF! | K50: =I50*J50 -> #REF! | O50: =K50/$K$85 -> #REF! | P50: 0
C51: =#REF!+1 -> #REF! | D51: 630.4 | E51: 630-13 | G51: Concreto clase 21MPA | H51: m3 | I51: =(#REF!+#REF!+#REF!+#REF!+#REF!+6500)-1523 -> #REF! | J51: =+#REF! -> #REF! | K51: =I51*J51 -> #REF! | O51: =K51/$K$85 -> #REF! | P51: 4.1532644e+09
C52: =#REF!+1 -> #REF! | D52: 640.1 | E52: 640-13 | G52: Acero de refuerzo Fy=420 Mpa. | H52: kg | I52: =(#REF!+#REF!+#REF!+#REF!+#REF!)*1.3 -> #REF! | J52: =+#REF! -> #REF! | K52: =I52*J52 -> #REF! | O52: =K52/$K$85 -> #REF! | P52: 1.9624099e+09
C53: =#REF!+1 -> #REF! | D53: 641.1 | E53: 641-13 | G53: Acero de Preesfuerzo | H53: Tf-m | I53: 155000 | J53: =#REF! -> #REF! | K53: =I53*J53 -> #REF! | O53: =K53/$K$85 -> #REF! | P53: 0
C54: =#REF!+1 -> #REF! | D54: 661.1 | E54: 661-13 | G54: Tubería de Concreto Reforzado CLASE III, de 900mm de diámetro interior | H54: m | I54: =#REF!+#REF!+745 -> #REF! | J54: =+#REF! -> #REF! | K54: =I54*J54 -> #REF! | M54: =(14000/200)*14 -> 980 | O54: =K54/$K$85 -> #REF! | P54: 5.9396083e+08
C55: =#REF!+1 -> #REF! | D55: 671.1 | E55: 671-13 | G55: Cuneta de concreto vaciada insitu, no incluye la conformacion de la superficie de apoyo | H55: m3 | I55: =(11600+2400)*1.2*0.2 -> 3360 | J55: =+#REF! -> #REF! | K55: =I55*J55 -> #REF! | M55: =#REF! -> #REF! | O55: =K55/$K$85 -> #REF! | P55: 9.5877006e+08
C56: =#REF!+1 -> #REF! | D56: 673.1 | E56: 673-13 | G56: Geotextil Tipo II no tejido | H56: m2 | I56: =#REF!+17000 -> #REF! | J56: =+#REF! -> #REF! | K56: =I56*J56 -> #REF! | M56: =(7000*2.8)-2520 -> 17080 | O56: =K56/$K$85 -> #REF! | P56: 173532800
C57: =#REF!+1 -> #REF! | D57: 673.2 | E57: 673-13 | G57: Material granular drenante | H57: m3 | I57: =#REF!+#REF! -> #REF! | J57: =+#REF! -> #REF! | K57: =I57*J57 -> #REF! | M57: =7000*0.6*1 -> 4200 | O57: =K57/$K$85 -> #REF! | P57: 5.406143e+08
C58: =C57+1 -> #REF! | D58: 673.3 | E58: 673-13 | G58: Material de cobertura tipo SBG | H58: m3 | I58: =7000*0.6*0.3 -> 1260 | J58: =+#REF! -> #REF! | K58: =I58*J58 -> #REF! | O58: =K58/$K$85 -> #REF! | P58: 220642380
C59: =C58+1 -> #REF! | D59: 673.3P | E59: 673-13 | F59: 673.3P | G59: Geodren | H59: m | I59: =#REF!+#REF! -> #REF! | J59: =#REF! -> #REF! | K59: =I59*J59 -> #REF! | O59: =K59/$K$85 -> #REF! | P59: 1.4616869e+09
C60: Subtotal | K60: =ROUND(SUM(K41:K59),0) -> #REF! | P60: 10611233711
C61: SEÑALIZACIÓN Y SEGURIDAD
C62: =#REF!+1 -> #REF! | D62: 1P | E62: Manual de Señalización Vial 2015 | G62: Suministro y aplicación de pintura en frío acrílica pura base agua para líneas de demarcación de pavimentos | H62: m | I62: =(#REF!+#REF!+#REF!)*1000*9 -> #REF! | J62: =+#REF! -> #REF! | K62: =I62*J62 -> #REF! | O62: =K62/$K$85 -> #REF! | P62: 1.4546708e+08
C63: =C62+1 -> #REF! | D63: 2P | E63: Manual de Señalización Vial 2015 | G63: Suministro y aplicación de pintura en frío acrílica pura base agua para marca Vial con pintura en frío | H63: m2 | J63: =+#REF! -> #REF! | K63: =I63*J63 -> #REF! | O63: =K63/$K$85 -> #REF! | P63: 0
C64: =#REF!+1 -> #REF! | D64: 4P | E64: Manual de Señalización Vial 2015 | G64: Suministro e instalación de tachas reflectiva bidireccionales | H64: u | I64: =(#REF!+#REF!+#REF!)*1000/2*3 -> #REF! | J64: =+#REF! -> #REF! | K64: =I64*J64 -> #REF! | O64: =K64/$K$85 -> #REF! | P64: 97011270
C65: =C64+1 -> #REF! | D65: 5P | E65: Manual de Señalización Vial 2015 | G65: Suministro e instalación de señal vertical de transito sp, sr y si (75cm*75cm) con lamina acero galvanizado retroreflectiva | H65: u | I65: =(#REF!+#REF!+#REF!)*1000/50*2 -> #REF! | J65: =+#REF! -> #REF! | K65: =I65*J65 -> #REF! | O65: =K65/$K$85 -> #REF! | P65: 12375200
C66: =C65+1 -> #REF! | D66: 6P | E66: Manual de Señalización Vial 2015 | G66: Suministro e instalación de Señal delineador horizontal con lamina acero galvanizado retroreflectiva 60x 75 cm | H66: u | J66: =+#REF! -> #REF! | K66: =I66*J66 -> #REF! | O66: =K66/$K$85 -> #REF! | P66: 0
C67: =C66+1 -> #REF! | D67: 5P. | E67: Manual de Señalización Vial 2015 | G67: Suministro e instalación de Señal vertical de transito SP,SR y SI (90 cm *90 cm) con lamina acero galvanizado retroreflectiva | H67: u | I67: =(#REF!+#REF!+#REF!)*1000/100*2 -> #REF! | J67: =#REF! -> #REF! | K67: =I67*J67 -> #REF! | O67: =K67/$K$85 -> #REF! | P67: 28730318
C68: =C66+1 -> #REF! | D68: 7P | E68: Manual de Señalización Vial 2015 | G68: Señal vertical de Tránsito Tipo V con lamina retroreflectiva de SI-05 Y SI-06 | H68: m2 | I68: =#REF!+#REF! -> #REF! | J68: =#REF! -> #REF! | K68: =I68*J68 -> #REF! | O68: =K68/$K$85 -> #REF! | P68: 6952256
C69: =#REF!+1 -> #REF! | D69: 720.1 | E69: 720-13 | G69: Poste de referencia | H69: u | I69: =#REF!+#REF! -> #REF! | J69: =+#REF! -> #REF! | K69: =I69*J69 -> #REF! | O69: =K69/$K$85 -> #REF! | P69: 8233485
C70: =C69+1 -> #REF! | D70: 730.1 | E70: 730-13 | G70: Defensa metalica | H70: m | I70: =#REF!+#REF! -> #REF! | J70: =+#REF! -> #REF! | K70: =I70*J70 -> #REF! | O70: =K70/$K$85 -> #REF! | P70: 1391338424
C71: =C70+1 -> #REF! | D71: 730.2 | E71: 730-13 | G71: Sección final | H71: u | I71: =I70/200*2 -> #REF! | J71: =+#REF! -> #REF! | K71: =I71*J71 -> #REF! | O71: =K71/$K$85 -> #REF! | P71: 0
C72: =#REF!+1 -> #REF! | D72: 740.1 | E72: 740-13 | G72: Captafaros | H72: u | I72: =#REF!+#REF! -> #REF! | J72: =+#REF! -> #REF! | K72: =I72*J72 -> #REF! | O72: =K72/$K$85 -> #REF! | P72: 622908
C73: Subtotal | K73: =ROUND(SUM(K62:K72),0) -> #REF! | P73: 1690730943
C74: OBRAS VARIAS
C75: =#REF!+1 -> #REF! | D75: 800.2 | E75: 800-13 | G75: Cerca de Alambre de Púas con postes de concreto | H75: m | I75: =(#REF!+#REF!+#REF!)*1000 -> #REF! | J75: =+#REF! -> #REF! | K75: =I75*J75 -> #REF! | P75: 0
C76: =#REF!+1 -> #REF! | D76: 810.1 | E76: 810-13 | G76: Protección de Taludes con bloques de césped | H76: m2 | I76: =#REF!+#REF!*1000 -> #REF! | J76: =+#REF! -> #REF! | K76: =I76*J76 -> #REF! | P76: 0
C77: =#REF!+1 -> #REF! | D77: 810.2 | E77: 810-13 | G77: Proteccion de taludes con tierra organica | H77: m2 | I77: =(#REF!+#REF!+#REF!)*1000*2*2 -> #REF! | J77: =#REF! -> #REF! | K77: =I77*J77 -> #REF! | M77: =#REF! -> #REF! | P77: 0
C78: =#REF!+1 -> #REF! | D78: 820.1 | G78: Plantación de arboles | H78: u | I78: =#REF!+#REF! -> #REF! | J78: =#REF! -> #REF! | K78: =I78*J78 -> #REF! | P78: 0
C79: Subtotal | K79: =ROUND(SUM(K75:K78),0) -> #REF! | P79: 0
C80: TRANSPORTES | N80: distacias accarreo terraplen
C81: =#REF!+1 -> #REF! | D81: 900.1 | E81: 900-13 | G81: Transporte de materiales provenientes de la excavación de la explanación, canales y préstamos, entre cien metros(100 m) y mil metros(1.000 m) de distancia. | H81: m3-E | I81: =ROUND(#REF!+'CANTIDADES Fase II todo'!BD31*1.3,0) -> #REF! | J81: =+#REF! -> #REF! | K81: =I81*J81 -> #REF! | N81: =(10+16.8+4.5+6.3+7.9)/5 -> 9.1 | P81: 0
C82: =C81+1 -> #REF! | D82: 900.2 | E82: 900-13 | G82: Transporte de materiales provenientes de la excavación de la explanación, canales y préstamos para distancias mayores de mil metros (1000 m), medido a partir de cien metros (100 m) | H82: m3-km | I82: =+((I15+I16)*1.35*10) -> #REF! | J82: =+#REF! -> #REF! | K82: =I82*J82 -> #REF! | M82: =(I17)*30*1.3 -> #REF! | O82: =K82/$K$85 -> #REF! | P82: 7.636943e+09
C83: =C82+1 -> #REF! | D83: 900.2P | F83: 900.2P | G83: Transporte de materiales seleccionados de terraplen y mejoramiento | H83: m3-km | I83: =(I17*9.1*1.35)+(I19*53) -> #REF! | J83: =#REF! -> #REF! | K83: =I83*J83 -> #REF!
C84: Subtotal | K84: =ROUND(SUM(K81:K83),0) -> #REF! | N84: SOBRA | P84: 7636942973
C85: SUBTOTAL OBRAS | K85: =K21+K28+K39+K60+K73+K79+K84 -> #REF! | M85: 105560000000 | N85: =K85-M85 -> #REF! | O85: =K85-M85 -> #REF! | P85: 66468728041
M86: =K85/M90 -> #REF!
G87: PROVISION PARA AJUSTES, OBRAS COMPLEMENTARIAS Y/O ADICIONALES | J87: NO MODIFICAR | K87: =K85*0.15 -> #REF! | P87: 9.9703092e+09
G88: PROVISION PARA JORNADAS DE TRABAJO 24 HORAS DIARIAS 7 DIAS DE LA SEMANA | J88: NO MODIFICAR | K88: =250000000*2 -> 500000000 | P88: 700000000
G89: VALOR BASICO DEL CONTRATO INCLUYE OBRAS COMPLEMENTARIAS Y AJUSTES | K89: =K85+K87+K88 -> #REF! | P89: 7.7139037e+10
G90: VALOR IVA (OBRA) (19% SOBRE UTILIDAD OBRA ) | K90: =ROUND((K89/(1+K104))*K103*0.19,0) -> #REF! | M90: 13.9 | P90: 555167314
G91: SUBTOTAL OBRAS (INCLUYE IVA) | K91: =K89+K90 -> #REF! | P91: 7.7694205e+10
G92: INTERVENCIÓN A LOS ESTUDIOS Y DISEÑOS | K92: =(#REF!*60000000)+(#REF!*40000000) -> #REF! | P92: 1120000000
G93: IVA - INTERVENCIÓN A LOS ESTUDIOS Y DISEÑOS | H93: 0.19 | K93: =ROUND(0.19*K92,0) -> #REF! | P93: 212800000
F94: Especificacion Particular | G94: TOTAL INTERVENCIÓN A LOS ESTUDIOS Y DISEÑOS | K94: =K92+K93 -> #REF! | P94: 1332800000
G95: GESTION SOCIAL Y PREDIAL (Incluye IVA19%) | J95: NO MODIFICAR | K95: 1788004352 | P95: 1.3293746e+09 | Q95: 14
G96: GESTION AMBIENTAL (Incluye PAGA e IVA 19 %) | J96: NO MODIFICAR | K96: =ROUND(K85*0.02,0) -> #REF! | M96: =#REF!*1000000 -> #REF! | P96: 2759000000 | Q96: 5.9368128e+09
G97: VALOR TOTAL | K97: =K91+K94+K95+K96 -> #REF! | M97: 151744000000 | P97: 8.3115379e+10 | Q97: 9.5605478e+10
M98: =M96-K97 -> #REF! | Q98: FALSE
C99: VALOR TOTAL EN LETRAS: | Q99: VALOR CALCULADO OBRA | R99: 125400000000 | S99: =P97-R99 -> -4.2284621e+10
C100: NOTA 1: Teniendo en cuenta el Manual de Señalización Vial - Dispositivos uniformes para la Regulación del Tránsito en Calles, Carreteras y Ciclorrutas de Colombia, adoptado mediante Resolución No. 0001885 del 17 de junio de 2015 del Ministerio de Transporte, se aclara que el aparte de SEÑALIZACIÓN se debe ajustar a todo su contenido, esta señalización debe colocarse desde la órden de iniciación del contrato. | H100: DESCRIPCION | K100: PORCENTAJE | M100: 13.9 | P100: PORCENTAJE | R100: =R99/Q95 -> 8.9571429e+09
C101: NOTA 2:El control de tráfico temporal (controladores de trafico) y la señalización provisional necesarios para la ejecución de las obras será por cuenta y riesgo del contratista. | H101: ADMINISTRACION | J101: A= | K101: 0.22 | M101: =K97/M100 -> #REF! | P101: 0.22
C102: NOTA 3: Se debe tener en cuenta que el PRECIO UNITARIO incluye el valor de A.I.U. | H102: IMPREVISTO (MINIMO 5%) | J102: I= | K102: 0.05 | P102: 0.05
C103: NOTA 4: Si el valor del A.I.U. presentado es menor al NOVENTA por ciento (90%) o mayor al Ciento diez por ciento (110%) del Valor Oficial del Porcentaje de A.I.U., establecido en el formulario No 1 "presupuesto oficial", la propuesta será rechazada | H103: UTILIDAD | J103: U= | K103: 0.05 | M103: =K97+#REF! -> #REF! | P103: 0.05
C104: NOTA 5: Cuando la fracción decimal del peso sea igual o superior a 5 se aproximara por exceso al número entero siguiente del peso y cuando la fracción decimal del peso sea inferior a 5 se aproximará por defecto al número entero del peso. | H104: TOTAL A.I.U | J104: A.I.U.= | K104: 0.32 | P104: 0.32
...

Sheet PRESUPUESTO ACUMULADO
C3: INSTITUTO NACIONAL DE VIAS
C4: DIRECCION OPERATIVA
C5: LICITACIÓN PÚBLICA
C6: =+#REF! -> #REF! | N6: =900*10.8*0.09 -> 874.8
N7: =N6*I65 -> #REF!
C8: PRESUPUESTO OFICIAL
C9: FORMULARIO 1 | M9: =K18+M18+O18+Q18+S18 -> 11.9 | P9: no lo tienen en las cantidades ani | R9: ok | AC9: ok
K10: ok | P10: 76800 | Q10: 77700
C12: Nº | D12: ITEM DE PAGO | E12: ESPECIFICACIONES | G12: DESCRIPCION | H12: UND. | I12: VALOR UNITARIO | J12: CANTIDAD H31N | K12: VALOR TOTAL H31 N | L12: CANTIDAD H32N | M12: VALOR TOTAL H32N | N12: CANTIDAD H34N | O12: VALOR TOTAL H34N | P12: CANTIDAD H35N | Q12: VALOR TOTAL H35N | R12: CANTIDAD H36N | S12: VALOR TOTAL H36N | T12: CANTIDAD ACUMULADO ANI | V12: VALOR TOTAL ANI | W12: CANTIDAD MANTENIMIENTO H18E AL H36E CALCULADAS APROX TRAMOS FALTANTES | X12: VALOR TOTAL MANTENIMIENTO H18E AL H36 E | Y12: CANTIDAD H 34N CALCULADAS APROX | Z12: VALOR TOTAL H34 N CALCULADAS APROX (PR 61+360 AL 63+227) | AA12: CANTIDAD H 35N CALCULADAS APROX | AB12: VALOR TOTAL H35 N CALCULADAS APROX (; PR 76+800 AL 77+700; 83+500 A 84+170; 84240 AL 84+285) | AC12: CANTIDAD ACUMULADO CALCULADAS APROX | AD12: VALOR TOTAL H36 N CALCULADAS APROX (PR 86+420 AL 87+900; PR 90+150 AL 90+715) | AE12: CANTIDAD TOTALCALCULADAS APROX | AF12: VALOR TOTAL CALCULADAS APROX | AG12: CANTIDAD TOTAL | AH12: VALOR TOTAL (ANI + INVIAS) | AI12: CANTIDAD TOTAL H31 N (PR30+537 al 31+896) | AJ12: VALOR TOTAL | AK12: CANTIDAD TOTAL H34 N (PR 66+000 al 66+580) | AL12: VALOR TOTAL | AM12: CANTIDAD TOTAL PROPUESTA INVIAS | AN12: VALOR TOTAL PROPUESTA INVIAS
E13: GENERAL | F13: PARTICULAR
J14: 30537 | K14: 31896 | L14: 40100 | M14: 40429 | N14: 58214 | O14: 61360 | P14: 74553 | Q14: 74575 | R14: 86365 | S14: 86420 | Y14: 61360 | Z14: 61420 | AA14: 76800 | AB14: 77750 | AC14: 86420 | AD14: 87900 | AI14: 30537 | AJ14: 31896 | AK14: 66000 | AL14: 66580
J15: 39200 | K15: 40100 | L15: 46210 | M15: 47053 | N15: 63227 | O15: 65737 | P15: 77700 | Q15: 77750 | R15: 87900 | S15: 88420 | Y15: 61420 | Z15: 63227 | AA15: 83500 | AB15: 84170 | AC15: 90150 | AD15: 90715
L16: 47090 | M16: 48183 | N16: 66000 | O16: 66580 | P16: 84170 | Q16: 84240 | R16: 89820 | S16: 90150 | AA16: 84240 | AB16: 84285
R17: 90715 | S17: 90770 | AI17: DIFERENCIA H31N | AJ17: =ROUND((AJ14-AI14)/1000,1) -> 1.4 | AK17: DIFERENCIA H31N | AL17: =ROUND((AL14-AK14)/1000,1) -> 0.6
C18: EXPLANACIONES | J18: CONSTRUCCION | K18: =ROUND(((K14-J14)+(K15-J15))/1000,1) -> 2.3 | L18: REHABILTAR | M18: =ROUND(((M14-L14)+(M15-L15)+(M16-L16))/1000,1) -> 2.3 | N18: CONSTRUCCION | O18: =ROUND(((O14-N14)+(O15-N15)+(O16-N16))/1000,1) -> 6.2 | P18: CONSTRUCCION | Q18: =ROUND(((Q14-P14)+(Q15-P15)+(Q16-P16))/1000,1) -> 0.1 | R18: CONSTRUCCION | S18: =ROUND(((S14-R14)+(S15-R15)+(S16-R16)+(S17-R17))/1000,1) -> 1 | Y18: CONSTRUCION | Z18: =ROUND(((Z14-Y14)+(Z15-Y15)+(Z16-Y16))/1000,1) -> 1.9 | AA18: CONSTRUCION | AB18: =ROUND(((AB14-AA14)+(AB15-AA15)+(AB16-AA16))/1000,1) -> 1.7 | AC18: CONSTRUCION | AD18: =ROUND(((AD14-AC14)+(AD15-AC15)+(AD16-AC16))/1000,1) -> 2
C19: 1 | D19: 1P | F19: 1P | G19: Localización y replanteo | H19: Ha | I19: =+#REF! -> #REF! | K19: =I19*J19 -> #REF! | M19: =L19*I19 -> #REF! | O19: =N19*I19 -> #REF! | Q19: =I19*P19 -> #REF! | S19: =R19*I19 -> #REF! | T19: =J19+L19+N19+P19+R19 -> 0 | V19: =I19*T19 -> #REF! | X19: =W19*I19 -> #REF! | Z19: =Y19*I19 -> #REF! | AB19: =AA19*I19 -> #REF! | AD19: =I19*AC19 -> #REF! | AE19: =Y19+AA19+AC19+W19 -> 0 | AF19: =AE19*I19 -> #REF! | AG19: =T19+AE19 -> 0 | AH19: =V19+AF19 -> #REF! | AJ19: =AI19*I19 -> #REF! | AL19: =AK19*I19 -> #REF! | AM19: =AG19-AI19-AK19 -> 0 | AN19: =AM19*I19 -> #REF!
C20: =C19+1 -> 2 | D20: 200.1 | E20: 200-13 | G20: Desmonte y limpieza en bosque | H20: Ha | I20: =#REF! -> #REF! | K20: =I20*J20 -> #REF! | M20: =L20*I20 -> #REF! | O20: =N20*I20 -> #REF! | Q20: =I20*P20 -> #REF! | S20: =R20*I20 -> #REF! | T20: =J20+L20+N20+P20+R20 -> 0 | V20: =I20*T20 -> #REF! | X20: =W20*I20 -> #REF! | Z20: =Y20*I20 -> #REF! | AB20: =AA20*I20 -> #REF! | AD20: =I20*AC20 -> #REF! | AE20: =Y20+AA20+AC20+W20 -> 0 | AF20: =AE20*I20 -> #REF! | AG20: =T20+AE20 -> 0 | AH20: =V20+AF20 -> #REF! | AJ20: =AI20*I20 -> #REF! | AL20: =AK20*I20 -> #REF! | AM20: =AG20-AI20-AK20 -> 0 | AN20: =AM20*I20 -> #REF!
C21: =C20+1 -> 3 | D21: 200.2 | E21: 200-13 | G21: Desmonte y limpieza en zonas no boscosas | H21: Ha | I21: =+#REF! -> #REF! | K21: =I21*J21 -> #REF! | M21: =L21*I21 -> #REF! | O21: =N21*I21 -> #REF! | Q21: =I21*P21 -> #REF! | S21: =R21*I21 -> #REF! | T21: =J21+L21+N21+P21+R21 -> 0 | V21: =I21*T21 -> #REF! | X21: =W21*I21 -> #REF! | Y21: =(1867*20)/10000 -> 3.734 | Z21: =Y21*I21 -> #REF! | AA21: =(AB18*1000)/10000 -> 0.17 | AB21: =AA21*I21 -> #REF! | AC21: =(2045*20)/10000 -> 4.09 | AD21: =I21*AC21 -> #REF! | AE21: =Y21+AA21+AC21+W21 -> 7.994 | AF21: =AE21*I21 -> #REF! | AG21: =T21+AE21 -> 7.994 | AH21: =V21+AF21 -> #REF! | AJ21: =AI21*I21 -> #REF! | AL21: =AK21*I21 -> #REF! | AM21: =AG21-AI21-AK21 -> 7.994 | AN21: =AM21*I21 -> #REF!
C22: =C21+1 -> 4 | D22: 201.7 | E22: 201-13 | G22: Demolición de Estructuras | H22: m3 | I22: =+#REF! -> #REF! | K22: =I22*J22 -> #REF! | M22: =L22*I22 -> #REF! | O22: =N22*I22 -> #REF! | Q22: =I22*P22 -> #REF! | S22: =R22*I22 -> #REF! | T22: =J22+L22+N22+P22+R22 -> 0 | V22: =I22*T22 -> #REF! | X22: =W22*I22 -> #REF! | Z22: =Y22*I22 -> #REF! | AB22: =AA22*I22 -> #REF! | AD22: =I22*AC22 -> #REF! | AE22: =Y22+AA22+AC22+W22 -> 0 | AF22: =AE22*I22 -> #REF! | AG22: =T22+AE22 -> 0 | AH22: =V22+AF22 -> #REF! | AJ22: =AI22*I22 -> #REF! | AL22: =AK22*I22 -> #REF! | AM22: =AG22-AI22-AK22 -> 0 | AN22: =AM22*I22 -> #REF!
C23: =C22+1 -> 5 | D23: 201.8 | E23: 201-13 | G23: Demolición de pavimentos rigidos | H23: m2 | I23: =#REF! -> #REF! | K23: =I23*J23 -> #REF! | M23: =L23*I23 -> #REF! | O23: =N23*I23 -> #REF! | Q23: =I23*P23 -> #REF! | S23: =R23*I23 -> #REF! | T23: =J23+L23+N23+P23+R23 -> 0 | V23: =I23*T23 -> #REF! | X23: =W23*I23 -> #REF! | Z23: =Y23*I23 -> #REF! | AB23: =AA23*I23 -> #REF! | AD23: =I23*AC23 -> #REF! | AE23: =Y23+AA23+AC23+W23 -> 0 | AF23: =AE23*I23 -> #REF! | AG23: =T23+AE23 -> 0 | AH23: =V23+AF23 -> #REF! | AJ23: =AI23*I23 -> #REF! | AL23: =AK23*I23 -> #REF! | AM23: =AG23-AI23-AK23 -> 0 | AN23: =AM23*I23 -> #REF!
C24: =C23+1 -> 6 | D24: 201.9 | E24: 201-13 | G24: Demoliciónde pisos y andenes de concreto | H24: m2 | I24: =#REF! -> #REF! | K24: =I24*J24 -> #REF! | M24: =L24*I24 -> #REF! | O24: =N24*I24 -> #REF! | Q24: =I24*P24 -> #REF! | S24: =R24*I24 -> #REF! | T24: =J24+L24+N24+P24+R24 -> 0 | V24: =I24*T24 -> #REF! | X24: =W24*I24 -> #REF! | Z24: =Y24*I24 -> #REF! | AB24: =AA24*I24 -> #REF! | AD24: =I24*AC24 -> #REF! | AE24: =Y24+AA24+AC24+W24 -> 0 | AF24: =AE24*I24 -> #REF! | AG24: =T24+AE24 -> 0 | AH24: =V24+AF24 -> #REF! | AJ24: =AI24*I24 -> #REF! | AL24: =AK24*I24 -> #REF! | AM24: =AG24-AI24-AK24 -> 0 | AN24: =AM24*I24 -> #REF!
C25: =C24+1 -> 7 | D25: 201.10 | E25: 201-13 | G25: Demolición de bordillos de concreto | H25: m | I25: =#REF! -> #REF! | K25: =I25*J25 -> #REF! | M25: =L25*I25 -> #REF! | O25: =N25*I25 -> #REF! | Q25: =I25*P25 -> #REF! | S25: =R25*I25 -> #REF! | T25: =J25+L25+N25+P25+R25 -> 0 | V25: =I25*T25 -> #REF! | X25: =W25*I25 -> #REF! | Z25: =Y25*I25 -> #REF! | AB25: =AA25*I25 -> #REF! | AD25: =I25*AC25 -> #REF! | AE25: =Y25+AA25+AC25+W25 -> 0 | AF25: =AE25*I25 -> #REF! | AG25: =T25+AE25 -> 0 | AH25: =V25+AF25 -> #REF! | AJ25: =AI25*I25 -> #REF! | AL25: =AK25*I25 -> #REF! | AM25: =AG25-AI25-AK25 -> 0 | AN25: =AM25*I25 -> #REF!
C26: =C25+1 -> 8 | D26: 201.15 | E26: 201.13 | G26: Remoción de alcantarillas | H26: m | I26: =+#REF! -> #REF! | K26: =I26*J26 -> #REF! | M26: =L26*I26 -> #REF! | O26: =N26*I26 -> #REF! | Q26: =I26*P26 -> #REF! | S26: =R26*I26 -> #REF! | T26: =J26+L26+N26+P26+R26 -> 0 | V26: =I26*T26 -> #REF! | X26: =W26*I26 -> #REF! | Z26: =Y26*I26 -> #REF! | AB26: =AA26*I26 -> #REF! | AD26: =I26*AC26 -> #REF! | AE26: =Y26+AA26+AC26+W26 -> 0 | AF26: =AE26*I26 -> #REF! | AG26: =T26+AE26 -> 0 | AH26: =V26+AF26 -> #REF! | AJ26: =AI26*I26 -> #REF! | AL26: =AK26*I26 -> #REF! | AM26: =AG26-AI26-AK26 -> 0 | AN26: =AM26*I26 -> #REF!
C27: =C26+1 -> 9 | D27: 201.16 | E27: 201-13 | G27: Remoción de cercas de alambre | H27: m | I27: =+#REF! -> #REF! | K27: =I27*J27 -> #REF! | M27: =L27*I27 -> #REF! | O27: =N27*I27 -> #REF! | Q27: =I27*P27 -> #REF! | S27: =R27*I27 -> #REF! | T27: =J27+L27+N27+P27+R27 -> 0 | V27: =I27*T27 -> #REF! | X27: =W27*I27 -> #REF! | Z27: =Y27*I27 -> #REF! | AB27: =AA27*I27 -> #REF! | AD27: =I27*AC27 -> #REF! | AE27: =Y27+AA27+AC27+W27 -> 0 | AF27: =AE27*I27 -> #REF! | AG27: =T27+AE27 -> 0 | AH27: =V27+AF27 -> #REF! | AJ27: =AI27*I27 -> #REF! | AL27: =AK27*I27 -> #REF! | AM27: =AG27-AI27-AK27 -> 0 | AN27: =AM27*I27 -> #REF!
C28: =C27+1 -> 10 | D28: 201.17 | E28: 201-13 | G28: Traslado de postes | H28: u | I28: =#REF! -> #REF! | K28: =I28*J28 -> #REF! | M28: =L28*I28 -> #REF! | O28: =N28*I28 -> #REF! | Q28: =I28*P28 -> #REF! | S28: =R28*I28 -> #REF! | T28: =J28+L28+N28+P28+R28 -> 0 | V28: =I28*T28 -> #REF! | X28: =W28*I28 -> #REF! | Z28: =Y28*I28 -> #REF! | AB28: =AA28*I28 -> #REF! | AD28: =I28*AC28 -> #REF! | AE28: =Y28+AA28+AC28+W28 -> 0 | AF28: =AE28*I28 -> #REF! | AG28: =T28+AE28 -> 0 | AH28: =V28+AF28 -> #REF! | AJ28: =AI28*I28 -> #REF! | AL28: =AK28*I28 -> #REF! | AM28: =AG28-AI28-AK28 -> 0 | AN28: =AM28*I28 -> #REF!
C29: =C28+1 -> 11 | D29: 210.2.1 | E29: 210-13 | G29: Excavación en roca de la explanación y canales | H29: m3 | I29: =+#REF! -> #REF! | K29: =I29*J29 -> #REF! | M29: =L29*I29 -> #REF! | O29: =N29*I29 -> #REF! | Q29: =I29*P29 -> #REF! | S29: =R29*I29 -> #REF! | T29: =J29+L29+N29+P29+R29 -> 0 | V29: =I29*T29 -> #REF! | X29: =W29*I29 -> #REF! | Y29: =Y30*0.05 -> #REF! | Z29: =Y29*I29 -> #REF! | AA29: =AA30*0.02 -> #REF! | AB29: =AA29*I29 -> #REF! | AC29: =AC30*0.05 -> #REF! | AD29: =I29*AC29 -> #REF! | AE29: =Y29+AA29+AC29+W29 -> #REF! | AF29: =AE29*I29 -> #REF! | AG29: =T29+AE29 -> #REF! | AH29: =V29+AF29 -> #REF! | AJ29: =AI29*I29 -> #REF! | AL29: =AK29*I29 -> #REF! | AM29: =AG29-AI29-AK29 -> #REF! | AN29: =AM29*I29 -> #REF!
C30: =C29+1 -> 12 | D30: 210.2.2 | E30: 210-13 | G30: Excavaciones en material común de la Explanación y Canales | H30: m3 | I30: =+#REF! -> #REF! | J30: =J32 -> 14436.186 | K30: =I30*J30 -> #REF! | L30: =+L32 -> 4843.665 | M30: =L30*I30 -> #REF! | N30: =N32 -> 98891.289 | O30: =N30*I30 -> #REF! | P30: =P32 -> 1520.7839 | Q30: =I30*P30 -> #REF! | R30: =R32 -> 1116.1388 | S30: =R30*I30 -> #REF! | T30: =J30+L30+N30+P30+R30 -> 120808.06 | V30: =I30*T30 -> #REF! | X30: =W30*I30 -> #REF! | Y30: =Y32+#REF! -> #REF! | Z30: =Y30*I30 -> #REF! | AA30: =#REF!+#REF!+#REF!+#REF!+#REF!+AA32 -> #REF! | AB30: =AA30*I30 -> #REF! | AC30: =#REF!+#REF!+AC32 -> #REF! | AD30: =I30*AC30 -> #REF! | AE30: =Y30+AA30+AC30+W30 -> #REF! | AF30: =AE30*I30 -> #REF! | AG30: =T30+AE30 -> #REF! | AH30: =V30+AF30 -> #REF! | AI30: =AI32 -> 11010.69 | AJ30: =AI30*I30 -> #REF! | AL30: =AK30*I30 -> #REF! | AM30: =AG30-AI30-AK30 -> #REF! | AN30: =AM30*I30 -> #REF! | AP30: =11.3*800*0.4 -> 3616
C31: =C30+1 -> 13 | D31: 211.1 | E31: 211-13 | G31: Remoción de Derrumbes | H31: m3 | I31: =+#REF! -> #REF! | K31: =I31*J31 -> #REF! | M31: =L31*I31 -> #REF! | O31: =N31*I31 -> #REF! | Q31: =I31*P31 -> #REF! | S31: =R31*I31 -> #REF! | T31: =J31+L31+N31+P31+R31 -> 0 | V31: =I31*T31 -> #REF! | X31: =W31*I31 -> #REF! | Z31: =Y31*I31 -> #REF! | AB31: =AA31*I31 -> #REF! | AD31: =I31*AC31 -> #REF! | AE31: =Y31+AA31+AC31+W31 -> 0 | AF31: =AE31*I31 -> #REF! | AG31: =T31+AE31 -> 0 | AH31: =V31+AF31 -> #REF! | AJ31: =AI31*I31 -> #REF! | AL31: =AK31*I31 -> #REF! | AM31: =AG31-AI31-AK31 -> 0 | AN31: =AM31*I31 -> #REF!
C32: =C31+1 -> 14 | D32: 220.1 | E32: 220-13 | G32: Terraplenes | H32: m3 | I32: =+#REF! -> #REF! | J32: ='[132]CANTIDADES TOTALIZADAS'!$AF$25+'[132]CANTIDADES TOTALIZADAS'!$AF$26 -> 14436.186 | K32: =I32*J32 -> #REF! | L32: ='[132]CANTIDADES TOTALIZADAS'!$AQ$25+'[132]CANTIDADES TOTALIZADAS'!$AQ$26 -> 4843.665 | M32: =L32*I32 -> #REF! | N32: ='[132]CANTIDADES TOTALIZADAS'!$AU$25+'[132]CANTIDADES TOTALIZADAS'!$AU$26 -> 98891.289 | O32: =N32*I32 -> #REF! | P32: ='[132]CANTIDADES TOTALIZADAS'!$BA$25+'[132]CANTIDADES TOTALIZADAS'!$BA$26 -> 1520.7839 | Q32: =I32*P32 -> #REF! | R32: ='[132]CANTIDADES TOTALIZADAS'!$BI$25+'[132]CANTIDADES TOTALIZADAS'!$BI$26 -> 1116.1388 | S32: =R32*I32 -> #REF! | T32: =J32+L32+N32+P32+R32 -> 120808.06 | U32: ='[132]CANTIDADES TOTALIZADAS'!$BJ$25+'[132]CANTIDADES TOTALIZADAS'!$BJ$26 -> 120808.06 | V32: =I32*T32 -> #REF! | X32: =W32*I32 -> #REF! | Y32: =#REF! -> #REF! | Z32: =Y32*I32 -> #REF! | AA32: =#REF!+#REF!+#REF!+#REF!+#REF! -> #REF! | AB32: =AA32*I32 -> #REF! | AC32: =#REF!+#REF! -> #REF! | AD32: =I32*AC32 -> #REF! | AE32: =Y32+AA32+AC32+W32 -> #REF! | AF32: =AE32*I32 -> #REF! | AG32: =T32+AE32 -> #REF! | AH32: =V32+AF32 -> #REF! | AI32: ='CANTIDADES TOTALIZADAS'!AD25+'CANTIDADES TOTALIZADAS'!AD26 -> 11010.69 | AJ32: =AI32*I32 -> #REF! | AL32: =AK32*I32 -> #REF! | AM32: =AG32-AI32-AK32 -> #REF! | AN32: =AM32*I32 -> #REF! | AP32: =11.3*800*0.4 -> 3616
C33: =C32+1 -> 15 | D33: 221.1 | E33: 221-13 | G33: Pedraplen compacto | H33: m3 | I33: =#REF! -> #REF! | K33: =I33*J33 -> #REF! | M33: =L33*I33 -> #REF! | O33: =N33*I33 -> #REF! | Q33: =I33*P33 -> #REF! | S33: =R33*I33 -> #REF! | T33: =J33+L33+N33+P33+R33 -> 0 | V33: =I33*T33 -> #REF! | X33: =W33*I33 -> #REF! | Z33: =Y33*I33 -> #REF! | AB33: =AA33*I33 -> #REF! | AD33: =I33*AC33 -> #REF! | AE33: =Y33+AA33+AC33+W33 -> 0 | AF33: =AE33*I33 -> #REF! | AG33: =T33+AE33 -> 0 | AH33: =V33+AF33 -> #REF! | AJ33: =AI33*I33 -> #REF! | AL33: =AK33*I33 -> #REF! | AM33: =AG33-AI33-AK33 -> 0 | AN33: =AM33*I33 -> #REF!
C34: =C33+1 -> 16 | D34: 221.1P | F34: 221.1P | G34: Material para Pedraplen | H34: m3 | I34: =#REF! -> #REF! | K34: =I34*J34 -> #REF! | M34: =L34*I34 -> #REF! | O34: =N34*I34 -> #REF! | Q34: =I34*P34 -> #REF! | S34: =R34*I34 -> #REF! | T34: =J34+L34+N34+P34+R34 -> 0 | V34: =I34*T34 -> #REF! | X34: =W34*I34 -> #REF! | Z34: =Y34*I34 -> #REF! | AB34: =AA34*I34 -> #REF! | AD34: =I34*AC34 -> #REF! | AE34: =Y34+AA34+AC34+W34 -> 0 | AF34: =AE34*I34 -> #REF! | AG34: =T34+AE34 -> 0 | AH34: =V34+AF34 -> #REF! | AJ34: =AI34*I34 -> #REF! | AL34: =AK34*I34 -> #REF! | AM34: =AG34-AI34-AK34 -> 0 | AN34: =AM34*I34 -> #REF!
C35: =C34+1 -> 17 | D35: 230.1 | F35: 230.1 | G35: Mejoramiento de la subrasante con adición de materiales | H35: m2 | I35: =+#REF! -> #REF! | K35: =I35*J35 -> #REF! | M35: =L35*I35 -> #REF! | O35: =N35*I35 -> #REF! | Q35: =I35*P35 -> #REF! | S35: =R35*I35 -> #REF! | T35: =J35+L35+N35+P35+R35 -> 0 | V35: =I35*T35 -> #REF! | X35: =W35*I35 -> #REF! | Z35: =Y35*I35 -> #REF! | AB35: =AA35*I35 -> #REF! | AD35: =I35*AC35 -> #REF! | AE35: =Y35+AA35+AC35+W35 -> 0 | AF35: =AE35*I35 -> #REF! | AG35: =T35+AE35 -> 0 | AH35: =V35+AF35 -> #REF! | AJ35: =AI35*I35 -> #REF! | AL35: =AK35*I35 -> #REF! | AM35: =AG35-AI35-AK35 -> 0 | AN35: =AM35*I35 -> #REF!
C36: =C35+1 -> 18 | D36: 230.1P | F36: 230.1P | G36: Mejoramiento de la subrasante con adición de materiales | H36: m3 | I36: =+#REF! -> #REF! | K36: =I36*J36 -> #REF! | M36: =L36*I36 -> #REF! | O36: =N36*I36 -> #REF! | Q36: =I36*P36 -> #REF! | S36: =R36*I36 -> #REF! | T36: =J36+L36+N36+P36+R36 -> 0 | V36: =I36*T36 -> #REF! | X36: =W36*I36 -> #REF! | Y36: =#REF! -> #REF! | Z36: =Y36*I36 -> #REF! | AA36: =#REF!+#REF!+#REF!+#REF!+#REF! -> #REF! | AB36: =AA36*I36 -> #REF! | AC36: =#REF!+#REF! -> #REF! | AD36: =I36*AC36 -> #REF! | AE36: =Y36+AA36+AC36+W36 -> #REF! | AF36: =AE36*I36 -> #REF! | AG36: =T36+AE36 -> #REF! | AH36: =V36+AF36 -> #REF! | AJ36: =AI36*I36 -> #REF! | AL36: =AK36*I36 -> #REF! | AM36: =AG36-AI36-AK36 -> #REF! | AN36: =AM36*I36 -> #REF!
C37: =C36+1 -> 19 | D37: 231.1 | E37: 231-13 | G37: Geotextil para separación de suelos de subrasante y capas granulares | H37: m2 | I37: =+#REF! -> #REF! | K37: =I37*J37 -> #REF! | M37: =L37*I37 -> #REF! | O37: =N37*I37 -> #REF! | Q37: =I37*P37 -> #REF! | S37: =R37*I37 -> #REF! | T37: =J37+L37+N37+P37+R37 -> 0 | V37: =I37*T37 -> #REF! | X37: =W37*I37 -> #REF! | Y37: =1837*24 -> 44088 | Z37: =Y37*I37 -> #REF! | AA37: =1700*24 -> 40800 | AB37: =AA37*I37 -> #REF! | AC37: =2045*24 -> 49080 | AD37: =I37*AC37 -> #REF! | AE37: =Y37+AA37+AC37+W37 -> 133968 | AF37: =AE37*I37 -> #REF! | AG37: =T37+AE37 -> 133968 | AH37: =V37+AF37 -> #REF! | AJ37: =AI37*I37 -> #REF! | AL37: =AK37*I37 -> #REF! | AM37: =AG37-AI37-AK37 -> 133968 | AN37: =AM37*I37 -> #REF!
C38: =C37+1 -> 20 | D38: 232.1 | E38: 232-13 | G38: Geotextil para estabilización de suelos de la subrasante y capas granulares | H38: m2 | I38: =+#REF! -> #REF! | K38: =I38*J38 -> #REF! | M38: =L38*I38 -> #REF! | O38: =N38*I38 -> #REF! | Q38: =I38*P38 -> #REF! | S38: =R38*I38 -> #REF! | T38: =J38+L38+N38+P38+R38 -> 0 | V38: =I38*T38 -> #REF! | X38: =W38*I38 -> #REF! | Z38: =Y38*I38 -> #REF! | AB38: =AA38*I38 -> #REF! | AD38: =I38*AC38 -> #REF! | AE38: =Y38+AA38+AC38+W38 -> 0 | AF38: =AE38*I38 -> #REF! | AG38: =T38+AE38 -> 0 | AH38: =V38+AF38 -> #REF! | AJ38: =AI38*I38 -> #REF! | AL38: =AK38*I38 -> #REF! | AM38: =AG38-AI38-AK38 -> 0 | AN38: =AM38*I38 -> #REF!
C39: =C38+1 -> 21 | D39: 232.1P | F39: 232.1P | G39: Geotextil tipo TR 4000 ó similar para refuerzo de muros en tierra armada | H39: m2 | I39: =#REF! -> #REF! | K39: =I39*J39 -> #REF! | M39: =L39*I39 -> #REF! | O39: =N39*I39 -> #REF! | Q39: =I39*P39 -> #REF! | S39: =R39*I39 -> #REF! | T39: =J39+L39+N39+P39+R39 -> 0 | V39: =I39*T39 -> #REF! | X39: =W39*I39 -> #REF! | Z39: =Y39*I39 -> #REF! | AB39: =AA39*I39 -> #REF! | AD39: =I39*AC39 -> #REF! | AE39: =Y39+AA39+AC39+W39 -> 0 | AF39: =AE39*I39 -> #REF! | AG39: =T39+AE39 -> 0 | AH39: =V39+AF39 -> #REF! | AJ39: =AI39*I39 -> #REF! | AL39: =AK39*I39 -> #REF! | AM39: =AG39-AI39-AK39 -> 0 | AN39: =AM39*I39 -> #REF!
C40: =C39+1 -> 22 | D40: 233.1P | F40: 233.1P | G40: Suministro e instalación geomalla Triax TX 160 o similar | H40: m2 | I40: =#REF! -> #REF! | K40: =I40*J40 -> #REF! | M40: =L40*I40 -> #REF! | O40: =N40*I40 -> #REF! | Q40: =I40*P40 -> #REF! | S40: =R40*I40 -> #REF! | T40: =J40+L40+N40+P40+R40 -> 0 | V40: =I40*T40 -> #REF! | X40: =W40*I40 -> #REF! | Z40: =Y40*I40 -> #REF! | AB40: =AA40*I40 -> #REF! | AD40: =I40*AC40 -> #REF! | AE40: =Y40+AA40+AC40+W40 -> 0 | AF40: =AE40*I40 -> #REF! | AG40: =T40+AE40 -> 0 | AH40: =V40+AF40 -> #REF! | AJ40: =AI40*I40 -> #REF! | AL40: =AK40*I40 -> #REF! | AM40: =AG40-AI40-AK40 -> 0 | AN40: =AM40*I40 -> #REF!
C41: =C40+1 -> 23 | D41: 233.2P | F41: 233.2P | G41: Suministro e instalación geomalla Uniaxial UX 100 o similar | H41: m2 | I41: =#REF! -> #REF! | K41: =I41*J41 -> #REF! | M41: =L41*I41 -> #REF! | O41: =N41*I41 -> #REF! | Q41: =I41*P41 -> #REF! | S41: =R41*I41 -> #REF! | T41: =J41+L41+N41+P41+R41 -> 0 | V41: =I41*T41 -> #REF! | X41: =W41*I41 -> #REF! | Z41: =Y41*I41 -> #REF! | AB41: =AA41*I41 -> #REF! | AD41: =I41*AC41 -> #REF! | AE41: =Y41+AA41+AC41+W41 -> 0 | AF41: =AE41*I41 -> #REF! | AG41: =T41+AE41 -> 0 | AH41: =V41+AF41 -> #REF! | AJ41: =AI41*I41 -> #REF! | AL41: =AK41*I41 -> #REF! | AM41: =AG41-AI41-AK41 -> 0 | AN41: =AM41*I41 -> #REF!
C42: =C41+1 -> 24 | D42: 2P | F42: 2P | G42: Conformación de sitios de disposicion de sobrantes | H42: m3 | I42: =+#REF! -> #REF! | K42: =I42*J42 -> #REF! | M42: =L42*I42 -> #REF! | O42: =N42*I42 -> #REF! | Q42: =I42*P42 -> #REF! | S42: =R42*I42 -> #REF! | T42: =J42+L42+N42+P42+R42 -> 0 | V42: =I42*T42 -> #REF! | X42: =W42*I42 -> #REF! | Z42: =Y42*I42 -> #REF! | AB42: =AA42*I42 -> #REF! | AD42: =I42*AC42 -> #REF! | AE42: =Y42+AA42+AC42+W42 -> 0 | AF42: =AE42*I42 -> #REF! | AG42: =T42+AE42 -> 0 | AH42: =V42+AF42 -> #REF! | AJ42: =AI42*I42 -> #REF! | AL42: =AK42*I42 -> #REF! | AM42: =AG42-AI42-AK42 -> 0 | AN42: =AM42*I42 -> #REF!
C43: =C42+1 -> 25 | D43: 3P | F43: 3P | G43: Suministro e instalacion de bolsacretos | H43: m3 | I43: =#REF! -> #REF! | K43: =I43*J43 -> #REF! | M43: =L43*I43 -> #REF! | O43: =N43*I43 -> #REF! | Q43: =I43*P43 -> #REF! | S43: =R43*I43 -> #REF! | T43: =J43+L43+N43+P43+R43 -> 0 | V43: =I43*T43 -> #REF! | X43: =W43*I43 -> #REF! | Z43: =Y43*I43 -> #REF! | AB43: =AA43*I43 -> #REF! | AD43: =I43*AC43 -> #REF! | AE43: =Y43+AA43+AC43+W43 -> 0 | AF43: =AE43*I43 -> #REF! | AG43: =T43+AE43 -> 0 | AH43: =V43+AF43 -> #REF! | AJ43: =AI43*I43 -> #REF! | AL43: =AK43*I43 -> #REF! | AM43: =AG43-AI43-AK43 -> 0 | AN43: =AM43*I43 -> #REF!
C44: Subtotal | K44: =ROUND(SUM(K19:K43),0) -> #REF! | M44: =ROUND(SUM(M19:M43),0) -> #REF! | O44: =ROUND(SUM(O19:O43),0) -> #REF! | Q44: =ROUND(SUM(Q19:Q43),0) -> #REF! | S44: =ROUND(SUM(S19:S43),0) -> #REF! | V44: =ROUND(SUM(V19:V43),0) -> #REF! | X44: =ROUND(SUM(X19:X43),0) -> #REF! | Z44: =ROUND(SUM(Z19:Z43),0) -> #REF! | AB44: =ROUND(SUM(AB19:AB43),0) -> #REF! | AD44: =ROUND(SUM(AD19:AD43),0) -> #REF! | AF44: =ROUND(SUM(AF19:AF43),0) -> #REF! | AH44: =ROUND(SUM(AH19:AH43),0) -> #REF! | AJ44: =ROUND(SUM(AJ19:AJ43),0) -> #REF! | AL44: =ROUND(SUM(AL19:AL43),0) -> #REF! | AN44: =ROUND(SUM(AN19:AN43),0) -> #REF!
C45: BASES, SUBBASES Y AFIRMADOS
C46: =C43+1 -> 26 | D46: 310.1 | E46: 310-13 | G46: Conformación de la calzada existente | H46: m2 | I46: =+#REF! -> #REF! | K46: =I46*J46 -> #REF! | M46: =L46*I46 -> #REF! | O46: =N46*I46 -> #REF! | Q46: =I46*P46 -> #REF! | S46: =R46*I46 -> #REF! | T46: =J46+L46+N46+P46+R46 -> 0 | V46: =I46*T46 -> #REF! | X46: =W46*I46 -> #REF! | Z46: =Y46*I46 -> #REF! | AB46: =AA46*I46 -> #REF! | AD46: =I46*AC46 -> #REF! | AE46: =Y46+AA46+AC46+W46 -> 0 | AF46: =AE46*I46 -> #REF! | AG46: =T46+AE46 -> 0 | AH46: =V46+AF46 -> #REF! | AJ46: =AI46*I46 -> #REF! | AL46: =AK46*I46 -> #REF! | AM46: =AG46-AI46-AK46 -> 0 | AN46: =AM46*I46 -> #REF!
C47: =C46+1 -> 27 | D47: 311.1 | E47: 311-13 | G47: Afirmado | H47: m3 | I47: =#REF! -> #REF! | K47: =I47*J47 -> #REF! | M47: =L47*I47 -> #REF! | O47: =N47*I47 -> #REF! | Q47: =I47*P47 -> #REF! | S47: =R47*I47 -> #REF! | T47: =J47+L47+N47+P47+R47 -> 0 | V47: =I47*T47 -> #REF! | X47: =W47*I47 -> #REF! | Z47: =Y47*I47 -> #REF! | AB47: =AA47*I47 -> #REF! | AD47: =I47*AC47 -> #REF! | AE47: =Y47+AA47+AC47+W47 -> 0 | AF47: =AE47*I47 -> #REF! | AG47: =T47+AE47 -> 0 | AH47: =V47+AF47 -> #REF! | AJ47: =AI47*I47 -> #REF! | AL47: =AK47*I47 -> #REF! | AM47: =AG47-AI47-AK47 -> 0 | AN47: =AM47*I47 -> #REF!
C48: =C47+1 -> 28 | D48: 320.1 | E48: 320-13 | G48: Subbase Granular clase A | H48: m3 | I48: =+#REF! -> #REF! | K48: =I48*J48 -> #REF! | M48: =L48*I48 -> #REF! | O48: =N48*I48 -> #REF! | Q48: =I48*P48 -> #REF! | S48: =R48*I48 -> #REF! | T48: =J48+L48+N48+P48+R48 -> 0 | U48: ='[132]CANTIDADES TOTALIZADAS'!$BJ$83 -> 1493.844 | V48: =I48*T48 -> #REF! | X48: =W48*I48 -> #REF! | Z48: =Y48*I48 -> #REF! | AB48: =AA48*I48 -> #REF! | AD48: =I48*AC48 -> #REF! | AE48: =Y48+AA48+AC48+W48 -> 0 | AF48: =AE48*I48 -> #REF! | AG48: =T48+AE48 -> 0 | AH48: =V48+AF48 -> #REF! | AJ48: =AI48*I48 -> #REF! | AL48: =AK48*I48 -> #REF! | AM48: =AG48-AI48-AK48 -> 0 | AN48: =AM48*I48 -> #REF!
C49: =C47+1 -> 28 | D49: 320.1P | G49: Subbase Granular estabilizada con cemento, (no incluye suministro del cemento) | H49: m3 | I49: =#REF! -> #REF! | K49: =I49*J49 -> #REF! | L49: ='[132]CANTIDADES TOTALIZADAS'!$AQ$83 -> 768.834 | M49: =L49*I49 -> #REF! | N49: ='[132]CANTIDADES TOTALIZADAS'!$AU$83 -> 413.71 | O49: =N49*I49 -> #REF! | Q49: =I49*P49 -> #REF! | R49: ='[132]CANTIDADES TOTALIZADAS'!$BI$83 -> 311.3 | S49: =R49*I49 -> #REF! | T49: =J49+L49+N49+P49+R49 -> 1493.844 | U49: ='[132]CANTIDADES TOTALIZADAS'!$BJ$85 -> 33252.881 | V49: =I49*T49 -> #REF! | X49: =W49*I49 -> #REF! | Y49: =#REF!+#REF! -> #REF! | Z49: =Y49*I49 -> #REF! | AA49: =#REF!+#REF!+#REF!+#REF!+#REF! -> #REF! | AB49: =AA49*I49 -> #REF! | AC49: =#REF!+#REF! -> #REF! | AD49: =I49*AC49 -> #REF! | AE49: =Y49+AA49+AC49+W49 -> #REF! | AF49: =AE49*I49 -> #REF! | AG49: =T49+AE49 -> #REF! | AH49: =V49+AF49 -> #REF! | AJ49: =AI49*I49 -> #REF! | AL49: =AK49*I49 -> #REF! | AM49: =AG49-AI49-AK49 -> #REF! | AN49: =AM49*I49 -> #REF! | AP49: =(7.3+2.5+1)*1000*0.3 -> 3240 | AQ49: LAS CANTIDADES DE REPARACION
C50: =C48+1 -> 29 | D50: 330.1 | E50: 330-13 | G50: Base granular clase A | H50: m3 | I50: =+#REF! -> #REF! | K50: =I50*J50 -> #REF! | L50: ='[132]CANTIDADES TOTALIZADAS'!$AQ$84 -> 698.94 | M50: =L50*I50 -> #REF! | N50: ='[132]CANTIDADES TOTALIZADAS'!$AU$84 -> 376.1 | O50: =N50*I50 -> #REF! | Q50: =I50*P50 -> #REF! | R50: ='[132]CANTIDADES TOTALIZADAS'!$BI$84 -> 283 | S50: =R50*I50 -> #REF! | T50: =J50+L50+N50+P50+R50 -> 1358.04 | U50: ='[132]CANTIDADES TOTALIZADAS'!$BJ$84 -> 1358.04 | V50: =I50*T50 -> #REF! | W50: =(175200*0.2*7.3)*0.1 -> 25579.2 | X50: =W50*I50 -> #REF! | Z50: =Y50*I50 -> #REF! | AB50: =AA50*I50 -> #REF! | AD50: =I50*AC50 -> #REF! | AE50: =Y50+AA50+AC50+W50 -> 25579.2 | AF50: =AE50*I50 -> #REF! | AG50: =T50+AE50 -> 26937.24 | AH50: =V50+AF50 -> #REF! | AJ50: =AI50*I50 -> #REF! | AL50: =AK50*I50 -> #REF! | AM50: =AG50-AI50-AK50 -> 26937.24 | AN50: =AM50*I50 -> #REF!
C51: =C50+1 -> 30 | D51: 330.4 | E51: 330-13 | G51: Base granular para bacheo clase A | H51: m3 | I51: =#REF! -> #REF! | K51: =I51*J51 -> #REF! | M51: =L51*I51 -> #REF! | O51: =N51*I51 -> #REF! | Q51: =I51*P51 -> #REF! | S51: =R51*I51 -> #REF! | T51: =J51+L51+N51+P51+R51 -> 0 | V51: =I51*T51 -> #REF! | X51: =W51*I51 -> #REF! | Z51: =Y51*I51 -> #REF! | AB51: =AA51*I51 -> #REF! | AD51: =I51*AC51 -> #REF! | AE51: =Y51+AA51+AC51+W51 -> 0 | AF51: =AE51*I51 -> #REF! | AG51: =T51+AE51 -> 0 | AH51: =V51+AF51 -> #REF! | AJ51: =AI51*I51 -> #REF! | AL51: =AK51*I51 -> #REF! | AM51: =AG51-AI51-AK51 -> 0 | AN51: =AM51*I51 -> #REF!
C52: =C51+1 -> 31 | D52: 340.1 | E52: 340-13 | G52: Base estabilizada con emulsión tipo BEE-38 | H52: m3 | I52: =#REF! -> #REF! | K52: =I52*J52 -> #REF! | M52: =L52*I52 -> #REF! | O52: =N52*I52 -> #REF! | Q52: =I52*P52 -> #REF! | S52: =R52*I52 -> #REF! | T52: =J52+L52+N52+P52+R52 -> 0 | V52: =I52*T52 -> #REF! | X52: =W52*I52 -> #REF! | Z52: =Y52*I52 -> #REF! | AB52: =AA52*I52 -> #REF! | AD52: =I52*AC52 -> #REF! | AE52: =Y52+AA52+AC52+W52 -> 0 | AF52: =AE52*I52 -> #REF! | AG52: =T52+AE52 -> 0 | AH52: =V52+AF52 -> #REF! | AJ52: =AI52*I52 -> #REF! | AL52: =AK52*I52 -> #REF! | AM52: =AG52-AI52-AK52 -> 0 | AN52: =AM52*I52 -> #REF!
C53: =C51+1 -> 31 | D53: 341,1P | G53: Base estabilizada con cemento, (no incluye suministro del cemento) | H53: m3 | I53: =#REF! -> #REF! | J53: ='[132]CANTIDADES TOTALIZADAS'!$AF$85 -> 8009.5104 | K53: =I53*J53 -> #REF! | L53: ='[132]CANTIDADES TOTALIZADAS'!$AQ$85 -> 1698.3424 | M53: =L53*I53 -> #REF! | N53: ='[132]CANTIDADES TOTALIZADAS'!$AU$85 -> 20081.073 | O53: =N53*I53 -> #REF! | P53: ='[132]CANTIDADES TOTALIZADAS'!$BA$85 -> 485.7472 | Q53: =I53*P53 -> #REF! | R53: ='[132]CANTIDADES TOTALIZADAS'!$BI$85 -> 2978.208 | S53: =R53*I53 -> #REF! | T53: =J53+L53+N53+P53+R53 -> 33252.881 | U53: ='[132]CANTIDADES TOTALIZADAS'!$BJ$85 -> 33252.881 | V53: =I53*T53 -> #REF! | X53: =W53*I53 -> #REF! | Y53: =#REF!+#REF! -> #REF! | Z53: =Y53*I53 -> #REF! | AA53: =#REF!+#REF!+#REF!+#REF!+#REF! -> #REF! | AB53: =AA53*I53 -> #REF! | AC53: =#REF!+#REF! -> #REF! | AD53: =I53*AC53 -> #REF! | AE53: =Y53+AA53+AC53+W53 -> #REF! | AF53: =AE53*I53 -> #REF! | AG53: =T53+AE53 -> #REF! | AH53: =V53+AF53 -> #REF! | AI53: ='CANTIDADES TOTALIZADAS'!AD85 -> 4818.4704 | AJ53: =AI53*I53 -> #REF! | AL53: =AK53*I53 -> #REF! | AM53: =AG53-AI53-AK53 -> #REF! | AN53: =AM53*I53 -> #REF! | AP53: =(7.3+2.5+1)*1000*0.3 -> 3240 | AQ53: LAS CANTIDADES DE REPARACION
C54: =C52+1 -> 32 | D54: 351.1 | E54: 351-13 | G54: Base tratada con cemento, resistencia R3.5 (incluye suministro del cemento) | H54: m3 | I54: =#REF! -> #REF! | K54: =I54*J54 -> #REF! | M54: =L54*I54 -> #REF! | O54: =N54*I54 -> #REF! | Q54: =I54*P54 -> #REF! | S54: =R54*I54 -> #REF! | T54: =J54+L54+N54+P54+R54 -> 0 | V54: =I54*T54 -> #REF! | X54: =W54*I54 -> #REF! | Z54: =Y54*I54 -> #REF! | AB54: =AA54*I54 -> #REF! | AD54: =I54*AC54 -> #REF! | AE54: =Y54+AA54+AC54+W54 -> 0 | AF54: =AE54*I54 -> #REF! | AG54: =T54+AE54 -> 0 | AH54: =V54+AF54 -> #REF! | AJ54: =AI54*I54 -> #REF! | AL54: =AK54*I54 -> #REF! | AM54: =AG54-AI54-AK54 -> 0 | AN54: =AM54*I54 -> #REF!
C55: =C52+1 -> 32 | D55: 351.1P | F55: 351.1P | G55: Base estabilizada con cemento, 70 % material fresado de la via + 20% agregado petreo (3/4) + 10% arena lavada+ 4% cemento | H55: m3 | I55: =#REF! -> #REF! | K55: =I55*J55 -> #REF! | M55: =L55*I55 -> #REF! | O55: =N55*I55 -> #REF! | Q55: =I55*P55 -> #REF! | S55: =R55*I55 -> #REF! | T55: =J55+L55+N55+P55+R55 -> 0 | V55: =I55*T55 -> #REF! | X55: =W55*I55 -> #REF! | Z55: =Y55*I55 -> #REF! | AB55: =AA55*I55 -> #REF! | AD55: =I55*AC55 -> #REF! | AE55: =Y55+AA55+AC55+W55 -> 0 | AF55: =AE55*I55 -> #REF! | AG55: =T55+AE55 -> 0 | AH55: =V55+AF55 -> #REF! | AJ55: =AI55*I55 -> #REF! | AL55: =AK55*I55 -> #REF! | AM55: =AG55-AI55-AK55 -> 0 | AN55: =AM55*I55 -> #REF!
C56: =C55+1 -> 33 | D56: 351.2P | F56: 351.2P | G56: Base estabilizada con cemento, 45 % material demolición de placas, 20% material seleccionado de excavación + 4% de cemento | H56: m3 | I56: =#REF! -> #REF! | K56: =I56*J56 -> #REF! | M56: =L56*I56 -> #REF! | O56: =N56*I56 -> #REF! | Q56: =I56*P56 -> #REF! | S56: =R56*I56 -> #REF! | T56: =J56+L56+N56+P56+R56 -> 0 | V56: =I56*T56 -> #REF! | X56: =W56*I56 -> #REF! | Z56: =Y56*I56 -> #REF! | AB56: =AA56*I56 -> #REF! | AD56: =I56*AC56 -> #REF! | AE56: =Y56+AA56+AC56+W56 -> 0 | AF56: =AE56*I56 -> #REF! | AG56: =T56+AE56 -> 0 | AH56: =V56+AF56 -> #REF! | AJ56: =AI56*I56 -> #REF! | AL56: =AK56*I56 -> #REF! | AM56: =AG56-AI56-AK56 -> 0 | AN56: =AM56*I56 -> #REF!
C57: Subtotal | K57: =ROUND(SUM(K46:K56),0) -> #REF! | M57: =ROUND(SUM(M46:M56),0) -> #REF! | O57: =ROUND(SUM(O46:O56),0) -> #REF! | Q57: =ROUND(SUM(Q46:Q56),0) -> #REF! | S57: =ROUND(SUM(S46:S56),0) -> #REF! | V57: =ROUND(SUM(V46:V56),0) -> #REF! | X57: =ROUND(SUM(X46:X56),0) -> #REF! | Z57: =ROUND(SUM(Z46:Z56),0) -> #REF! | AB57: =ROUND(SUM(AB46:AB56),0) -> #REF! | AD57: =ROUND(SUM(AD46:AD56),0) -> #REF! | AF57: =ROUND(SUM(AF46:AF56),0) -> #REF! | AH57: =ROUND(SUM(AH46:AH56),0) -> #REF! | AJ57: =ROUND(SUM(AJ46:AJ56),0) -> #REF! | AL57: =ROUND(SUM(AL46:AL56),0) -> #REF! | AN57: =ROUND(SUM(AN46:AN56),0) -> #REF!
C58: PAVIMENTOS ASFALTICOS
C59: =C56+1 -> 34 | D59: 411.2 | E59: 411-13 | G59: Emulsión asfáltica de rotura lenta CRL-1 ARD | H59: Lt | I59: =#REF! -> #REF! | K59: =I59*J59 -> #REF! | M59: =L59*I59 -> #REF! | O59: =N59*I59 -> #REF! | Q59: =I59*P59 -> #REF! | S59: =R59*I59 -> #REF! | T59: =J59+L59+N59+P59+R59 -> 0 | V59: =I59*T59 -> #REF! | X59: =W59*I59 -> #REF! | Z59: =Y59*K59 -> #REF! | AB59: =AA59*I59 -> #REF! | AD59: =I59*AC59 -> #REF! | AE59: =Y59+AA59+AC59+W59 -> 0 | AF59: =AE59*I59 -> #REF! | AG59: =T59+AE59 -> 0 | AH59: =V59+AF59 -> #REF! | AJ59: =AI59*I59 -> #REF! | AL59: =AK59*I59 -> #REF! | AM59: =AG59-AI59-AK59 -> 0 | AN59: =AM59*I59 -> #REF!
C60: =C59+1 -> 35 | D60: 420.2 | E60: 420-13 | G60: Riego de imprimación con emulsión asfáltica CRL‐1 | H60: m2 | I60: =+#REF! -> #REF! | J60: ='[132]CANTIDADES TOTALIZADAS'!$AF$88 -> 24442.38 | K60: =I60*J60 -> #REF! | L60: ='[132]CANTIDADES TOTALIZADAS'!$AQ$88 -> 15732.28 | M60: =L60*I60 -> #REF! | N60: ='[132]CANTIDADES TOTALIZADAS'!$AU$88 -> 61280.801 | O60: =N60*I60 -> #REF! | P60: ='[132]CANTIDADES TOTALIZADAS'!$BA$88 -> 1536.44 | Q60: =I60*P60 -> #REF! | R60: ='[132]CANTIDADES TOTALIZADAS'!$BI$88 -> 10387.2 | S60: =R60*I60 -> #REF! | T60: =J60+L60+N60+P60+R60 -> 113379.1 | U60: ='[132]CANTIDADES TOTALIZADAS'!$BJ$88 -> 113379.1 | V60: =I60*T60 -> #REF! | W60: =(175200*7.3)*0.3 -> 383688 | X60: =W60*I60 -> #REF! | Y60: =#REF!+#REF! -> #REF! | Z60: =Y60*I60 -> #REF! | AA60: =#REF!+#REF!+#REF!+#REF!+#REF! -> #REF! | AB60: =AA60*I60 -> #REF! | AC60: =#REF!+#REF! -> #REF! | AD60: =I60*AC60 -> #REF! | AE60: =Y60+AA60+AC60+W60 -> #REF! | AF60: =AE60*I60 -> #REF! | AG60: =T60+AE60 -> #REF! | AH60: =V60+AF60 -> #REF! | AI60: ='CANTIDADES TOTALIZADAS'!AD88 -> 14704.38 | AJ60: =AI60*I60 -> #REF! | AL60: =AK60*I60 -> #REF! | AM60: =AG60-AI60-AK60 -> #REF! | AN60: =AM60*I60 -> #REF!
C61: =C60+1 -> 36 | D61: 421.1 | E61: 421-13 | G61: Riego de liga con emulsión asfáltica CRR-1 | H61: m2 | I61: =#REF! -> #REF! | J61: ='[132]CANTIDADES TOTALIZADAS'!$AF$90 -> 24442.38 | K61: =I61*J61 -> #REF! | L61: ='[132]CANTIDADES TOTALIZADAS'!$AQ$90 -> 19226.98 | M61: =L61*I61 -> #REF! | N61: ='[132]CANTIDADES TOTALIZADAS'!$AU$90 -> 63161.301 | O61: =N61*I61 -> #REF! | P61: ='[132]CANTIDADES TOTALIZADAS'!$BA$90 -> 3250.92 | Q61: =I61*P61 -> #REF! | R61: ='[132]CANTIDADES TOTALIZADAS'!$BI$90 -> 11802.2 | S61: =R61*I61 -> #REF! | T61: =J61+L61+N61+P61+R61 -> 121883.78 | U61: ='[132]CANTIDADES TOTALIZADAS'!$BJ$90 -> 121883.78 | V61: =I61*T61 -> #REF! | W61: =W60 -> 383688 | X61: =W61*I61 -> #REF! | Y61: =#REF!+#REF! -> #REF! | Z61: =Y61*I61 -> #REF! | AA61: =AA60 -> #REF! | AB61: =AA61*I61 -> #REF! | AC61: =#REF!+#REF! -> #REF! | AD61: =I61*AC61 -> #REF! | AE61: =Y61+AA61+AC61+W61 -> #REF! | AF61: =AE61*I61 -> #REF! | AG61: =T61+AE61 -> #REF! | AH61: =V61+AF61 -> #REF! | AI61: ='CANTIDADES TOTALIZADAS'!AD90 -> 14704.38 | AJ61: =AI61*I61 -> #REF! | AL61: =AK61*I61 -> #REF! | AM61: =AG61-AI61-AK61 -> #REF! | AN61: =AM61*I61 -> #REF! | AP61: =(7.3+2.5+1)*900 -> 9720
C62: =C61+1 -> 37 | D62: 440.2P | F62: 440.2P | G62: Mezcla densa en frioTipo MDF-25 | H62: m3 | I62: =#REF! -> #REF! | K62: =I62*J62 -> #REF! | M62: =L62*I62 -> #REF! | O62: =N62*I62 -> #REF! | Q62: =I62*P62 -> #REF! | S62: =R62*I62 -> #REF! | T62: =J62+L62+N62+P62+R62 -> 0 | V62: =I62*T62 -> #REF! | X62: =W62*I62 -> #REF! | Z62: =Y62*I62 -> #REF! | AB62: =AA62*I62 -> #REF! | AD62: =I62*AC62 -> #REF! | AE62: =Y62+AA62+AC62+W62 -> 0 | AF62: =AE62*I62 -> #REF! | AG62: =T62+AE62 -> 0 | AH62: =V62+AF62 -> #REF! | AJ62: =AI62*I62 -> #REF! | AL62: =AK62*I62 -> #REF! | AM62: =AG62-AI62-AK62 -> 0 | AN62: =AM62*I62 -> #REF!
C63: =C62+1 -> 38 | D63: 450.1.2P | F63: 450.1.2P | G63: Mezcla densa en caliente Tipo MDC-25 para capa intermedia | H63: m3 | I63: =#REF! -> #REF! | K63: =I63*J63 -> #REF! | M63: =L63*I63 -> #REF! | O63: =N63*I63 -> #REF! | Q63: =I63*P63 -> #REF! | S63: =R63*I63 -> #REF! | T63: =J63+L63+N63+P63+R63 -> 0 | V63: =I63*T63 -> #REF! | X63: =W63*I63 -> #REF! | Z63: =Y63*I63 -> #REF! | AB63: =AA63*I63 -> #REF! | AD63: =I63*AC63 -> #REF! | AE63: =Y63+AA63+AC63+W63 -> 0 | AF63: =AE63*I63 -> #REF! | AG63: =T63+AE63 -> 0 | AH63: =V63+AF63 -> #REF! | AJ63: =AI63*I63 -> #REF! | AL63: =AK63*I63 -> #REF! | AM63: =AG63-AI63-AK63 -> 0 | AN63: =AM63*I63 -> #REF!
C64: =C63+1 -> 39 | D64: 450.2P | F64: 450.2P | G64: Mezcla densa en caliente Tipo MDC-19 | H64: m3 | I64: =+#REF! -> #REF! | K64: =I64*J64 -> #REF! | M64: =L64*I64 -> #REF! | O64: =N64*I64 -> #REF! | Q64: =I64*P64 -> #REF! | S64: =R64*I64 -> #REF! | T64: =J64+L64+N64+P64+R64 -> 0 | V64: =I64*T64 -> #REF! | X64: =W64*I64 -> #REF! | Z64: =Y64*I64 -> #REF! | AB64: =AA64*I64 -> #REF! | AD64: =I64*AC64 -> #REF! | AE64: =Y64+AA64+AC64+W64 -> 0 | AF64: =AE64*I64 -> #REF! | AG64: =T64+AE64 -> 0 | AH64: =V64+AF64 -> #REF! | AJ64: =AI64*I64 -> #REF! | AL64: =AK64*I64 -> #REF! | AM64: =AG64-AI64-AK64 -> 0 | AN64: =AM64*I64 -> #REF!
C65: =C64+1 -> 40 | D65: 450.2.1P | F65: 450.2.1P | G65: Mezcla densa en caliente Tipo MDC-19 (MODIFICADA CON POLIMEROS) | H65: m3 | I65: =#REF! -> #REF! | J65: ='[132]CANTIDADES TOTALIZADAS'!$AF$93 -> 2199.8142 | K65: =I65*J65 -> #REF! | L65: ='[132]CANTIDADES TOTALIZADAS'!$AQ$93 -> 2006.3414 | M65: =L65*I65 -> #REF! | N65: ='[132]CANTIDADES TOTALIZADAS'!$AU$93 -> 5646.9071 | O65: =N65*I65 -> #REF! | P65: ='[132]CANTIDADES TOTALIZADAS'!$BA$93 -> 258.2932 | Q65: =I65*P65 -> #REF! | R65: ='[132]CANTIDADES TOTALIZADAS'!$BI$93 -> 1033.898 | S65: =R65*I65 -> #REF! | T65: =J65+L65+N65+P65+R65 -> 11145.254 | U65: ='[132]CANTIDADES TOTALIZADAS'!$BJ$93 -> 11145.254 | V65: =I65*T65 -> #REF! | X65: =W65*I65 -> #REF! | Y65: =#REF!+#REF! -> #REF! | Z65: =Y65*I65 -> #REF! | AA65: =#REF!+#REF!+#REF!+#REF!+#REF! -> #REF! | AB65: =AA65*I65 -> #REF! | AC65: =#REF!+#REF! -> #REF! | AD65: =I65*AC65 -> #REF! | AE65: =Y65+AA65+AC65+W65 -> #REF! | AF65: =AE65*I65 -> #REF! | AG65: =T65+AE65 -> #REF! | AH65: =V65+AF65 -> #REF! | AI65: ='CANTIDADES TOTALIZADAS'!AD93 -> 1323.3942 | AJ65: =AI65*I65 -> #REF! | AL65: =AK65*I65 -> #REF! | AM65: =AG65-AI65-AK65 -> #REF! | AN65: =AM65*I65 -> #REF! | AP65: =(7.3+2.5+1)*900*0.09 -> 874.8
C66: =C64+1 -> 40 | D66: 450.9P | F66: 450.9P | G66: Mezcla densa en caliente Tipo MDC-19 para bacheos | H66: m3 | I66: =#REF! -> #REF! | K66: =I66*J66 -> #REF! | M66: =L66*I66 -> #REF! | O66: =N66*I66 -> #REF! | Q66: =I66*P66 -> #REF! | S66: =R66*I66 -> #REF! | T66: =J66+L66+N66+P66+R66 -> 0 | V66: =I66*T66 -> #REF! | W66: =(175200*0.05*7.3)*0.3 -> 19184.4 | X66: =W66*I66 -> #REF! | Z66: =Y66*I66 -> #REF! | AB66: =AA66*I66 -> #REF! | AD66: =I66*AC66 -> #REF! | AE66: =Y66+AA66+AC66+W66 -> 19184.4 | AF66: =AE66*I66 -> #REF! | AG66: =T66+AE66 -> 19184.4 | AH66: =V66+AF66 -> #REF! | AJ66: =AI66*I66 -> #REF! | AL66: =AK66*I66 -> #REF! | AM66: =AG66-AI66-AK66 -> 19184.4 | AN66: =AM66*I66 -> #REF!
C67: =C66+1 -> 41 | D67: 450.10P | F67: 450.10P | G67: Mezcla densa en caliente Tipo MSC-25 para bacheos | H67: m3 | I67: =#REF! -> #REF! | K67: =I67*J67 -> #REF! | M67: =L67*I67 -> #REF! | O67: =N67*I67 -> #REF! | Q67: =I67*P67 -> #REF! | S67: =R67*I67 -> #REF! | T67: =J67+L67+N67+P67+R67 -> 0 | V67: =I67*T67 -> #REF! | X67: =W67*I67 -> #REF! | Z67: =Y67*I67 -> #REF! | AB67: =AA67*I67 -> #REF! | AD67: =I67*AC67 -> #REF! | AE67: =Y67+AA67+AC67+W67 -> 0 | AF67: =AE67*I67 -> #REF! | AG67: =T67+AE67 -> 0 | AH67: =V67+AF67 -> #REF! | AJ67: =AI67*I67 -> #REF! | AL67: =AK67*I67 -> #REF! | AM67: =AG67-AI67-AK67 -> 0 | AN67: =AM67*I67 -> #REF!
C68: =C67+1 -> 42 | D68: 450.7P | F68: 450.7P | G68: Suministro e instalación base tratada con asfalto en caliente | H68: m3 | I68: =#REF! -> #REF! | K68: =I68*J68 -> #REF! | M68: =L68*I68 -> #REF! | O68: =N68*I68 -> #REF! | Q68: =I68*P68 -> #REF! | S68: =R68*I68 -> #REF! | T68: =J68+L68+N68+P68+R68 -> 0 | V68: =I68*T68 -> #REF! | X68: =W68*I68 -> #REF! | Z68: =Y68*I68 -> #REF! | AB68: =AA68*I68 -> #REF! | AD68: =I68*AC68 -> #REF! | AE68: =Y68+AA68+AC68+W68 -> 0 | AF68: =AE68*I68 -> #REF! | AG68: =T68+AE68 -> 0 | AH68: =V68+AF68 -> #REF! | AJ68: =AI68*I68 -> #REF! | AL68: =AK68*I68 -> #REF! | AM68: =AG68-AI68-AK68 -> 0 | AN68: =AM68*I68 -> #REF!
C69: =C68+1 -> 43 | D69: 432.1P | F69: 432.1P | G69: Suministro e instalación de manto asfáltico impermeabilizante | H69: m2 | I69: =#REF! -> #REF! | K69: =I69*J69 -> #REF! | M69: =L69*I69 -> #REF! | O69: =N69*I69 -> #REF! | Q69: =I69*P69 -> #REF! | S69: =R69*I69 -> #REF! | T69: =J69+L69+N69+P69+R69 -> 0 | V69: =I69*T69 -> #REF! | X69: =W69*I69 -> #REF! | Z69: =Y69*I69 -> #REF! | AB69: =AA69*I69 -> #REF! | AD69: =I69*AC69 -> #REF! | AE69: =Y69+AA69+AC69+W69 -> 0 | AF69: =AE69*I69 -> #REF! | AG69: =T69+AE69 -> 0 | AH69: =V69+AF69 -> #REF! | AJ69: =AI69*I69 -> #REF! | AL69: =AK69*I69 -> #REF! | AM69: =AG69-AI69-AK69 -> 0 | AN69: =AM69*I69 -> #REF!
C70: =C69+1 -> 44 | D70: 460.1P | F70: 460.1P | G70: Fresado de pavimento asfaltico | H70: m3 | I70: =#REF! -> #REF! | K70: =I70*J70 -> #REF! | M70: =L70*I70 -> #REF! | O70: =N70*I70 -> #REF! | Q70: =I70*P70 -> #REF! | S70: =R70*I70 -> #REF! | T70: =J70+L70+N70+P70+R70 -> 0 | V70: =I70*T70 -> #REF! | W70: =(175200*0.05*7.3)*0.3 -> 19184.4 | X70: =W70*I70 -> #REF! | Z70: =Y70*I70 -> #REF! | AB70: =AA70*I70 -> #REF! | AD70: =I70*AC70 -> #REF! | AE70: =Y70+AA70+AC70+W70 -> 19184.4 | AF70: =AE70*I70 -> #REF! | AG70: =T70+AE70 -> 19184.4 | AH70: =V70+AF70 -> #REF! | AJ70: =AI70*I70 -> #REF! | AL70: =AK70*I70 -> #REF! | AM70: =AG70-AI70-AK70 -> 19184.4 | AN70: =AM70*I70 -> #REF!
C71: =C70+1 -> 45 | D71: 461.1P | F71: 461.1P | G71: Reciclaje de pavimento asfaltico (Incluye cereo) | H71: m3 | I71: =#REF! -> #REF! | K71: =I71*J71 -> #REF! | M71: =L71*I71 -> #REF! | O71: =N71*I71 -> #REF! | Q71: =I71*P71 -> #REF! | S71: =R71*I71 -> #REF! | T71: =J71+L71+N71+P71+R71 -> 0 | V71: =I71*T71 -> #REF! | X71: =W71*I71 -> #REF! | Z71: =Y71*I71 -> #REF! | AB71: =AA71*I71 -> #REF! | AD71: =I71*AC71 -> #REF! | AE71: =Y71+AA71+AC71+W71 -> 0 | AF71: =AE71*I71 -> #REF! | AG71: =T71+AE71 -> 0 | AH71: =V71+AF71 -> #REF! | AJ71: =AI71*I71 -> #REF! | AL71: =AK71*I71 -> #REF! | AM71: =AG71-AI71-AK71 -> 0 | AN71: =AM71*I71 -> #REF!
C72: =C71+1 -> 46 | D72: 464.1 | E72: 464-13 | G72: Geotextil para repavimentación | H72: m2 | I72: =#REF! -> #REF! | K72: =I72*J72 -> #REF! | M72: =L72*I72 -> #REF! | O72: =N72*I72 -> #REF! | Q72: =I72*P72 -> #REF! | S72: =R72*I72 -> #REF! | T72: =J72+L72+N72+P72+R72 -> 0 | V72: =I72*T72 -> #REF! | X72: =W72*I72 -> #REF! | Z72: =Y72*I72 -> #REF! | AB72: =AA72*I72 -> #REF! | AD72: =I72*AC72 -> #REF! | AE72: =Y72+AA72+AC72+W72 -> 0 | AF72: =AE72*I72 -> #REF! | AG72: =T72+AE72 -> 0 | AH72: =V72+AF72 -> #REF! | AJ72: =AI72*I72 -> #REF! | AL72: =AK72*I72 -> #REF! | AM72: =AG72-AI72-AK72 -> 0 | AN72: =AM72*I72 -> #REF!
C73: =C72+1 -> 47 | D73: 465.1 | E73: 465-13 | G73: Excavación para reparación de pavimento asfáltico existente incluyendo el corte y la remoción de las capas asfálticas y de las subyacentes. | H73: m3 | I73: =#REF! -> #REF! | K73: =I73*J73 -> #REF! | M73: =L73*I73 -> #REF! | O73: =N73*I73 -> #REF! | Q73: =I73*P73 -> #REF! | S73: =R73*I73 -> #REF! | T73: =J73+L73+N73+P73+R73 -> 0 | V73: =I73*T73 -> #REF! | W73: =(175200*0.2*7.3)*0.05 -> 12789.6 | X73: =W73*I73 -> #REF! | Z73: =Y73*I73 -> #REF! | AB73: =AA73*I73 -> #REF! | AD73: =I73*AC73 -> #REF! | AE73: =Y73+AA73+AC73+W73 -> 12789.6 | AF73: =AE73*I73 -> #REF! | AG73: =T73+AE73 -> 12789.6 | AH73: =V73+AF73 -> #REF! | AJ73: =AI73*I73 -> #REF! | AL73: =AK73*I73 -> #REF! | AM73: =AG73-AI73-AK73 -> 12789.6 | AN73: =AM73*I73 -> #REF!
C74: =C73+1 -> 48 | D74: 466.1 | E74: 466-13 | G74: Sello de grietas en pavimento asfaltico sin ruteo | H74: m | I74: =#REF! -> #REF! | K74: =I74*J74 -> #REF! | M74: =L74*I74 -> #REF! | O74: =N74*I74 -> #REF! | Q74: =I74*P74 -> #REF! | S74: =R74*I74 -> #REF! | T74: =J74+L74+N74+P74+R74 -> 0 | V74: =I74*T74 -> #REF! | W74: =175200*0.2 -> 35040 | X74: =W74*I74 -> #REF! | Z74: =Y74*I74 -> #REF! | AB74: =AA74*I74 -> #REF! | AD74: =I74*AC74 -> #REF! | AE74: =Y74+AA74+AC74+W74 -> 35040 | AF74: =AE74*I74 -> #REF! | AG74: =T74+AE74 -> 35040 | AH74: =V74+AF74 -> #REF! | AJ74: =AI74*I74 -> #REF! | AL74: =AK74*I74 -> #REF! | AM74: =AG74-AI74-AK74 -> 35040 | AN74: =AM74*I74 -> #REF!
C75: =C74+1 -> 49 | D75: 467.13P | F75: 467.13P | G75: Mezclas asfálticas en caliente con cemento asfáltico modificado con grano de caucho reciclado (GCR) (M-GCR-19) | H75: m3 | I75: =#REF! -> #REF! | K75: =I75*J75 -> #REF! | M75: =L75*I75 -> #REF! | O75: =N75*I75 -> #REF! | Q75: =I75*P75 -> #REF! | S75: =R75*I75 -> #REF! | T75: =J75+L75+N75+P75+R75 -> 0 | V75: =I75*T75 -> #REF! | X75: =W75*I75 -> #REF! | Z75: =Y75*I75 -> #REF! | AB75: =AA75*I75 -> #REF! | AD75: =I75*AC75 -> #REF! | AE75: =Y75+AA75+AC75+W75 -> 0 | AF75: =AE75*I75 -> #REF! | AG75: =T75+AE75 -> 0 | AH75: =V75+AF75 -> #REF! | AJ75: =AI75*I75 -> #REF! | AL75: =AK75*I75 -> #REF! | AM75: =AG75-AI75-AK75 -> 0 | AN75: =AM75*I75 -> #REF!
C76: Subtotal | K76: =ROUND(SUM(K59:K75),0) -> #REF! | M76: =ROUND(SUM(M59:M75),0) -> #REF! | O76: =ROUND(SUM(O59:O75),0) -> #REF! | Q76: =ROUND(SUM(Q59:Q75),0) -> #REF! | S76: =ROUND(SUM(S59:S75),0) -> #REF! | V76: =ROUND(SUM(V59:V75),0) -> #REF! | X76: =ROUND(SUM(X59:X75),0) -> #REF! | Z76: =ROUND(SUM(Z59:Z75),0) -> #REF! | AB76: =ROUND(SUM(AB59:AB75),0) -> #REF! | AD76: =ROUND(SUM(AD59:AD75),0) -> #REF! | AF76: =ROUND(SUM(AF59:AF75),0) -> #REF! | AH76: =ROUND(SUM(AH59:AH75),0) -> #REF! | AJ76: =ROUND(SUM(AJ59:AJ75),0) -> #REF! | AL76: =ROUND(SUM(AL59:AL75),0) -> #REF! | AN76: =ROUND(SUM(AN59:AN75),0) -> #REF!
C77: PAVIMENTOS DE CONCRETO
C78: =C75+1 -> 50 | D78: 500.1 | E78: 500-13 | G78: Pavimento de concreto Hidraulico | H78: m3 | I78: =+#REF! -> #REF! | K78: =I78*J78 -> #REF! | M78: =L78*I78 -> #REF! | O78: =N78*I78 -> #REF! | Q78: =I78*P78 -> #REF! | S78: =R78*I78 -> #REF! | T78: =J78+L78+N78+P78+R78 -> 0 | V78: =I78*T78 -> #REF! | X78: =W78*I78 -> #REF! | Z78: =Y78*I78 -> #REF! | AB78: =AA78*I78 -> #REF! | AD78: =I78*AC78 -> #REF! | AE78: =Y78+AA78+AC78+W78 -> 0 | AF78: =AE78*I78 -> #REF! | AG78: =T78+AE78 -> 0 | AH78: =V78+AF78 -> #REF! | AJ78: =AI78*I78 -> #REF! | AL78: =AK78*I78 -> #REF! | AM78: =AG78-AI78-AK78 -> 0 | AN78: =AM78*I78 -> #REF!
C79: =C78+1 -> 51 | D79: 500.1P | E79: 500-13 | G79: Pavimento Rigido Tipo Mr - 45, Resistencia a 28 dias mejorado con macrofibra sintetica | H79: m3 | I79: =#REF! -> #REF! | K79: =I79*J79 -> #REF! | M79: =L79*I79 -> #REF! | O79: =N79*I79 -> #REF! | Q79: =I79*P79 -> #REF! | S79: =R79*I79 -> #REF! | T79: =J79+L79+N79+P79+R79 -> 0 | V79: =I79*T79 -> #REF! | X79: =W79*I79 -> #REF! | Z79: =Y79*I79 -> #REF! | AB79: =AA79*I79 -> #REF! | AD79: =I79*AC79 -> #REF! | AE79: =Y79+AA79+AC79+W79 -> 0 | AF79: =AE79*I79 -> #REF! | AG79: =T79+AE79 -> 0 | AH79: =V79+AF79 -> #REF! | AJ79: =AI79*I79 -> #REF! | AL79: =AK79*I79 -> #REF! | AM79: =AG79-AI79-AK79 -> 0 | AN79: =AM79*I79 -> #REF!
C80: =C79+1 -> 52 | D80: 500.2P | F80: 500.2P | G80: Pavimento de concreto Hidraulico acelerado a 7 dias | H80: m3 | I80: =#REF! -> #REF! | K80: =I80*J80 -> #REF! | M80: =L80*I80 -> #REF! | O80: =N80*I80 -> #REF! | Q80: =I80*P80 -> #REF! | S80: =R80*I80 -> #REF! | T80: =J80+L80+N80+P80+R80 -> 0 | V80: =I80*T80 -> #REF! | X80: =W80*I80 -> #REF! | Z80: =Y80*I80 -> #REF! | AB80: =AA80*I80 -> #REF! | AD80: =I80*AC80 -> #REF! | AE80: =Y80+AA80+AC80+W80 -> 0 | AF80: =AE80*I80 -> #REF! | AG80: =T80+AE80 -> 0 | AH80: =V80+AF80 -> #REF! | AJ80: =AI80*I80 -> #REF! | AL80: =AK80*I80 -> #REF! | AM80: =AG80-AI80-AK80 -> 0 | AN80: =AM80*I80 -> #REF!
C81: =C80+1 -> 53 | D81: 500.3P | F81: 500.3P | G81: Pavimento en concreto hidraulico con modulacion de 2,13X2,13 m | H81: m3 | I81: =#REF! -> #REF! | K81: =I81*J81 -> #REF! | M81: =L81*I81 -> #REF! | O81: =N81*I81 -> #REF! | Q81: =I81*P81 -> #REF! | S81: =R81*I81 -> #REF! | T81: =J81+L81+N81+P81+R81 -> 0 | V81: =I81*T81 -> #REF! | X81: =W81*I81 -> #REF! | Z81: =Y81*I81 -> #REF! | AB81: =AA81*I81 -> #REF! | AD81: =I81*AC81 -> #REF! | AE81: =Y81+AA81+AC81+W81 -> 0 | AF81: =AE81*I81 -> #REF! | AG81: =T81+AE81 -> 0 | AH81: =V81+AF81 -> #REF! | AJ81: =AI81*I81 -> #REF! | AL81: =AK81*I81 -> #REF! | AM81: =AG81-AI81-AK81 -> 0 | AN81: =AM81*I81 -> #REF!
C82: =C81+1 -> 54 | D82: 501.1 | E82: 501-13 | G82: Suministro de cemento portland tipo 1 para la estabilizacion de bases granulares (incluye mezclado) | H82: kg | I82: =#REF! -> #REF! | J82: ='[132]CANTIDADES TOTALIZADAS'!$AF$87 -> 354060.41 | K82: =I82*J82 -> #REF! | L82: ='[132]CANTIDADES TOTALIZADAS'!$AQ$87 -> 75075.226 | M82: =L82*I82 -> #REF! | N82: ='[132]CANTIDADES TOTALIZADAS'!$AU$87 -> 887683.83 | O82: =N82*I82 -> #REF! | P82: ='[132]CANTIDADES TOTALIZADAS'!$BA$87 -> 21472.455 | Q82: =I82*P82 -> #REF! | R82: ='[132]CANTIDADES TOTALIZADAS'!$BI$87 -> 131651.68 | S82: =R82*I82 -> #REF! | T82: =J82+L82+N82+P82+R82 -> 1469943.6 | U82: ='[132]CANTIDADES TOTALIZADAS'!$BJ$87 -> 1469943.6 | V82: =I82*T82 -> #REF! | X82: =W82*I82 -> #REF! | Y82: =((Y53*90)+(Y49*70))*1.2 -> #REF! | Z82: =Y82*I82 -> #REF! | AA82: =((AA53*90)+(AA49*70))*1.2 -> #REF! | AB82: =AA82*I82 -> #REF! | AC82: =((AC53*90)+(AC49*70))*1.2 -> #REF! | AD82: =I82*AC82 -> #REF! | AE82: =Y82+AA82+AC82+W82 -> #REF! | AF82: =AE82*I82 -> #REF! | AG82: =T82+AE82 -> #REF! | AH82: =V82+AF82 -> #REF! | AI82: ='CANTIDADES TOTALIZADAS'!AD87 -> 213000.48 | AJ82: =AI82*I82 -> #REF! | AL82: =AK82*I82 -> #REF! | AM82: =AG82-AI82-AK82 -> #REF! | AN82: =AM82*I82 -> #REF!
C83: Subtotal | K83: =ROUND(SUM(K78:K82),0) -> #REF! | M83: =ROUND(SUM(M78:M82),0) -> #REF! | O83: =ROUND(SUM(O78:O82),0) -> #REF! | Q83: =ROUND(SUM(Q78:Q82),0) -> #REF! | S83: =ROUND(SUM(S78:S82),0) -> #REF! | V83: =ROUND(SUM(V78:V82),0) -> #REF! | X83: =ROUND(SUM(X78:X82),0) -> #REF! | Z83: =ROUND(SUM(Z78:Z82),0) -> #REF! | AB83: =ROUND(SUM(AB78:AB82),0) -> #REF! | AD83: =ROUND(SUM(AD78:AD82),0) -> #REF! | AF83: =ROUND(SUM(AF78:AF82),0) -> #REF! | AH83: =ROUND(SUM(AH78:AH82),0) -> #REF! | AJ83: =ROUND(SUM(AJ78:AJ82),0) -> #REF! | AL83: =ROUND(SUM(AL78:AL82),0) -> #REF! | AN83: =ROUND(SUM(AN78:AN82),0) -> #REF!
C84: ESTRUCTURAS Y DRENAJES
C85: =C82+1 -> 55 | D85: 600.1.1 | E85: 600-13 | G85: Excavaciones varias sin clasificar | H85: m3 | I85: =+#REF! -> #REF! | J85: =+'[133]CANTIDADES TOTALIZADAS'!$AF$62+'[133]CANTIDADES TOTALIZADAS'!$AF$69 -> 2156.2679 | K85: =I85*J85 -> #REF! | L85: ='[132]CANTIDADES TOTALIZADAS'!$AQ$69+'[132]CANTIDADES TOTALIZADAS'!$AQ$62 -> 4519.1622 | M85: =L85*I85 -> #REF! | N85: ='[132]CANTIDADES TOTALIZADAS'!$AU$62+'[132]CANTIDADES TOTALIZADAS'!$AU$69 -> 331.03021 | O85: =N85*I85 -> #REF! | P85: ='[132]CANTIDADES TOTALIZADAS'!$BA$62+'[132]CANTIDADES TOTALIZADAS'!$BA$69 -> 8.9818 | Q85: =I85*P85 -> #REF! | R85: ='[132]CANTIDADES TOTALIZADAS'!$BI$62+'[132]CANTIDADES TOTALIZADAS'!$BI$69 -> 1975.9629 | S85: =R85*I85 -> #REF! | T85: =J85+L85+N85+P85+R85 -> 8991.405 | U85: ='[132]CANTIDADES TOTALIZADAS'!$BJ$62+'[132]CANTIDADES TOTALIZADAS'!$BJ$69 -> 8991.405 | V85: =I85*T85 -> #REF! | X85: =W85*I85 -> #REF! | Y85: =#REF!+(10*(1.5*0.4*15)) -> #REF! | Z85: =Y85*I85 -> #REF! | AA85: 2000 | AB85: =AA85*I85 -> #REF! | AC85: =#REF!+#REF!+(1.5*1*12) -> #REF! | AD85: =I85*AC85 -> #REF! | AE85: =Y85+AA85+AC85+W85 -> #REF! | AF85: =AE85*I85 -> #REF! | AG85: =T85+AE85 -> #REF! | AH85: =V85+AF85 -> #REF! | AI85: ='CANTIDADES TOTALIZADAS'!AD69+'CANTIDADES TOTALIZADAS'!AD62 -> 1389.0179 | AJ85: =AI85*I85 -> #REF! | AK85: ='CANTIDADES TOTALIZADAS'!AT62+'CANTIDADES TOTALIZADAS'!AT69 -> 30.682 | AL85: =AK85*I85 -> #REF! | AM85: =AG85-AI85-AK85 -> #REF! | AN85: =AM85*I85 -> #REF!
C86: =C85+1 -> 56 | D86: 600.2.1 | E86: 600-13 | G86: Excavaciones varias en roca en seco | H86: m3 | I86: =+#REF! -> #REF! | K86: =I86*J86 -> #REF! | M86: =L86*I86 -> #REF! | O86: =N86*I86 -> #REF! | Q86: =I86*P86 -> #REF! | S86: =R86*I86 -> #REF! | T86: =J86+L86+N86+P86+R86 -> 0 | V86: =I86*T86 -> #REF! | X86: =W86*I86 -> #REF! | Z86: =Y86*I86 -> #REF! | AB86: =AA86*I86 -> #REF! | AD86: =I86*AC86 -> #REF! | AE86: =Y86+AA86+AC86+W86 -> 0 | AF86: =AE86*I86 -> #REF! | AG86: =T86+AE86 -> 0 | AH86: =V86+AF86 -> #REF! | AJ86: =AI86*I86 -> #REF! | AL86: =AK86*I86 -> #REF! | AM86: =AG86-AI86-AK86 -> 0 | AN86: =AM86*I86 -> #REF!
C87: =C86+1 -> 57 | D87: 600.2.1P | F87: 600.2.1P | G87: Excavación en Roca en seco a mano | H87: m3 | I87: =#REF! -> #REF! | K87: =I87*J87 -> #REF! | M87: =L87*I87 -> #REF! | O87: =N87*I87 -> #REF! | Q87: =I87*P87 -> #REF! | S87: =R87*I87 -> #REF! | T87: =J87+L87+N87+P87+R87 -> 0 | V87: =I87*T87 -> #REF! | X87: =W87*I87 -> #REF! | Z87: =Y87*I87 -> #REF! | AB87: =AA87*I87 -> #REF! | AD87: =I87*AC87 -> #REF! | AE87: =Y87+AA87+AC87+W87 -> 0 | AF87: =AE87*I87 -> #REF! | AG87: =T87+AE87 -> 0 | AH87: =V87+AF87 -> #REF! | AJ87: =AI87*I87 -> #REF! | AL87: =AK87*I87 -> #REF! | AM87: =AG87-AI87-AK87 -> 0 | AN87: =AM87*I87 -> #REF!
C88: =C87+1 -> 58 | D88: 600.2.2P | F88: 600.2.2P | G88: Excavación en Roca bajo agua a mano | H88: m3 | I88: =#REF! -> #REF! | K88: =I88*J88 -> #REF! | M88: =L88*I88 -> #REF! | O88: =N88*I88 -> #REF! | Q88: =I88*P88 -> #REF! | S88: =R88*I88 -> #REF! | T88: =J88+L88+N88+P88+R88 -> 0 | V88: =I88*T88 -> #REF! | X88: =W88*I88 -> #REF! | Z88: =Y88*I88 -> #REF! | AB88: =AA88*I88 -> #REF! | AD88: =I88*AC88 -> #REF! | AE88: =Y88+AA88+AC88+W88 -> 0 | AF88: =AE88*I88 -> #REF! | AG88: =T88+AE88 -> 0 | AH88: =V88+AF88 -> #REF! | AJ88: =AI88*I88 -> #REF! | AL88: =AK88*I88 -> #REF! | AM88: =AG88-AI88-AK88 -> 0 | AN88: =AM88*I88 -> #REF!
C89: =C88+1 -> 59 | D89: 600.2.3 | E89: 600-13 | G89: Excavaciones varias en material comun en seco | H89: m3 | I89: =+#REF! -> #REF! | K89: =I89*J89 -> #REF! | M89: =L89*I89 -> #REF! | O89: =N89*I89 -> #REF! | Q89: =I89*P89 -> #REF! | S89: =R89*I89 -> #REF! | T89: =J89+L89+N89+P89+R89 -> 0 | V89: =I89*T89 -> #REF! | X89: =W89*I89 -> #REF! | Z89: =Y89*I89 -> #REF! | AB89: =AA89*I89 -> #REF! | AD89: =I89*AC89 -> #REF! | AE89: =Y89+AA89+AC89+W89 -> 0 | AF89: =AE89*I89 -> #REF! | AG89: =T89+AE89 -> 0 | AH89: =V89+AF89 -> #REF! | AJ89: =AI89*I89 -> #REF! | AL89: =AK89*I89 -> #REF! | AM89: =AG89-AI89-AK89 -> 0 | AN89: =AM89*I89 -> #REF!
C90: =C89+1 -> 60 | D90: 600.2.4 | E90: 600-13 | G90: Excavaciones varias en material comun bajo agua | H90: m3 | I90: =+#REF! -> #REF! | K90: =I90*J90 -> #REF! | M90: =L90*I90 -> #REF! | O90: =N90*I90 -> #REF! | Q90: =I90*P90 -> #REF! | S90: =R90*I90 -> #REF! | T90: =J90+L90+N90+P90+R90 -> 0 | V90: =I90*T90 -> #REF! | X90: =W90*I90 -> #REF! | Z90: =Y90*I90 -> #REF! | AB90: =AA90*I90 -> #REF! | AD90: =I90*AC90 -> #REF! | AE90: =Y90+AA90+AC90+W90 -> 0 | AF90: =AE90*I90 -> #REF! | AG90: =T90+AE90 -> 0 | AH90: =V90+AF90 -> #REF! | AJ90: =AI90*I90 -> #REF! | AL90: =AK90*I90 -> #REF! | AM90: =AG90-AI90-AK90 -> 0 | AN90: =AM90*I90 -> #REF!
C91: =C90+1 -> 61 | D91: 610.1P | F91: 610.1P | G91: Relleno detrás de las cunetas con material de excavacion | H91: m3 | I91: =#REF! -> #REF! | K91: =I91*J91 -> #REF! | M91: =L91*I91 -> #REF! | O91: =N91*I91 -> #REF! | Q91: =I91*P91 -> #REF! | S91: =R91*I91 -> #REF! | T91: =J91+L91+N91+P91+R91 -> 0 | V91: =I91*T91 -> #REF! | X91: =W91*I91 -> #REF! | Z91: =Y91*I91 -> #REF! | AB91: =AA91*I91 -> #REF! | AD91: =I91*AC91 -> #REF! | AE91: =Y91+AA91+AC91+W91 -> 0 | AF91: =AE91*I91 -> #REF! | AG91: =T91+AE91 -> 0 | AH91: =V91+AF91 -> #REF! | AJ91: =AI91*I91 -> #REF! | AL91: =AK91*I91 -> #REF! | AM91: =AG91-AI91-AK91 -> 0 | AN91: =AM91*I91 -> #REF!
C92: =C91+1 -> 62 | D92: 610.1 | E92: 610-13 | G92: Rellenos para Estructuras con suelo | H92: m3 | I92: =+#REF! -> #REF! | K92: =I92*J92 -> #REF! | M92: =L92*I92 -> #REF! | O92: =N92*I92 -> #REF! | Q92: =I92*P92 -> #REF! | S92: =R92*I92 -> #REF! | T92: =J92+L92+N92+P92+R92 -> 0 | V92: =I92*T92 -> #REF! | X92: =W92*I92 -> #REF! | Z92: =Y92*I92 -> #REF! | AB92: =AA92*I92 -> #REF! | AD92: =I92*AC92 -> #REF! | AE92: =Y92+AA92+AC92+W92 -> 0 | AF92: =AE92*I92 -> #REF! | AG92: =T92+AE92 -> 0 | AH92: =V92+AF92 -> #REF! | AJ92: =AI92*I92 -> #REF! | AL92: =AK92*I92 -> #REF! | AM92: =AG92-AI92-AK92 -> 0 | AN92: =AM92*I92 -> #REF!
C93: =C92+1 -> 63 | D93: 610.2 | E93: 610-13 | G93: Relleno para estructuras con recebo | H93: m3 | I93: =#REF! -> #REF! | K93: =I93*J93 -> #REF! | M93: =L93*I93 -> #REF! | O93: =N93*I93 -> #REF! | Q93: =I93*P93 -> #REF! | S93: =R93*I93 -> #REF! | T93: =J93+L93+N93+P93+R93 -> 0 | V93: =I93*T93 -> #REF! | X93: =W93*I93 -> #REF! | Z93: =Y93*I93 -> #REF! | AB93: =AA93*I93 -> #REF! | AD93: =I93*AC93 -> #REF! | AE93: =Y93+AA93+AC93+W93 -> 0 | AF93: =AE93*I93 -> #REF! | AG93: =T93+AE93 -> 0 | AH93: =V93+AF93 -> #REF! | AJ93: =AI93*I93 -> #REF! | AL93: =AK93*I93 -> #REF! | AM93: =AG93-AI93-AK93 -> 0 | AN93: =AM93*I93 -> #REF!
C94: =C93+1 -> 64 | D94: 610.3 | E94: 610-13 | G94: Rellenos para estructuras con material granular tipo SBG. | H94: m3 | I94: =#REF! -> #REF! | K94: =I94*J94 -> #REF! | M94: =L94*I94 -> #REF! | O94: =N94*I94 -> #REF! | Q94: =I94*P94 -> #REF! | S94: =R94*I94 -> #REF! | T94: =J94+L94+N94+P94+R94 -> 0 | V94: =I94*T94 -> #REF! | X94: =W94*I94 -> #REF! | Y94: =10*(1.5*0.6*15) -> 135 | Z94: =Y94*I94 -> #REF! | AB94: =AA94*I94 -> #REF! | AD94: =I94*AC94 -> #REF! | AE94: =Y94+AA94+AC94+W94 -> 135 | AF94: =AE94*I94 -> #REF! | AG94: =T94+AE94 -> 135 | AH94: =V94+AF94 -> #REF! | AJ94: =AI94*I94 -> #REF! | AL94: =AK94*I94 -> #REF! | AM94: =AG94-AI94-AK94 -> 135 | AN94: =AM94*I94 -> #REF!
C95: =C94+1 -> 65 | D95: 620.P | F95: 620.P | G95: Pilotes de madera con diametro de 30 cms | H95: m | I95: =#REF! -> #REF! | K95: =I95*J95 -> #REF! | M95: =L95*I95 -> #REF! | O95: =N95*I95 -> #REF! | Q95: =I95*P95 -> #REF! | S95: =R95*I95 -> #REF! | T95: =J95+L95+N95+P95+R95 -> 0 | V95: =I95*T95 -> #REF! | X95: =W95*I95 -> #REF! | Z95: =Y95*I95 -> #REF! | AB95: =AA95*I95 -> #REF! | AD95: =I95*AC95 -> #REF! | AE95: =Y95+AA95+AC95+W95 -> 0 | AF95: =AE95*I95 -> #REF! | AG95: =T95+AE95 -> 0 | AH95: =V95+AF95 -> #REF! | AJ95: =AI95*I95 -> #REF! | AL95: =AK95*I95 -> #REF! | AM95: =AG95-AI95-AK95 -> 0 | AN95: =AM95*I95 -> #REF!
C96: =C95+1 -> 66 | D96: 621.1 | E96: 621-13 | G96: Pilote de concreto vaciado in situ, de diámetro 1,0 m (incluye excavación y refuerzo) | H96: m | I96: =#REF! -> #REF! | K96: =I96*J96 -> #REF! | M96: =L96*I96 -> #REF! | O96: =N96*I96 -> #REF! | Q96: =I96*P96 -> #REF! | S96: =R96*I96 -> #REF! | T96: =J96+L96+N96+P96+R96 -> 0 | V96: =I96*T96 -> #REF! | X96: =W96*I96 -> #REF! | Z96: =Y96*I96 -> #REF! | AB96: =AA96*I96 -> #REF! | AD96: =I96*AC96 -> #REF! | AE96: =Y96+AA96+AC96+W96 -> 0 | AF96: =AE96*I96 -> #REF! | AG96: =T96+AE96 -> 0 | AH96: =V96+AF96 -> #REF! | AJ96: =AI96*I96 -> #REF! | AL96: =AK96*I96 -> #REF! | AM96: =AG96-AI96-AK96 -> 0 | AN96: =AM96*I96 -> #REF!
C97: =C96+1 -> 67 | D97: 621,1.1 | E97: 621-13 | G97: Pilote de concreto vaciado in situ de diametro 1,20 m. (incluye excavación y refuerzo) | H97: m | I97: =#REF! -> #REF! | K97: =I97*J97 -> #REF! | M97: =L97*I97 -> #REF! | O97: =N97*I97 -> #REF! | Q97: =I97*P97 -> #REF! | S97: =R97*I97 -> #REF! | T97: =J97+L97+N97+P97+R97 -> 0 | V97: =I97*T97 -> #REF! | X97: =W97*I97 -> #REF! | Z97: =Y97*I97 -> #REF! | AB97: =AA97*I97 -> #REF! | AD97: =I97*AC97 -> #REF! | AE97: =Y97+AA97+AC97+W97 -> 0 | AF97: =AE97*I97 -> #REF! | AG97: =T97+AE97 -> 0 | AH97: =V97+AF97 -> #REF! | AJ97: =AI97*I97 -> #REF! | AL97: =AK97*I97 -> #REF! | AM97: =AG97-AI97-AK97 -> 0 | AN97: =AM97*I97 -> #REF!
C98: =C97+1 -> 68 | D98: 621.1.2. | E98: 621-13 | G98: Pilote de concreto vaciado in situ, de diámetro 0,8 m (incluye excavación y refuerzo) | H98: m | I98: =#REF! -> #REF! | K98: =I98*J98 -> #REF! | M98: =L98*I98 -> #REF! | O98: =N98*I98 -> #REF! | Q98: =I98*P98 -> #REF! | S98: =R98*I98 -> #REF! | T98: =J98+L98+N98+P98+R98 -> 0 | V98: =I98*T98 -> #REF! | X98: =W98*I98 -> #REF! | Z98: =Y98*I98 -> #REF! | AB98: =AA98*I98 -> #REF! | AD98: =I98*AC98 -> #REF! | AE98: =Y98+AA98+AC98+W98 -> 0 | AF98: =AE98*I98 -> #REF! | AG98: =T98+AE98 -> 0 | AH98: =V98+AF98 -> #REF! | AJ98: =AI98*I98 -> #REF! | AL98: =AK98*I98 -> #REF! | AM98: =AG98-AI98-AK98 -> 0 | AN98: =AM98*I98 -> #REF!
C99: =C97+1 -> 68 | D99: 621,1.2 | E99: 621-13 | G99: Pilote de concreto vaciado in situ de diametro 1,50 m. (incluye excavación y refuerzo) | H99: m | I99: =#REF! -> #REF! | K99: =I99*J99 -> #REF! | M99: =L99*I99 -> #REF! | O99: =N99*I99 -> #REF! | Q99: =I99*P99 -> #REF! | S99: =R99*I99 -> #REF! | T99: =J99+L99+N99+P99+R99 -> 0 | V99: =I99*T99 -> #REF! | X99: =W99*I99 -> #REF! | Z99: =Y99*I99 -> #REF! | AB99: =AA99*I99 -> #REF! | AD99: =I99*AC99 -> #REF! | AE99: =Y99+AA99+AC99+W99 -> 0 | AF99: =AE99*I99 -> #REF! | AG99: =T99+AE99 -> 0 | AH99: =V99+AF99 -> #REF! | AJ99: =AI99*I99 -> #REF! | AL99: =AK99*I99 -> #REF! | AM99: =AG99-AI99-AK99 -> 0 | AN99: =AM99*I99 -> #REF!
C100: =C99+1 -> 69 | D100: 621.1.3 | E100: 621-13 | G100: Pilote de concreto vaciado in situ, de diámetro 2 m. (incluye excavación y refuerzo) | H100: m | I100: =#REF! -> #REF! | K100: =I100*J100 -> #REF! | M100: =L100*I100 -> #REF! | O100: =N100*I100 -> #REF! | Q100: =I100*P100 -> #REF! | S100: =R100*I100 -> #REF! | T100: =J100+L100+N100+P100+R100 -> 0 | V100: =I100*T100 -> #REF! | X100: =W100*I100 -> #REF! | Z100: =Y100*I100 -> #REF! | AB100: =AA100*I100 -> #REF! | AD100: =I100*AC100 -> #REF! | AE100: =Y100+AA100+AC100+W100 -> 0 | AF100: =AE100*I100 -> #REF! | AG100: =T100+AE100 -> 0 | AH100: =V100+AF100 -> #REF! | AJ100: =AI100*I100 -> #REF! | AL100: =AK100*I100 -> #REF! | AM100: =AG100-AI100-AK100 -> 0 | AN100: =AM100*I100 -> #REF!
C101: =C100+1 -> 70 | D101: 623.1,1 | E101: 623-13 | G101: Anclajes pasivos con barra de acero corrugada Ø 3/4" y longitud variable | H101: m | I101: =#REF! -> #REF! | K101: =I101*J101 -> #REF! | M101: =L101*I101 -> #REF! | O101: =N101*I101 -> #REF! | Q101: =I101*P101 -> #REF! | S101: =R101*I101 -> #REF! | T101: =J101+L101+N101+P101+R101 -> 0 | V101: =I101*T101 -> #REF! | X101: =W101*I101 -> #REF! | Z101: =Y101*I101 -> #REF! | AB101: =AA101*I101 -> #REF! | AD101: =I101*AC101 -> #REF! | AE101: =Y101+AA101+AC101+W101 -> 0 | AF101: =AE101*I101 -> #REF! | AG101: =T101+AE101 -> 0 | AH101: =V101+AF101 -> #REF! | AJ101: =AI101*I101 -> #REF! | AL101: =AK101*I101 -> #REF! | AM101: =AG101-AI101-AK101 -> 0 | AN101: =AM101*I101 -> #REF!
C102: =C101+1 -> 71 | D102: 623.1.2 | E102: 623-13 | G102: Anclajes activos de 30 toneladas (Longitud variable) | H102: m | I102: =#REF! -> #REF! | K102: =I102*J102 -> #REF! | M102: =L102*I102 -> #REF! | O102: =N102*I102 -> #REF! | Q102: =I102*P102 -> #REF! | S102: =R102*I102 -> #REF! | T102: =J102+L102+N102+P102+R102 -> 0 | V102: =I102*T102 -> #REF! | X102: =W102*I102 -> #REF! | Z102: =Y102*I102 -> #REF! | AB102: =AA102*I102 -> #REF! | AD102: =I102*AC102 -> #REF! | AE102: =Y102+AA102+AC102+W102 -> 0 | AF102: =AE102*I102 -> #REF! | AG102: =T102+AE102 -> 0 | AH102: =V102+AF102 -> #REF! | AJ102: =AI102*I102 -> #REF! | AL102: =AK102*I102 -> #REF! | AM102: =AG102-AI102-AK102 -> 0 | AN102: =AM102*I102 -> #REF!
C103: =C102+1 -> 72 | D103: 623.1.3 | E103: 623-13 | G103: Anclajes activos de 40 toneladas (Longitud variable) | H103: m | I103: =#REF! -> #REF! | K103: =I103*J103 -> #REF! | M103: =L103*I103 -> #REF! | O103: =N103*I103 -> #REF! | Q103: =I103*P103 -> #REF! | S103: =R103*I103 -> #REF! | T103: =J103+L103+N103+P103+R103 -> 0 | V103: =I103*T103 -> #REF! | X103: =W103*I103 -> #REF! | Z103: =Y103*I103 -> #REF! | AB103: =AA103*I103 -> #REF! | AD103: =I103*AC103 -> #REF! | AE103: =Y103+AA103+AC103+W103 -> 0 | AF103: =AE103*I103 -> #REF! | AG103: =T103+AE103 -> 0 | AH103: =V103+AF103 -> #REF! | AJ103: =AI103*I103 -> #REF! | AL103: =AK103*I103 -> #REF! | AM103: =AG103-AI103-AK103 -> 0 | AN103: =AM103*I103 -> #REF!
...

Sheet CANTIDADES Fase II todo
A1: ITEM | B1: ACTIVIDAD | C1: U. Med | D1: HITO 10E | F1: HITO 11E | I1: HITO 12E | K1: HITO 13N | N1: HITO 13E | Q1: HITO 16N | T1: HITO 16E | W1: TOTAL TRAMO 2 | X1: 31N | AB1: 31E | AE1: 32E | AG1: 33E | AI1: 34N | AP1: 34E | AR1: 35N | AV1: 35E | AY1: 36N | BA1: 36E | BD1: TOTAL TRAMO 4 | BE1: HITO 48E | BH1: HITO48E | BM1: HITO 49N | BP1: H50E | BV1: H51E | CD1: HITO 51N | CI1: HITO 53E | CP1: HITO H53N | CS1: HITO H54N | CX1: HITO 54E | CZ1: TOTAL TRAMO 7 | DA1: TOTAL CANT | DI1: TOTAL mantenimiento
D3: SEGMENTO | E3: TOTAL HITO | F3: SEGMENTO | H3: TOTAL HITO | I3: SEGMENTO | J3: TOTAL HITO | K3: SEGMENTO | M3: TOTAL HITO | N3: SEGMENTO | P3: TOTAL HITO | Q3: SEGMENTO | S3: TOTAL HITO | T3: SEGMENTO | V3: TOTAL HITO | X3: SEGMENTO | AA3: TOTAL HITO | AB3: SEGMENTO | AD3: TOTAL HITO | AE3: SEGMENTO | AF3: TOTAL HITO | AG3: SEGMENTO | AH3: TOTAL HITO | AI3: SEGMENTO | AM3: PUENTE LEBRIJA | AN3: PUENTE PAYANDÉ | AO3: TOTAL HITO | AP3: SEGMENTO | AQ3: TOTAL HITO | AR3: SEGMENTO | AU3: TOTAL HITO | AV3: SEGMENTO | AX3: TOTAL HITO | AY3: SEGMENTO | AZ3: TOTAL HITO | BA3: SEGMENTO | BC3: TOTAL HITO | BE3: Pte Peatonal | BF3: Pte Peatonal | BG3: TOTAL HITO | BH3: SEGMENTO | BL3: TOTAL HITO | BM3: SEGMENTO | BO3: TOTAL HITO | BP3: SEGMENTO | BU3: TOTAL HITO | BV3: SEGMENTO | CC3: TOTAL HITO | CD3: SEGMENTO | CH3: TOTAL HITO | CI3: SEGMENTO | CO3: TOTAL HITO | CR3: TOTAL HITO | CW3: TOTAL HITO | CX3: SEGMENTO | CY3: TOTAL HITO
D4: 123910 | F4: 124328 | G4: 125860 | I4: 0 | K4: 11170 | L4: 19000 | N4: 10000 | O4: 17500 | Q4: 41595 | R4: 45000 | T4: 40000 | U4: 45000 | X4: 30470 | Y4: 31896 | Z4: 38660 | AB4: 30436 | AC4: 38600 | AE4: 40100 | AG4: 50200 | AI4: 61360 | AJ4: 65737 | AK4: 66580 | AL4: 67578 | AM4: 58913.13 | AN4: 60495.7 | AP4: 60200 | AR4: 72660 | AS4: 79994 | AT4: 83424 | AV4: 70200 | AW4: 72540 | AY4: 86420 | BA4: 83427 | BB4: 87727 | BH4: 7210 | BI4: 7980 | BJ4: 8200 | BK4: 9200 | BM4: 8000 | BN4: 9200 | BP4: 22000 | BQ4: 27780 | BR4: 28600 | BS4: 29216 | BT4: 30300 | BV4: 32080 | BW4: 32240 | BX4: 32770 | BY4: 35160 | BZ4: 35430 | CA4: 36300 | CB4: 36630 | CD4: 27620 | CE4: 31950 | CF4: 32280 | CG4: 32400 | CI4: 56550 | CJ4: =+CI5 -> 57160 | CK4: =+CJ5 -> 57250 | CL4: =+CK5 -> 57960 | CM4: =+CL5 -> 58220 | CN4: 64340 | CP4: 56570 | CQ4: 64800 | CS4: 67044 | CT4: 68761 | CU4: 69569 | CV4: 69695 | CX4: 66000
F5: 125700 | G5: 134456 | I5: 10000 | K5: 11803 | L5: 19350 | N5: 12274 | O5: 19480 | Q5: 42500 | R5: 47030 | T5: 40870 | U5: 47030 | X5: 30537 | Y5: 32080 | Z5: 39200 | AB5: 32055 | AC5: 40100 | AE5: 50200 | AG5: 60200 | AI5: 63227 | AJ5: 66000 | AK5: 67552 | AL5: 70270 | AM5: 59063.13 | AN5: 60507.7 | AP5: 70200 | AR5: 74553 | AS5: 82146 | AT5: 84285 | AV5: 70260 | AW5: 79166 | AY5: 86960 | BA5: 86900 | BB5: 89700 | BE5: 3210 | BF5: 6570 | BH5: 7980 | BI5: 8200 | BJ5: 9200 | BK5: 9400 | BM5: 9200 | BN5: 9400 | BP5: 26120 | BQ5: 28390 | BR5: 28240 | BS5: 30300 | BT5: 30780 | BV5: 32240 | BW5: 32770 | BX5: 35160 | BY5: 35430 | BZ5: 36300 | CA5: 36630 | CB5: 37110 | CD5: 27680 | CE5: 32280 | CF5: 32400 | CG5: 32520 | CI5: 57160 | CJ5: 57250 | CK5: 57960 | CL5: 58220 | CM5: 60320 | CN5: 65995.42 | CP5: 57200 | CQ5: 65180 | CS5: 68271 | CT5: 69569 | CU5: 69695 | CV5: 70250 | CX5: 66240
B6: RUTA DEL SOL SECTOR 2 | D6: NORTE | F6: NORTE | G6: SUR | I6: NORTE | K6: NORTE | N6: SUR | O6: SUR | Q6: SUR | R6: SUR | T6: NORTE | U6: NORTE
B7: I. PRECONTRACTUAL
B8: 1 Pólizas | W8: =+IF(C8="",0,E8+H8+J8+M8+P8+S8+V8) -> 0 | X8: 0 | Y8: 0 | Z8: 0 | AA8: =SUM(X8:Z8) -> 0 | AB8: 0 | AC8: 0 | AD8: =SUM(AB8:AC8) -> 0 | AE8: 0 | AG8: 0 | AI8: 0 | AJ8: 0 | AK8: 0 | AL8: 0 | AM8: 0 | AN8: 0 | AP8: 0 | AR8: 0 | AS8: 0 | AT8: 0 | AU8: =SUM(AR8:AT8) -> 0 | AV8: 0 | AW8: 0 | AX8: =SUM(AV8:AW8) -> 0 | AY8: 0 | BA8: 0 | BB8: 0 | BC8: =SUM(BA8:BB8) -> 0
B9: II. PRECONSTRUCCIÓN
B10: 1 Elaboración de diseños de detalle | W10: =+IF(C10="",0,E10+H10+J10+M10+P10+S10+V10) -> 0 | X10: 0 | Y10: 0 | Z10: 0 | AA10: =SUM(X10:Z10) -> 0 | AB10: 0 | AC10: 0 | AD10: =SUM(AB10:AC10) -> 0 | AE10: 0 | AG10: 0 | AI10: 0 | AJ10: 0 | AK10: 0 | AL10: 0 | AM10: 0 | AN10: 0 | AO10: =SUM(AI10:AN10) -> 0 | AP10: 0 | AR10: 0 | AS10: 0 | AT10: 0 | AU10: =SUM(AR10:AT10) -> 0 | AV10: 0 | AW10: 0 | AX10: =SUM(AV10:AW10) -> 0 | AY10: 0 | BA10: 0 | BB10: 0 | BC10: =SUM(BA10:BB10) -> 0
B11: 2 Licencias ambientales | W11: =+IF(C11="",0,E11+H11+J11+M11+P11+S11+V11) -> 0 | X11: 0 | Y11: 0 | Z11: 0 | AA11: =SUM(X11:Z11) -> 0 | AB11: 0 | AC11: 0 | AD11: =SUM(AB11:AC11) -> 0 | AE11: 0 | AG11: 0 | AI11: 0 | AJ11: 0 | AK11: 0 | AL11: 0 | AM11: 0 | AN11: 0 | AO11: =SUM(AI11:AN11) -> 0 | AP11: 0 | AR11: 0 | AS11: 0 | AT11: 0 | AU11: =SUM(AR11:AT11) -> 0 | AV11: 0 | AW11: 0 | AX11: =SUM(AV11:AW11) -> 0 | AY11: 0 | BA11: 0 | BB11: 0 | BC11: =SUM(BA11:BB11) -> 0
B12: 3 Permisos, autorizaciones y concesiones | W12: =+IF(C12="",0,E12+H12+J12+M12+P12+S12+V12) -> 0 | X12: 0 | Y12: 0 | Z12: 0 | AA12: =SUM(X12:Z12) -> 0 | AB12: 0 | AC12: 0 | AD12: =SUM(AB12:AC12) -> 0 | AE12: 0 | AG12: 0 | AI12: 0 | AJ12: 0 | AK12: 0 | AL12: 0 | AM12: 0 | AN12: 0 | AO12: =SUM(AI12:AN12) -> 0 | AP12: 0 | AR12: 0 | AS12: 0 | AT12: 0 | AU12: =SUM(AR12:AT12) -> 0 | AV12: 0 | AW12: 0 | AX12: =SUM(AV12:AW12) -> 0 | AY12: 0 | BA12: 0 | BB12: 0 | BC12: =SUM(BA12:BB12) -> 0
B13: 4 Plan de Intervención prioritaria | W13: =+IF(C13="",0,E13+H13+J13+M13+P13+S13+V13) -> 0 | X13: 0 | Y13: 0 | Z13: 0 | AA13: =SUM(X13:Z13) -> 0 | AB13: 0 | AC13: 0 | AD13: =SUM(AB13:AC13) -> 0 | AE13: 0 | AG13: 0 | AI13: 0 | AJ13: 0 | AK13: 0 | AL13: 0 | AM13: 0 | AN13: 0 | AO13: =SUM(AI13:AN13) -> 0 | AP13: 0 | AR13: 0 | AS13: 0 | AT13: 0 | AU13: =SUM(AR13:AT13) -> 0 | AV13: 0 | AW13: 0 | AX13: =SUM(AV13:AW13) -> 0 | AY13: 0 | BA13: 0 | BB13: 0 | BC13: =SUM(BA13:BB13) -> 0
B14: III. CONSTRUCCIÓN
B15: 1 Preliminares
A16: 201.16 | B16: REMOCIÓN DE CERCAS DE ALAMBRE | C16: m | E16: =+IF(C16="", 0,D16) -> 0 | F16: 0 | G16: 0 | H16: =+IF(C16="", 0,SUM(F16:G16)) -> 0 | I16: 0 | J16: =+IF(C16="", 0,I16) -> 0 | K16: 0 | L16: 0 | M16: =+IF(C16="",0,K16+L16) -> 0 | N16: 0 | O16: 0 | P16: =+IF(C16="", 0,SUM(N16:O16)) -> 0 | Q16: 0 | R16: 0 | S16: =+IF(C16="",0,SUM(Q16:R16)) -> 0 | T16: 0 | U16: 0 | V16: =+IF(C16="",0,SUM(T16:U16)) -> 0 | W16: =+IF(C16="",0,E16+H16+J16+M16+P16+S16+V16) -> 0 | X16: 0 | Y16: 0 | Z16: 0 | AA16: =SUM(X16:Z16) -> 0 | AB16: 0 | AC16: 0 | AD16: =SUM(AB16:AC16) -> 0 | AE16: 0 | AF16: =+AE16 -> 0 | AG16: 0 | AH16: =+AG16 -> 0 | AI16: 0 | AJ16: 0 | AK16: 0 | AL16: 0 | AM16: 0 | AN16: 0 | AO16: =SUM(AI16:AN16) -> 0 | AP16: 500 | AQ16: =+AP16 -> 500 | AR16: 0 | AS16: 0 | AT16: 0 | AU16: =SUM(AR16:AT16) -> 0 | AV16: 0 | AW16: 0 | AX16: =SUM(AV16:AW16) -> 0 | AY16: 0 | AZ16: =+AY16 -> 0 | BA16: 173.853 | BB16: 98.65 | BC16: =SUM(BA16:BB16) -> 272.503 | BD16: =+IF(C16="",0,BC16+AZ16+AX16+AU16+AQ16+AO16+AH16+AF16+AD16+AA16) -> 772.503 | BG16: =+BE16+BF16 -> 0 | BL16: =+BH16+BI16+BJ16+BK16 -> 0 | BO16: =+BM16+BN16 -> 0 | BU16: =+SUM(BP16:BT16) -> 0 | CC16: =+SUM(BV16:CB16) -> 0 | CH16: =+SUM(CD16:CG16) -> 0 | CO16: =+SUM(CI16:CN16) -> 0 | CR16: =+SUM(CP16:CQ16) -> 0 | CW16: =+SUM(CS16:CV16) -> 0 | CY16: =+CX16 -> 0 | CZ16: =+IF(C16="",0,CY16+CR16+CH16+BU16+BO16+BL16+CO16+CW16+CC16+BG16) -> 0 | DA16: =IF(C16="",0,CZ16+BD16+W16) -> 772.503 | DI16: =BD16-BC16-AX16-AQ16-AF16-AD16 -> 0
A17: 201.14 | B17: REMOCIÓN DE DUCTOS DE SERVICIOS EXISTENTES | C17: m | E17: =+IF(C17="", 0,D17) -> 0 | F17: 0 | G17: 0 | H17: =+IF(C17="", 0,SUM(F17:G17)) -> 0 | I17: 0 | J17: =+IF(C17="", 0,I17) -> 0 | K17: 0 | L17: 0 | M17: =+IF(C17="",0,K17+L17) -> 0 | N17: 0 | O17: 0 | P17: =+IF(C17="", 0,SUM(N17:O17)) -> 0 | Q17: 0 | R17: 0 | S17: =+IF(C17="",0,SUM(Q17:R17)) -> 0 | T17: 0 | U17: 0 | V17: =+IF(C17="",0,SUM(T17:U17)) -> 0 | W17: =+IF(C17="",0,E17+H17+J17+M17+P17+S17+V17) -> 0 | X17: 0 | Y17: 0 | Z17: 0 | AA17: =SUM(X17:Z17) -> 0 | AB17: 0 | AC17: 0 | AD17: =SUM(AB17:AC17) -> 0 | AE17: 0 | AF17: =+AE17 -> 0 | AG17: 0 | AH17: =+AG17 -> 0 | AI17: 0 | AJ17: 0 | AK17: 0 | AL17: 0 | AM17: 0 | AN17: 0 | AO17: =SUM(AI17:AN17) -> 0 | AP17: 0 | AQ17: =+AP17 -> 0 | AR17: 0 | AS17: 0 | AT17: 0 | AU17: =SUM(AR17:AT17) -> 0 | AV17: 0 | AW17: 0 | AX17: =SUM(AV17:AW17) -> 0 | AY17: 0 | AZ17: =+AY17 -> 0 | BA17: 0 | BB17: 0 | BC17: =SUM(BA17:BB17) -> 0 | BD17: =+IF(C17="",0,BC17+AZ17+AX17+AU17+AQ17+AO17+AH17+AF17+AD17+AA17) -> 0 | BG17: =+BE17+BF17 -> 0 | BL17: =+BH17+BI17+BJ17+BK17 -> 0 | BO17: =+BM17+BN17 -> 0 | BU17: =+SUM(BP17:BT17) -> 0 | CC17: =+SUM(BV17:CB17) -> 0 | CH17: =+SUM(CD17:CG17) -> 0 | CO17: =+SUM(CI17:CN17) -> 0 | CR17: =+SUM(CP17:CQ17) -> 0 | CW17: =+SUM(CS17:CV17) -> 0 | CY17: =+CX17 -> 0 | CZ17: =+IF(C17="",0,CY17+CR17+CH17+BU17+BO17+BL17+CO17+CW17+CC17+BG17) -> 0 | DA17: =IF(C17="",0,CZ17+BD17+W17) -> 0 | DI17: =BD17-BC17-AX17-AQ17-AF17-AD17 -> 0
A18: 201.14P1 | B18: REMOCION DE DUCTOS DE SERVICIOS EXISTENTES | C18: Und | E18: =+IF(C18="", 0,D18) -> 0 | F18: 0 | G18: 0 | H18: =+IF(C18="", 0,SUM(F18:G18)) -> 0 | I18: 0 | J18: =+IF(C18="", 0,I18) -> 0 | K18: 0 | L18: 0 | M18: =+IF(C18="",0,K18+L18) -> 0 | N18: 0 | O18: 0 | P18: =+IF(C18="", 0,SUM(N18:O18)) -> 0 | Q18: 0 | R18: 0 | S18: =+IF(C18="",0,SUM(Q18:R18)) -> 0 | T18: 0 | U18: 0 | V18: =+IF(C18="",0,SUM(T18:U18)) -> 0 | W18: =+IF(C18="",0,E18+H18+J18+M18+P18+S18+V18) -> 0 | X18: 0 | Y18: 0 | Z18: 0 | AA18: =SUM(X18:Z18) -> 0 | AB18: 0 | AC18: 0 | AD18: =SUM(AB18:AC18) -> 0 | AE18: 0 | AF18: =+AE18 -> 0 | AG18: 0 | AH18: =+AG18 -> 0 | AI18: 0 | AJ18: 0 | AK18: 0 | AL18: 0 | AM18: 0 | AN18: 0 | AO18: =SUM(AI18:AN18) -> 0 | AP18: 0 | AQ18: =+AP18 -> 0 | AR18: 0 | AS18: 0 | AT18: 0 | AU18: =SUM(AR18:AT18) -> 0 | AV18: 0 | AW18: 0 | AX18: =SUM(AV18:AW18) -> 0 | AY18: 0 | AZ18: =+AY18 -> 0 | BA18: 0 | BB18: 0 | BC18: =SUM(BA18:BB18) -> 0 | BD18: =+IF(C18="",0,BC18+AZ18+AX18+AU18+AQ18+AO18+AH18+AF18+AD18+AA18) -> 0 | BG18: =+BE18+BF18 -> 0 | BL18: =+BH18+BI18+BJ18+BK18 -> 0 | BO18: =+BM18+BN18 -> 0 | BU18: =+SUM(BP18:BT18) -> 0 | CC18: =+SUM(BV18:CB18) -> 0 | CH18: =+SUM(CD18:CG18) -> 0 | CO18: =+SUM(CI18:CN18) -> 0 | CR18: =+SUM(CP18:CQ18) -> 0 | CW18: =+SUM(CS18:CV18) -> 0 | CY18: =+CX18 -> 0 | CZ18: =+IF(C18="",0,CY18+CR18+CH18+BU18+BO18+BL18+CO18+CW18+CC18+BG18) -> 0 | DA18: =IF(C18="",0,CZ18+BD18+W18) -> 0 | DI18: =BD18-BC18-AX18-AQ18-AF18-AD18 -> 0
A19: 201.7 | B19: DEMOLICIÓN DE ESTRUCTURAS | C19: m3 | E19: =+IF(C19="", 0,D19) -> 0 | F19: 1.46 | G19: 283.28 | H19: =+IF(C19="", 0,SUM(F19:G19)) -> 284.74 | I19: 0 | J19: =+IF(C19="", 0,I19) -> 0 | K19: 0 | L19: 0 | M19: =+IF(C19="",0,K19+L19) -> 0 | N19: 103.05006 | O19: 7.2140909 | P19: =+IF(C19="", 0,SUM(N19:O19)) -> 110.26416 | Q19: 0 | R19: 0 | S19: =+IF(C19="",0,SUM(Q19:R19)) -> 0 | T19: 5.5134951 | U19: 44.718776 | V19: =+IF(C19="",0,SUM(T19:U19)) -> 50.232271 | W19: =+IF(C19="",0,E19+H19+J19+M19+P19+S19+V19) -> 445.23643 | X19: 0 | Y19: 0 | Z19: 0 | AA19: =SUM(X19:Z19) -> 0 | AB19: 0 | AC19: 0 | AD19: =SUM(AB19:AC19) -> 0 | AE19: 0 | AF19: =+AE19 -> 0 | AG19: 0 | AH19: =+AG19 -> 0 | AI19: 0 | AJ19: 0 | AK19: 0 | AL19: 0 | AM19: 0 | AN19: 0 | AO19: =SUM(AI19:AN19) -> 0 | AP19: 0 | AQ19: =+AP19 -> 0 | AR19: 0 | AS19: 0 | AT19: 0 | AU19: =SUM(AR19:AT19) -> 0 | AV19: 0 | AW19: 0 | AX19: =SUM(AV19:AW19) -> 0 | AY19: 0 | AZ19: =+AY19 -> 0 | BA19: 0 | BB19: 0 | BC19: =SUM(BA19:BB19) -> 0 | BD19: =+IF(C19="",0,BC19+AZ19+AX19+AU19+AQ19+AO19+AH19+AF19+AD19+AA19) -> 0 | BG19: =+BE19+BF19 -> 0 | BL19: =+BH19+BI19+BJ19+BK19 -> 0 | BO19: =+BM19+BN19 -> 0 | BU19: =+SUM(BP19:BT19) -> 0 | CC19: =+SUM(BV19:CB19) -> 0 | CH19: =+SUM(CD19:CG19) -> 0 | CO19: =+SUM(CI19:CN19) -> 0 | CR19: =+SUM(CP19:CQ19) -> 0 | CW19: =+SUM(CS19:CV19) -> 0 | CY19: =+CX19 -> 0 | CZ19: =+IF(C19="",0,CY19+CR19+CH19+BU19+BO19+BL19+CO19+CW19+CC19+BG19) -> 0 | DA19: =IF(C19="",0,CZ19+BD19+W19) -> 445.23643 | DI19: =BD19-BC19-AX19-AQ19-AF19-AD19 -> 0
B20: 2 Explanaciones
A21: 200.2 | B21: DESMONTE Y LIMPIEZA EN ZONAS NO BOSCOSAS | C21: Ha | E21: =+IF(C21="", 0,D21) -> 0 | F21: 0 | G21: 0 | H21: =+IF(C21="", 0,SUM(F21:G21)) -> 0 | I21: 0 | J21: =+IF(C21="", 0,I21) -> 0 | K21: 0 | L21: 10.5 | M21: =+IF(C21="",0,K21+L21) -> 10.5 | N21: 0 | O21: 0 | P21: =+IF(C21="", 0,SUM(N21:O21)) -> 0 | Q21: 2.715 | R21: 2.13 | S21: =+IF(C21="",0,SUM(Q21:R21)) -> 4.845 | T21: 0 | U21: 0 | V21: =+IF(C21="",0,SUM(T21:U21)) -> 0 | W21: =+IF(C21="",0,E21+H21+J21+M21+P21+S21+V21) -> 15.345 | X21: 0.1162 | Y21: 0.327528 | Z21: 1.2555 | AA21: =SUM(Z21) -> 1.2555 | AB21: 0 | AC21: 0 | AD21: =SUM(AB21:AC21) -> 0 | AE21: 0 | AF21: =+AE21 -> 0 | AG21: 0 | AH21: =+AG21 -> 0 | AI21: 3.4613593 | AJ21: 0.4757451 | AK21: 1.879175 | AL21: 5.385455 | AM21: 0 | AN21: 0 | AO21: =AI21+AM21+AN21 -> 3.4613593 | AP21: 0 | AQ21: =+AP21 -> 0 | AR21: 4.048025 | AS21: 3.5071288 | AT21: 1.6197248 | AU21: =SUM(AT21) -> 1.6197248 | AV21: 0 | AW21: 0 | AX21: =SUM(AV21:AW21) -> 0 | AY21: 0.925838 | AZ21: =+AY21 -> 0.925838 | BA21: 0 | BB21: 0 | BC21: =SUM(BA21:BB21) -> 0 | BD21: =+IF(C21="",0,BC21+AZ21+AX21+AU21+AQ21+AO21+AH21+AF21+AD21+AA21) -> 7.2624221 | BG21: =+BE21+BF21 -> 0 | BL21: =+BH21+BI21+BJ21+BK21 -> 0 | BO21: =+BM21+BN21 -> 0 | BU21: =+SUM(BP21:BT21) -> 0 | CC21: =+SUM(BV21:CB21) -> 0 | CH21: =+SUM(CD21:CG21) -> 0 | CO21: =+SUM(CI21:CN21) -> 0 | CR21: =+SUM(CP21:CQ21) -> 0 | CW21: =+SUM(CS21:CV21) -> 0 | CY21: =+CX21 -> 0 | CZ21: =+IF(C21="",0,CY21+CR21+CH21+BU21+BO21+BL21+CO21+CW21+CC21+BG21) -> 0 | DA21: =IF(C21="",0,CZ21+BD21+W21) -> 22.607422 | DI21: =BD21-BC21-AX21-AQ21-AF21-AD21 -> 7.2624221
A22: 210.2.2 | B22: EXCAVACIÓN EN MATERIAL COMÚN DE LA EXPLANACIÓN Y CANALES | C22: m3 | E22: =+IF(C22="", 0,D22) -> 0 | F22: 1490.22 | G22: 9732.97 | H22: =+IF(C22="", 0,SUM(F22:G22)) -> 11223.19 | I22: 9827.55 | J22: =+IF(C22="", 0,I22) -> 9827.55 | K22: 852.82 | L22: 4318.05 | M22: =+IF(C22="",0,K22+L22) -> 5170.87 | N22: 2412.8908 | O22: 1544.928 | P22: =+IF(C22="", 0,SUM(N22:O22)) -> 3957.8188 | Q22: 25401.49 | R22: 113925.57 | S22: =+IF(C22="",0,SUM(Q22:R22)) -> 139327.06 | T22: 1175.9 | U22: 1544.65 | V22: =+IF(C22="",0,SUM(T22:U22)) -> 2720.55 | W22: =+IF(C22="",0,E22+H22+J22+M22+P22+S22+V22) -> 172227.04 | X22: 0 | Y22: 60.4 | Z22: 0 | AA22: =SUM(Z22) -> 0 | AB22: 7038.405 | AC22: 5075 | AD22: =SUM(AB22:AC22) -> 12113.405 | AE22: 40498.674 | AF22: =+AE22 -> 40498.674 | AG22: 31136.8 | AH22: =+AG22 -> 31136.8 | AI22: 164.55 | AJ22: 0 | AK22: 1438.7 | AL22: 284.5 | AM22: 0 | AN22: 0 | AO22: =AI22+AM22+AN22 -> 164.55 | AP22: 42244.65 | AQ22: =+AP22 -> 42244.65 | AR22: 207.10904 | AS22: 3656.7 | AT22: 654.935 | AU22: =SUM(AT22) -> 654.935 | AV22: 9544 | AW22: 21281.269 | AX22: =SUM(AV22:AW22) -> 30825.269 | AY22: 2541.3 | AZ22: =+AY22 -> 2541.3 | BA22: 58820.225 | BB22: 6395.69 | BC22: =SUM(BA22:BB22) -> 65215.915 | BD22: =+IF(C22="",0,BC22+AZ22+AX22+AU22+AQ22+AO22+AH22+AF22+AD22+AA22) -> 225395.5 | BG22: =+BE22+BF22 -> 0 | BH22: 811.96 | BL22: =+BH22+BI22+BJ22+BK22 -> 811.96 | BO22: =+BM22+BN22 -> 0 | BT22: 72876.2 | BU22: =+SUM(BP22:BT22) -> 72876.2 | BV22: 1051.25 | BW22: 127732.55 | BY22: 17359.9 | BZ22: 1471.4 | CA22: 2721.2 | CB22: 946.35 | CC22: =+SUM(BV22:CB22) -> 151282.65 | CH22: =+SUM(CD22:CG22) -> 0 | CO22: =+SUM(CI22:CN22) -> 0 | CR22: =+SUM(CP22:CQ22) -> 0 | CW22: =+SUM(CS22:CV22) -> 0 | CY22: =+CX22 -> 0 | CZ22: =+IF(C22="",0,CY22+CR22+CH22+BU22+BO22+BL22+CO22+CW22+CC22+BG22) -> 224970.81 | DA22: =IF(C22="",0,CZ22+BD22+W22) -> 622593.35 | DI22: =BD22-BC22-AX22-AQ22-AF22-AD22 -> 34497.585
A23: 210.2.1 | B23: EXCAVACIÓN EN ROCA DE LA EXPLANACIÓN Y CANALES | C23: m3 | E23: =+IF(C23="", 0,D23) -> 0 | F23: 0 | G23: 0 | H23: =+IF(C23="", 0,SUM(F23:G23)) -> 0 | I23: 0 | J23: =+IF(C23="", 0,I23) -> 0 | K23: 0 | L23: 0 | M23: =+IF(C23="",0,K23+L23) -> 0 | N23: 0 | O23: 0 | P23: =+IF(C23="", 0,SUM(N23:O23)) -> 0 | Q23: 0 | R23: 0 | S23: =+IF(C23="",0,SUM(Q23:R23)) -> 0 | T23: 0 | U23: 0 | V23: =+IF(C23="",0,SUM(T23:U23)) -> 0 | W23: =+IF(C23="",0,E23+H23+J23+M23+P23+S23+V23) -> 0 | X23: 0 | Y23: 0 | Z23: 0 | AA23: =SUM(Z23) -> 0 | AB23: 0 | AC23: 0 | AD23: =SUM(AB23:AC23) -> 0 | AE23: 0 | AF23: =+AE23 -> 0 | AG23: 0 | AH23: =+AG23 -> 0 | AI23: 0 | AJ23: 0 | AK23: 0 | AL23: 0 | AM23: 0 | AN23: 0 | AO23: =SUM(AI23:AN23) -> 0 | AP23: 0 | AQ23: =+AP23 -> 0 | AR23: 0 | AS23: 0 | AT23: 0 | AU23: =SUM(AR23:AT23) -> 0 | AV23: 0 | AW23: 0 | AX23: =SUM(AV23:AW23) -> 0 | AY23: 0 | AZ23: =+AY23 -> 0 | BA23: 0 | BB23: 0 | BC23: =SUM(BA23:BB23) -> 0 | BD23: =+IF(C23="",0,BC23+AZ23+AX23+AU23+AQ23+AO23+AH23+AF23+AD23+AA23) -> 0 | BG23: =+BE23+BF23 -> 0 | BL23: =+BH23+BI23+BJ23+BK23 -> 0 | BO23: =+BM23+BN23 -> 0 | BU23: =+SUM(BP23:BT23) -> 0 | CC23: =+SUM(BV23:CB23) -> 0 | CH23: =+SUM(CD23:CG23) -> 0 | CO23: =+SUM(CI23:CN23) -> 0 | CR23: =+SUM(CP23:CQ23) -> 0 | CW23: =+SUM(CS23:CV23) -> 0 | CY23: =+CX23 -> 0 | CZ23: =+IF(C23="",0,CY23+CR23+CH23+BU23+BO23+BL23+CO23+CW23+CC23+BG23) -> 0 | DA23: =IF(C23="",0,CZ23+BD23+W23) -> 0 | DI23: =BD23-BC23-AX23-AQ23-AF23-AD23 -> 0
A24: 210.1.1 | B24: EXCAVACIÓN SIN CLASIFICAR DE LA EXPLANACIÓN Y CANALES | C24: m3 | E24: =+IF(C24="", 0,D24) -> 0 | F24: 0 | G24: 0 | H24: =+IF(C24="", 0,SUM(F24:G24)) -> 0 | I24: 0 | J24: =+IF(C24="", 0,I24) -> 0 | K24: 0 | L24: 0 | M24: =+IF(C24="",0,K24+L24) -> 0 | N24: 0 | O24: 0 | P24: =+IF(C24="", 0,SUM(N24:O24)) -> 0 | Q24: 0 | R24: 0 | S24: =+IF(C24="",0,SUM(Q24:R24)) -> 0 | T24: 0 | U24: 0 | V24: =+IF(C24="",0,SUM(T24:U24)) -> 0 | W24: =+IF(C24="",0,E24+H24+J24+M24+P24+S24+V24) -> 0 | X24: 0 | Y24: 0 | Z24: 0 | AA24: =SUM(Z24) -> 0 | AB24: 0 | AC24: 0 | AD24: =SUM(AB24:AC24) -> 0 | AE24: 0 | AF24: =+AE24 -> 0 | AG24: 0 | AH24: =+AG24 -> 0 | AI24: 0 | AJ24: 0 | AK24: 0 | AL24: 0 | AM24: 0 | AN24: 0 | AO24: =SUM(AI24:AN24) -> 0 | AP24: 0 | AQ24: =+AP24 -> 0 | AR24: 0 | AS24: 0 | AT24: 0 | AU24: =SUM(AR24:AT24) -> 0 | AV24: 0 | AW24: 0 | AX24: =SUM(AV24:AW24) -> 0 | AY24: 0 | AZ24: =+AY24 -> 0 | BA24: 0 | BB24: 0 | BC24: =SUM(BA24:BB24) -> 0 | BD24: =+IF(C24="",0,BC24+AZ24+AX24+AU24+AQ24+AO24+AH24+AF24+AD24+AA24) -> 0 | BG24: =+BE24+BF24 -> 0 | BL24: =+BH24+BI24+BJ24+BK24 -> 0 | BO24: =+BM24+BN24 -> 0 | BU24: =+SUM(BP24:BT24) -> 0 | CC24: =+SUM(BV24:CB24) -> 0 | CH24: =+SUM(CD24:CG24) -> 0 | CO24: =+SUM(CI24:CN24) -> 0 | CR24: =+SUM(CP24:CQ24) -> 0 | CW24: =+SUM(CS24:CV24) -> 0 | CY24: =+CX24 -> 0 | CZ24: =+IF(C24="",0,CY24+CR24+CH24+BU24+BO24+BL24+CO24+CW24+CC24+BG24) -> 0 | DA24: =IF(C24="",0,CZ24+BD24+W24) -> 0 | DI24: =BD24-BC24-AX24-AQ24-AF24-AD24 -> 0
A25: 220.1 P-A | B25: TERRAPLENES (INCLUYE MATERIAL CUERPO TERRAPLEN CBR=12%) | C25: m3 | E25: =+IF(C25="", 0,D25) -> 0 | F25: 1131.84 | G25: 4594.275 | H25: =+IF(C25="", 0,SUM(F25:G25)) -> 5726.115 | I25: 0 | J25: =+IF(C25="", 0,I25) -> 0 | K25: 5636.232 | L25: 3116.4 | M25: =+IF(C25="",0,K25+L25) -> 8752.632 | N25: 0 | O25: 0 | P25: =+IF(C25="", 0,SUM(N25:O25)) -> 0 | Q25: 3021.81 | R25: 17996.28 | S25: =+IF(C25="",0,SUM(Q25:R25)) -> 21018.09 | T25: 0 | U25: 0 | V25: =+IF(C25="",0,SUM(T25:U25)) -> 0 | W25: =+IF(C25="",0,E25+H25+J25+M25+P25+S25+V25) -> 35496.837 | X25: 2355.19 | Y25: 3838.958 | Z25: 16049.55 | AA25: =SUM(Z25) -> 16049.55 | AB25: 11141.667 | AC25: 474.05 | AD25: =SUM(AB25:AC25) -> 11615.717 | AE25: 55410.389 | AF25: =+AE25 -> 55410.389 | AG25: 170021.91 | AH25: =+AG25 -> 170021.91 | AI25: 46341.249 | AJ25: 7041.326 | AK25: 29840.394 | AL25: 103506.96 | AM25: 0 | AN25: 0 | AO25: =AI25+AM25+AN25 -> 46341.249 | AP25: 47123.572 | AQ25: =+AP25 -> 47123.572 | AR25: 83382.806 | AS25: 24459.614 | AT25: 24977.611 | AU25: =SUM(AT25) -> 24977.611 | AV25: 1601.44 | AW25: 1499.6728 | AX25: =SUM(AV25:AW25) -> 3101.1128 | AY25: 9117.98 | AZ25: =+AY25 -> 9117.98 | BA25: 5684.585 | BB25: 1481.005 | BC25: =SUM(BA25:BB25) -> 7165.59 | BD25: =+IF(C25="",0,BC25+AZ25+AX25+AU25+AQ25+AO25+AH25+AF25+AD25+AA25) -> 390924.69 | BG25: =+BE25+BF25 -> 0 | BH25: 533.95 | BI25: 6401.66 | BJ25: 22889.15 | BK25: 16161.75 | BL25: =+BH25+BI25+BJ25+BK25 -> 45986.51 | BM25: 27396.9 | BN25: 15156.35 | BO25: =+BM25+BN25 -> 42553.25 | BT25: 466.7 | BU25: =+SUM(BP25:BT25) -> 466.7 | BV25: 1376.11 | BW25: 2205.07 | BY25: 5193.92 | BZ25: 199.05 | CA25: 3845.28 | CB25: 66.05 | CC25: =+SUM(BV25:CB25) -> 12885.48 | CD25: 527.76 | CE25: 2902.68 | CF25: 1055.52 | CG25: 1055.52 | CH25: =+SUM(CD25:CG25) -> 5541.48 | CI25: 14768.102 | CJ25: 368.3 | CK25: 959.95 | CL25: 1484.7 | CM25: 3099.35 | CN25: 2585.05 | CO25: =+SUM(CI25:CN25) -> 23265.452 | CP25: 20762.956 | CQ25: 5642.02 | CR25: =+SUM(CP25:CQ25) -> 26404.976 | CS25: 36650.789 | CT25: 21966.36 | CU25: 4166.48 | CV25: 21998.44 | CW25: =+SUM(CS25:CV25) -> 84782.069 | CX25: 353.9 | CY25: =+CX25 -> 353.9 | CZ25: =+IF(C25="",0,CY25+CR25+CH25+BU25+BO25+BL25+CO25+CW25+CC25+BG25) -> 242239.82 | DA25: =IF(C25="",0,CZ25+BD25+W25) -> 668661.34 | DI25: =BD25-BC25-AX25-AQ25-AF25-AD25 -> 266508.31
A26: 220.1 P-B | B26: TERRAPLENES (INCLUYE MATERIAL CORONAS CBR=20%) | C26: m3 | E26: =+IF(C26="", 0,D26) -> 0 | F26: 1579.4685 | G26: 8057.9975 | H26: =+IF(C26="", 0,SUM(F26:G26)) -> 9637.466 | I26: 8442.9454 | J26: =+IF(C26="", 0,I26) -> 8442.9454 | K26: 2996.622 | L26: 1656.9 | M26: =+IF(C26="",0,K26+L26) -> 4653.522 | N26: 0 | O26: 0 | P26: =+IF(C26="", 0,SUM(N26:O26)) -> 0 | Q26: 3421.3957 | R26: 6248.7657 | S26: =+IF(C26="",0,SUM(Q26:R26)) -> 9670.1615 | T26: 0 | U26: 0 | V26: =+IF(C26="",0,SUM(T26:U26)) -> 0 | W26: =+IF(C26="",0,E26+H26+J26+M26+P26+S26+V26) -> 32404.095 | X26: 342.2685 | Y26: 899.6772 | Z26: 2764.887 | AA26: =SUM(Z26) -> 2764.887 | AB26: 2994.4172 | AC26: 360 | AD26: =SUM(AB26:AC26) -> 3354.4172 | AE26: 14921.775 | AF26: =+AE26 -> 14921.775 | AG26: 31987.834 | AH26: =+AG26 -> 31987.834 | AI26: 9333.0853 | AJ26: 1440.4142 | AK26: 4834.8801 | AL26: 13385.78 | AM26: 0 | AN26: 0 | AO26: =AI26+AM26+AN26 -> 9333.0853 | AP26: 8524.5565 | AQ26: =+AP26 -> 8524.5565 | AR26: 9333.2708 | AS26: 10522.312 | AT26: 4240.1689 | AU26: =SUM(AT26) -> 4240.1689 | AV26: 93.585 | AW26: 2752.9359 | AX26: =SUM(AV26:AW26) -> 2846.5209 | AY26: 2640.357 | AZ26: =+AY26 -> 2640.357 | BA26: 3421.8444 | BB26: 473.52 | BC26: =SUM(BA26:BB26) -> 3895.3644 | BD26: =+IF(C26="",0,BC26+AZ26+AX26+AU26+AQ26+AO26+AH26+AF26+AD26+AA26) -> 84508.967 | BG26: =+BE26+BF26 -> 0 | BH26: 577.5 | BI26: 812.46 | BJ26: 3693 | BK26: 746.5 | BL26: =+BH26+BI26+BJ26+BK26 -> 5829.46 | BM26: 4431.6 | BN26: 738.6 | BO26: =+BM26+BN26 -> 5170.2 | BT26: 360 | BU26: =+SUM(BP26:BT26) -> 360 | BV26: 590.88 | BW26: 832 | BY26: 997.11 | BZ26: 480 | CA26: 1218.69 | CB26: 172.5 | CC26: =+SUM(BV26:CB26) -> 4291.18 | CD26: 239.58 | CE26: 1317.69 | CF26: 479.16 | CG26: 479.16 | CH26: =+SUM(CD26:CG26) -> 2515.59 | CI26: 9148.048 | CJ26: 1349.71 | CK26: 532.5 | CL26: 3899.17 | CM26: 1597.5 | CN26: 1241.7 | CO26: =+SUM(CI26:CN26) -> 17768.628 | CP26: 3747.744 | CQ26: 5711.23 | CR26: =+SUM(CP26:CQ26) -> 9458.974 | CS26: 4899.411 | CT26: 3226.34 | CU26: 503.12 | CV26: 2216.12 | CW26: =+SUM(CS26:CV26) -> 10844.991 | CX26: 180 | CY26: =+CX26 -> 180 | CZ26: =+IF(C26="",0,CY26+CR26+CH26+BU26+BO26+BL26+CO26+CW26+CC26+BG26) -> 56419.023 | DA26: =IF(C26="",0,CZ26+BD26+W26) -> 173332.08 | DI26: =BD26-BC26-AX26-AQ26-AF26-AD26 -> 50966.332
A27: 230.1 | B27: MEJORAMIENTO DE LA SUBRASANTE CON ADICION DE MATERIALES | C27: m3 | E27: =+IF(C27="", 0,D27) -> 0 | F27: 0 | G27: 0 | H27: =+IF(C27="", 0,SUM(F27:G27)) -> 0 | I27: 0 | J27: =+IF(C27="", 0,I27) -> 0 | K27: 0 | L27: 0 | M27: =+IF(C27="",0,K27+L27) -> 0 | N27: 0 | O27: 0 | P27: =+IF(C27="", 0,SUM(N27:O27)) -> 0 | Q27: 14849.38 | R27: 89519.19 | S27: =+IF(C27="",0,SUM(Q27:R27)) -> 104368.57 | T27: 4084.25 | U27: 5374.04 | V27: =+IF(C27="",0,SUM(T27:U27)) -> 9458.29 | W27: =+IF(C27="",0,E27+H27+J27+M27+P27+S27+V27) -> 113826.86 | X27: 0 | Y27: 0 | Z27: 0 | AA27: =SUM(Z27) -> 0 | AB27: 0 | AC27: 0 | AD27: =SUM(AB27:AC27) -> 0 | AE27: 0 | AF27: =+AE27 -> 0 | AG27: 0 | AH27: =+AG27 -> 0 | AI27: 0 | AJ27: 0 | AK27: 0 | AL27: 0 | AM27: 0 | AN27: 0 | AO27: =SUM(AI27:AN27) -> 0 | AP27: 0 | AQ27: =+AP27 -> 0 | AR27: 0 | AS27: 0 | AT27: 0 | AU27: =SUM(AR27:AT27) -> 0 | AV27: 0 | AW27: 0 | AX27: =SUM(AV27:AW27) -> 0 | AY27: 0 | AZ27: =+AY27 -> 0 | BA27: 0 | BB27: 0 | BC27: =SUM(BA27:BB27) -> 0 | BD27: =+IF(C27="",0,BC27+AZ27+AX27+AU27+AQ27+AO27+AH27+AF27+AD27+AA27) -> 0 | BG27: =+BE27+BF27 -> 0 | BL27: =+BH27+BI27+BJ27+BK27 -> 0 | BO27: =+BM27+BN27 -> 0 | BU27: =+SUM(BP27:BT27) -> 0 | CC27: =+SUM(BV27:CB27) -> 0 | CH27: =+SUM(CD27:CG27) -> 0 | CO27: =+SUM(CI27:CN27) -> 0 | CR27: =+SUM(CP27:CQ27) -> 0 | CW27: =+SUM(CS27:CV27) -> 0 | CY27: =+CX27 -> 0 | CZ27: =+IF(C27="",0,CY27+CR27+CH27+BU27+BO27+BL27+CO27+CW27+CC27+BG27) -> 0 | DA27: =IF(C27="",0,CZ27+BD27+W27) -> 113826.86 | DI27: =BD27-BC27-AX27-AQ27-AF27-AD27 -> 0
A28: 230.2 | B28: MEJORAMIENTO DE LA SUBRASANTE EMPLEANDO UNICAMENTE MATERIAL ADICIONADO | C28: m³ | E28: =+IF(C28="", 0,D28) -> 0 | F28: 2393.382 | G28: 1076.44 | H28: =+IF(C28="", 0,SUM(F28:G28)) -> 3469.822 | I28: 180134.07 | J28: =+IF(C28="", 0,I28) -> 180134.07 | K28: 0 | L28: 0 | M28: =+IF(C28="",0,K28+L28) -> 0 | N28: 0 | O28: 0 | P28: =+IF(C28="", 0,SUM(N28:O28)) -> 0 | Q28: 0 | R28: 0 | S28: =+IF(C28="",0,SUM(Q28:R28)) -> 0 | T28: 0 | U28: 0 | V28: =+IF(C28="",0,SUM(T28:U28)) -> 0 | W28: =+IF(C28="",0,E28+H28+J28+M28+P28+S28+V28) -> 183603.89 | X28: 0 | Y28: 0 | Z28: 0 | AA28: =SUM(Z28) -> 0 | AB28: 0 | AC28: 0 | AD28: =SUM(AB28:AC28) -> 0 | AE28: 0 | AF28: =+AE28 -> 0 | AG28: 0 | AH28: =+AG28 -> 0 | AI28: 0 | AJ28: 0 | AK28: 0 | AL28: 0 | AM28: 0 | AN28: 0 | AO28: =SUM(AI28:AN28) -> 0 | AP28: 0 | AQ28: =+AP28 -> 0 | AR28: 0 | AS28: 0 | AT28: 0 | AU28: =SUM(AR28:AT28) -> 0 | AV28: 0 | AW28: 0 | AX28: =SUM(AV28:AW28) -> 0 | AY28: 0 | AZ28: =+AY28 -> 0 | BA28: 0 | BB28: 0 | BC28: =SUM(BA28:BB28) -> 0 | BD28: =+IF(C28="",0,BC28+AZ28+AX28+AU28+AQ28+AO28+AH28+AF28+AD28+AA28) -> 0 | BG28: =+BE28+BF28 -> 0 | BL28: =+BH28+BI28+BJ28+BK28 -> 0 | BO28: =+BM28+BN28 -> 0 | BU28: =+SUM(BP28:BT28) -> 0 | CC28: =+SUM(BV28:CB28) -> 0 | CH28: =+SUM(CD28:CG28) -> 0 | CO28: =+SUM(CI28:CN28) -> 0 | CR28: =+SUM(CP28:CQ28) -> 0 | CW28: =+SUM(CS28:CV28) -> 0 | CY28: =+CX28 -> 0 | CZ28: =+IF(C28="",0,CY28+CR28+CH28+BU28+BO28+BL28+CO28+CW28+CC28+BG28) -> 0 | DA28: =IF(C28="",0,CZ28+BD28+W28) -> 183603.89 | DI28: =BD28-BC28-AX28-AQ28-AF28-AD28 -> 0
A29: 234.1 P-A | B29: CONFORMACIÓN Y CORTE DE TALUDES EXISTENTES | C29: m3 | E29: =+IF(C29="", 0,D29) -> 0 | F29: 0 | G29: 1840.0542 | H29: =+IF(C29="", 0,SUM(F29:G29)) -> 1840.0542 | I29: 2655.8438 | J29: =+IF(C29="", 0,I29) -> 2655.8438 | K29: 0 | L29: 0 | M29: =+IF(C29="",0,K29+L29) -> 0 | N29: 0 | O29: 0 | P29: =+IF(C29="", 0,SUM(N29:O29)) -> 0 | Q29: 0 | R29: 0 | S29: =+IF(C29="",0,SUM(Q29:R29)) -> 0 | T29: 2022.75 | U29: 4719.75 | V29: =+IF(C29="",0,SUM(T29:U29)) -> 6742.5 | W29: =+IF(C29="",0,E29+H29+J29+M29+P29+S29+V29) -> 11238.398 | X29: 0 | Y29: 0 | Z29: 0 | AA29: =SUM(Z29) -> 0 | AB29: 0 | AC29: 0 | AD29: =SUM(AB29:AC29) -> 0 | AE29: 0 | AF29: =+AE29 -> 0 | AG29: 0 | AH29: =+AG29 -> 0 | AI29: 0 | AJ29: 0 | AK29: 0 | AL29: 0 | AM29: 0 | AN29: 0 | AO29: =SUM(AI29:AN29) -> 0 | AP29: 0 | AQ29: =+AP29 -> 0 | AR29: 0 | AS29: 0 | AT29: 0 | AU29: =SUM(AR29:AT29) -> 0 | AV29: 0 | AW29: 0 | AX29: =SUM(AV29:AW29) -> 0 | AY29: 0 | AZ29: =+AY29 -> 0 | BA29: 0 | BB29: 0 | BC29: =SUM(BA29:BB29) -> 0 | BD29: =+IF(C29="",0,BC29+AZ29+AX29+AU29+AQ29+AO29+AH29+AF29+AD29+AA29) -> 0 | BG29: =+BE29+BF29 -> 0 | BL29: =+BH29+BI29+BJ29+BK29 -> 0 | BO29: =+BM29+BN29 -> 0 | BU29: =+SUM(BP29:BT29) -> 0 | CC29: =+SUM(BV29:CB29) -> 0 | CH29: =+SUM(CD29:CG29) -> 0 | CO29: =+SUM(CI29:CN29) -> 0 | CR29: =+SUM(CP29:CQ29) -> 0 | CW29: =+SUM(CS29:CV29) -> 0 | CY29: =+CX29 -> 0 | CZ29: =+IF(C29="",0,CY29+CR29+CH29+BU29+BO29+BL29+CO29+CW29+CC29+BG29) -> 0 | DA29: =IF(C29="",0,CZ29+BD29+W29) -> 11238.398 | DI29: =BD29-BC29-AX29-AQ29-AF29-AD29 -> 0
A30: 234.1 P-B | B30: CONFORMACIÓN DE ZODMES | C30: m3 | E30: =+IF(C30="", 0,D30) -> 0 | F30: 0 | G30: 0 | H30: =+IF(C30="", 0,SUM(F30:G30)) -> 0 | I30: 0 | J30: =+IF(C30="", 0,I30) -> 0 | K30: 0 | L30: 0 | M30: =+IF(C30="",0,K30+L30) -> 0 | N30: 0 | O30: 0 | P30: =+IF(C30="", 0,SUM(N30:O30)) -> 0 | Q30: 0 | R30: 0 | S30: =+IF(C30="",0,SUM(Q30:R30)) -> 0 | T30: 0 | U30: 0 | V30: =+IF(C30="",0,SUM(T30:U30)) -> 0 | W30: =+IF(C30="",0,E30+H30+J30+M30+P30+S30+V30) -> 0 | X30: 0 | Y30: 0 | Z30: 0 | AA30: =SUM(Z30) -> 0 | AB30: 0 | AC30: 0 | AD30: =SUM(AB30:AC30) -> 0 | AE30: 0 | AF30: =+AE30 -> 0 | AG30: 0 | AH30: =+AG30 -> 0 | AI30: 0 | AJ30: 0 | AK30: 0 | AL30: 0 | AM30: 0 | AN30: 0 | AO30: =SUM(AI30:AN30) -> 0 | AP30: 0 | AQ30: =+AP30 -> 0 | AR30: 0 | AS30: 0 | AT30: 0 | AU30: =SUM(AR30:AT30) -> 0 | AV30: 0 | AW30: 0 | AX30: =SUM(AV30:AW30) -> 0 | AY30: 0 | AZ30: =+AY30 -> 0 | BA30: 0 | BB30: 0 | BC30: =SUM(BA30:BB30) -> 0 | BD30: =+IF(C30="",0,BC30+AZ30+AX30+AU30+AQ30+AO30+AH30+AF30+AD30+AA30) -> 0 | BG30: =+BE30+BF30 -> 0 | BL30: =+BH30+BI30+BJ30+BK30 -> 0 | BO30: =+BM30+BN30 -> 0 | BU30: =+SUM(BP30:BT30) -> 0 | CC30: =+SUM(BV30:CB30) -> 0 | CH30: =+SUM(CD30:CG30) -> 0 | CO30: =+SUM(CI30:CN30) -> 0 | CR30: =+SUM(CP30:CQ30) -> 0 | CW30: =+SUM(CS30:CV30) -> 0 | CY30: =+CX30 -> 0 | CZ30: =+IF(C30="",0,CY30+CR30+CH30+BU30+BO30+BL30+CO30+CW30+CC30+BG30) -> 0 | DA30: =IF(C30="",0,CZ30+BD30+W30) -> 0 | DI30: =BD30-BC30-AX30-AQ30-AF30-AD30 -> 0
A31: 900.1 | B31: TRANSPORTE DE MATERIALES PROVENIENTES DE LA EXCAVACION DE LA EXPLANACION, CANALES Y PRESTAMOS, ENTRE CIEN METROS (100 m) Y MIL METROS (1000 m) DE DISTANCIA | C31: m3/E | E31: =+IF(C31="", 0,D31) -> 0 | F31: =+(F22+F29+F24)*1.25 -> 1862.775 | G31: =+(G22+G29+G24)*1.25 -> 14466.28 | H31: =+IF(C31="", 0,SUM(F31:G31)) -> 16329.055 | I31: =+(I22+I29+I24)*1.25 -> 15604.242 | J31: =+IF(C31="", 0,I31) -> 15604.242 | K31: =+(K22+K29+K24)*1.25 -> 1066.025 | L31: =+(L22+L29+L24)*1.25 -> 5397.5625 | M31: =+IF(C31="",0,K31+L31) -> 6463.5875 | N31: =+(N22+N29+N24)*1.25 -> 3016.1135 | O31: =+(O22+O29+O24)*1.25 -> 1931.16 | P31: =+IF(C31="", 0,SUM(N31:O31)) -> 4947.2735 | Q31: =+(Q22+Q29+Q24)*1.25 -> 31751.863 | R31: =+(R22+R29+R24)*1.25 -> 142406.96 | S31: =+IF(C31="",0,SUM(Q31:R31)) -> 174158.83 | T31: =+(T22+T29+T24)*1.25 -> 3998.3125 | U31: =+(U22+U29+U24)*1.25 -> 7830.5 | V31: =+IF(C31="",0,SUM(T31:U31)) -> 11828.813 | W31: =+IF(C31="",0,E31+H31+J31+M31+P31+S31+V31) -> 229331.8 | X31: =+(X22+X29+X24)*1.25 -> 0 | Y31: =+(Y22+Y29+Y24)*1.25 -> 75.5 | Z31: =+(Z22+Z29+Z24)*1.25 -> 0 | AA31: =SUM(Z31) -> 0 | AB31: =+(AB22+AB29+AB24)*1.25 -> 8798.0063 | AC31: =+(AC22+AC29+AC24)*1.25 -> 6343.75 | AD31: =SUM(AB31:AC31) -> 15141.756 | AE31: =+(AE22+AE29+AE24)*1.25 -> 50623.343 | AF31: =+AE31 -> 50623.343 | AG31: =+(AG22+AG29+AG24)*1.25 -> 38921 | AH31: =+AG31 -> 38921 | AI31: =+(AI22+AI29+AI24)*1.25 -> 205.6875 | AJ31: =+(AJ22+AJ29+AJ24)*1.25 -> 0 | AK31: =+(AK22+AK29+AK24)*1.25 -> 1798.375 | AL31: =+(AL22+AL29+AL24)*1.25 -> 355.625 | AM31: 0 | AN31: 0 | AO31: =AI31+AM31+AN31 -> 205.6875 | AP31: =+(AP22+AP29+AP24)*1.25 -> 52805.812 | AQ31: =+AP31 -> 52805.812 | AR31: =+(AR22+AR29+AR24)*1.25 -> 258.8863 | AS31: =+(AS22+AS29+AS24)*1.25 -> 4570.875 | AT31: =+(AT22+AT29+AT24)*1.25 -> 818.66875 | AU31: =SUM(AT31) -> 818.66875 | AV31: =+(AV22+AV29+AV24)*1.25 -> 11930 | AW31: =+(AW22+AW29+AW24)*1.25 -> 26601.587 | AX31: =SUM(AV31:AW31) -> 38531.587 | AY31: =+(AY22+AY29+AY24)*1.25 -> 3176.625 | AZ31: =+AY31 -> 3176.625 | BA31: =+(BA22+BA29+BA24)*1.25 -> 73525.281 | BB31: =+(BB22+BB29+BB24)*1.25 -> 7994.6125 | BC31: =SUM(BA31:BB31) -> 81519.894 | BD31: =+IF(C31="",0,BC31+AZ31+AX31+AU31+AQ31+AO31+AH31+AF31+AD31+AA31) -> 281744.37 | BE31: =+(BE22+BE29+BE24)*1.25 -> 0 | BF31: =+(BF22+BF29+BF24)*1.25 -> 0 | BG31: =+BE31+BF31 -> 0 | BH31: =+(BH22+BH29+BH24)*1.25 -> 1014.95 | BI31: =+(BI22+BI29+BI24)*1.25 -> 0 | BJ31: =+(BJ22+BJ29+BJ24)*1.25 -> 0 | BK31: =+(BK22+BK29+BK24)*1.25 -> 0 | BL31: =+BH31+BI31+BJ31+BK31 -> 1014.95 | BM31: =+(BM22+BM29+BM24)*1.25 -> 0 | BN31: =+(BN22+BN29+BN24)*1.25 -> 0 | BO31: =+BM31+BN31 -> 0 | BP31: =+(BP22+BP29+BP24)*1.25 -> 0 | BQ31: =+(BQ22+BQ29+BQ24)*1.25 -> 0 | BR31: =+(BR22+BR29+BR24)*1.25 -> 0 | BS31: =+(BS22+BS29+BS24)*1.25 -> 0 | BT31: =+(BT22+BT29+BT24)*1.25 -> 91095.25 | BU31: =+SUM(BP31:BT31) -> 91095.25 | BV31: =+(BV22+BV29+BV24)*1.25 -> 1314.0625 | BW31: =+(BW22+BW29+BW24)*1.25 -> 159665.69 | BX31: =+(BX22+BX29+BX24)*1.25 -> 0 | BY31: =+(BY22+BY29+BY24)*1.25 -> 21699.875 | BZ31: =+(BZ22+BZ29+BZ24)*1.25 -> 1839.25 | CA31: =+(CA22+CA29+CA24)*1.25 -> 3401.5 | CB31: =+(CB22+CB29+CB24)*1.25 -> 1182.9375 | CC31: =+SUM(BV31:CB31) -> 189103.31 | CD31: =+(CD22+CD29+CD24)*1.25 -> 0 | CE31: =+(CE22+CE29+CE24)*1.25 -> 0 | CF31: =+(CF22+CF29+CF24)*1.25 -> 0 | CG31: =+(CG22+CG29+CG24)*1.25 -> 0 | CH31: =+SUM(CD31:CG31) -> 0 | CI31: =+(CI22+CI29+CI24)*1.25 -> 0 | CJ31: =+(CJ22+CJ29+CJ24)*1.25 -> 0 | CK31: =+(CK22+CK29+CK24)*1.25 -> 0 | CL31: =+(CL22+CL29+CL24)*1.25 -> 0 | CM31: =+(CM22+CM29+CM24)*1.25 -> 0 | CN31: =+(CN22+CN29+CN24)*1.25 -> 0 | CO31: =+SUM(CI31:CN31) -> 0 | CP31: =+(CP22+CP29+CP24)*1.25 -> 0 | CQ31: =+(CQ22+CQ29+CQ24)*1.25 -> 0 | CR31: =+SUM(CP31:CQ31) -> 0 | CS31: =+(CS22+CS29+CS24)*1.25 -> 0 | CT31: =+(CT22+CT29+CT24)*1.25 -> 0 | CU31: =+(CU22+CU29+CU24)*1.25 -> 0 | CV31: =+(CV22+CV29+CV24)*1.25 -> 0 | CW31: =+SUM(CS31:CV31) -> 0 | CX31: =+(CX22+CX29+CX24)*1.25 -> 0 | CY31: =+CX31 -> 0 | CZ31: =+IF(C31="",0,CY31+CR31+CH31+BU31+BO31+BL31+CO31+CW31+CC31+BG31) -> 281213.51 | DA31: =IF(C31="",0,CZ31+BD31+W31) -> 792289.68
A32: 900.2 P-A | B32: TRANSPORTE DE MATERIALES SELECCIONADOS | C32: m3/km | E32: =+IF(C32="", 0,D32) -> 0 | H32: =+'Acarreos Tramo 2 Fase II'!Y38+'Acarreos Tramo 2 Fase II'!Y39 -> #REF! | J32: =+'Acarreos Tramo 2 Fase II'!Y52+'Acarreos Tramo 2 Fase II'!Y53 -> #REF! | M32: =+'Acarreos Tramo 2 Fase II'!Y66+'Acarreos Tramo 2 Fase II'!Y67 -> #REF! | P32: =+'Acarreos Tramo 2 Fase II'!Y79+'Acarreos Tramo 2 Fase II'!Y80 -> 0 | S32: =+'Acarreos Tramo 2 Fase II'!Y93+'Acarreos Tramo 2 Fase II'!Y94 -> #REF! | V32: =+'Acarreos Tramo 2 Fase II'!Y106+'Acarreos Tramo 2 Fase II'!Y107 -> #REF! | W32: =+IF(C32="",0,E32+H32+J32+M32+P32+S32+V32) -> #REF! | AA32: =+#REF!+#REF! -> #REF! | AD32: =+#REF!+#REF! -> #REF! | AF32: =+#REF!+#REF! -> #REF! | AH32: =+#REF!+#REF! -> #REF! | AO32: =+#REF!+#REF! -> #REF! | AQ32: =+#REF!+#REF! -> #REF! | AU32: =+#REF!+#REF! -> #REF! | AX32: =+#REF!+#REF! -> #REF! | AZ32: =+#REF!+#REF! -> #REF! | BC32: =+#REF!+#REF! -> #REF! | BD32: =+BD25*5+BD26*5 -> 2377168.3 | BG32: =+BE32+BF32 -> 0 | BL32: =+'Acarreos Tramo 7 Fase II'!AI24+'Acarreos Tramo 7 Fase II'!AI25 -> #REF! | BO32: =+'Acarreos Tramo 7 Fase II'!AI38+'Acarreos Tramo 7 Fase II'!AI39 -> #REF! | BU32: =+'Acarreos Tramo 7 Fase II'!AI51+'Acarreos Tramo 7 Fase II'!AI52 -> #REF! | CC32: =+'Acarreos Tramo 7 Fase II'!AI78+'Acarreos Tramo 7 Fase II'!AI79 -> #REF! | CH32: =+'Acarreos Tramo 7 Fase II'!AI65+'Acarreos Tramo 7 Fase II'!AI66 -> #REF! | CO32: =+'Acarreos Tramo 7 Fase II'!AI105+'Acarreos Tramo 7 Fase II'!AI106 -> #REF! | CR32: =+'Acarreos Tramo 7 Fase II'!AI92+'Acarreos Tramo 7 Fase II'!AI93 -> #REF! | CW32: =+'Acarreos Tramo 7 Fase II'!AI119+'Acarreos Tramo 7 Fase II'!AI120 -> #REF! | CY32: =+'Acarreos Tramo 7 Fase II'!AI132+'Acarreos Tramo 7 Fase II'!AI133 -> #REF! | CZ32: =+IF(C32="",0,CY32+CR32+CH32+BU32+BO32+BL32+CO32+CW32+CC32+BG32) -> #REF! | DA32: =IF(C32="",0,CZ32+BD32+W32) -> #REF!
B33: 3 Estructuras de Drenajes
B34: 3.1 Alcantarillas circulares
A35: 600.1.1 | B35: EXCAVACIONES VARIAS SIN CLASIFICAR | C35: m3 | E35: =+IF(C35="", 0,D35) -> 0 | F35: 40.375 | G35: 664.105 | H35: =+IF(C35="", 0,SUM(F35:G35)) -> 704.48 | I35: 1497.0615 | J35: =+IF(C35="", 0,I35) -> 1497.0615 | K35: 433.34343 | L35: 347.487 | M35: =+IF(C35="",0,K35+L35) -> 780.83043 | N35: 0 | O35: 0 | P35: =+IF(C35="", 0,SUM(N35:O35)) -> 0 | Q35: 1014.552 | R35: 1792.896 | S35: =+IF(C35="",0,SUM(Q35:R35)) -> 2807.448 | T35: 179.34 | U35: 521.22 | V35: =+IF(C35="",0,SUM(T35:U35)) -> 700.56 | W35: =+IF(C35="",0,E35+H35+J35+M35+P35+S35+V35) -> 6490.3799 | X35: 0 | Y35: 0 | Z35: 0 | AA35: =SUM(X35:Z35) -> 0 | AB35: 0 | AC35: 0 | AD35: =SUM(AB35:AC35) -> 0 | AE35: 0 | AF35: =+AE35 -> 0 | AG35: 0 | AH35: =+AG35 -> 0 | AI35: 0 | AJ35: 0 | AK35: 0 | AL35: 0 | AM35: 0 | AN35: 0 | AO35: =SUM(AI35:AN35) -> 0 | AP35: 0 | AQ35: =+AP35 -> 0 | AR35: 0 | AS35: 0 | AT35: 0 | AU35: =SUM(AR35:AT35) -> 0 | AV35: 0 | AW35: 0 | AX35: =SUM(AV35:AW35) -> 0 | AY35: 0 | AZ35: =+AY35 -> 0 | BA35: 0 | BB35: 0 | BC35: =SUM(BA35:BB35) -> 0 | BD35: =+IF(C35="",0,BC35+AZ35+AX35+AU35+AQ35+AO35+AH35+AF35+AD35+AA35) -> 0 | BG35: =+BE35+BF35 -> 0 | BL35: =+BH35+BI35+BJ35+BK35 -> 0 | BO35: =+BM35+BN35 -> 0 | BU35: =+SUM(BP35:BT35) -> 0 | CC35: =+SUM(BV35:CB35) -> 0 | CH35: =+SUM(CD35:CG35) -> 0 | CO35: =+SUM(CI35:CN35) -> 0 | CR35: =+SUM(CP35:CQ35) -> 0 | CW35: =+SUM(CS35:CV35) -> 0 | CY35: =+CX35 -> 0 | CZ35: =+IF(C35="",0,CY35+CR35+CH35+BU35+BO35+BL35+CO35+CW35+CC35+BG35) -> 0 | DA35: =IF(C35="",0,CZ35+BD35+W35) -> 6490.3799 | DI35: =+IF(BH35="",0,DH35+DE35+DC35+CZ35+CV35+CT35+CM35+CK35+CI35+CF35) -> 0
A36: 600.2.1 | B36: EXCAVACIONES VARIAS EN ROCA EN SECO. | C36: m3 | E36: =+IF(C36="", 0,D36) -> 0 | F36: 0 | G36: 0 | H36: =+IF(C36="", 0,SUM(F36:G36)) -> 0 | I36: 0 | J36: =+IF(C36="", 0,I36) -> 0 | K36: 0 | L36: 0 | M36: =+IF(C36="",0,K36+L36) -> 0 | N36: 0 | O36: 0 | P36: =+IF(C36="", 0,SUM(N36:O36)) -> 0 | Q36: 0 | R36: 0 | S36: =+IF(C36="",0,SUM(Q36:R36)) -> 0 | T36: 0 | U36: 0 | V36: =+IF(C36="",0,SUM(T36:U36)) -> 0 | W36: =+IF(C36="",0,E36+H36+J36+M36+P36+S36+V36) -> 0 | X36: 0 | Y36: 0 | Z36: 0 | AA36: =SUM(X36:Z36) -> 0 | AB36: 0 | AC36: 0 | AD36: =SUM(AB36:AC36) -> 0 | AE36: 0 | AF36: =+AE36 -> 0 | AG36: 0 | AH36: =+AG36 -> 0 | AI36: 0 | AJ36: 0 | AK36: 0 | AL36: 0 | AM36: 0 | AN36: 0 | AO36: =SUM(AI36:AN36) -> 0 | AP36: 0 | AQ36: =+AP36 -> 0 | AR36: 0 | AS36: 0 | AT36: 0 | AU36: =SUM(AR36:AT36) -> 0 | AV36: 0 | AW36: 0 | AX36: =SUM(AV36:AW36) -> 0 | AY36: 0 | AZ36: =+AY36 -> 0 | BA36: 0 | BB36: 0 | BC36: =SUM(BA36:BB36) -> 0 | BD36: =+IF(C36="",0,BC36+AZ36+AX36+AU36+AQ36+AO36+AH36+AF36+AD36+AA36) -> 0 | BG36: =+BE36+BF36 -> 0 | BL36: =+BH36+BI36+BJ36+BK36 -> 0 | BO36: =+BM36+BN36 -> 0 | BU36: =+SUM(BP36:BT36) -> 0 | CC36: =+SUM(BV36:CB36) -> 0 | CH36: =+SUM(CD36:CG36) -> 0 | CO36: =+SUM(CI36:CN36) -> 0 | CR36: =+SUM(CP36:CQ36) -> 0 | CW36: =+SUM(CS36:CV36) -> 0 | CY36: =+CX36 -> 0 | CZ36: =+IF(C36="",0,CY36+CR36+CH36+BU36+BO36+BL36+CO36+CW36+CC36+BG36) -> 0 | DA36: =IF(C36="",0,CZ36+BD36+W36) -> 0 | DI36: =+IF(BH36="",0,DH36+DE36+DC36+CZ36+CV36+CT36+CM36+CK36+CI36+CF36) -> 0
A37: 600.2.3 | B37: EXCAVACIONES VARIAS EN MATERIAL COMUN EN SECO | C37: m3 | E37: =+IF(C37="", 0,D37) -> 0 | F37: 0 | G37: 0 | H37: =+IF(C37="", 0,SUM(F37:G37)) -> 0 | I37: 0 | J37: =+IF(C37="", 0,I37) -> 0 | K37: 0 | L37: 0 | M37: =+IF(C37="",0,K37+L37) -> 0 | N37: 0 | O37: 0 | P37: =+IF(C37="", 0,SUM(N37:O37)) -> 0 | Q37: 0 | R37: 0 | S37: =+IF(C37="",0,SUM(Q37:R37)) -> 0 | T37: 0 | U37: 0 | V37: =+IF(C37="",0,SUM(T37:U37)) -> 0 | W37: =+IF(C37="",0,E37+H37+J37+M37+P37+S37+V37) -> 0 | X37: 0 | Y37: 24.10475 | Z37: 0 | AA37: =SUM(Z37) -> 0 | AB37: 15.961 | AC37: 0 | AD37: =SUM(AB37:AC37) -> 15.961 | AE37: 338.6065 | AF37: =+AE37 -> 338.6065 | AG37: 304.01025 | AH37: =+AG37 -> 304.01025 | AI37: 176.42575 | AJ37: 22.086125 | AK37: 126.25127 | AL37: 273.3495 | AM37: 0 | AN37: 0 | AO37: =AI37+AM37+AN37 -> 176.42575 | AP37: 271.28587 | AQ37: =+AP37 -> 271.28587 | AR37: 533.66619 | AS37: 150.34758 | AT37: 0 | AU37: =SUM(AT37) -> 0 | AV37: 0 | AW37: 299.95731 | AX37: =SUM(AV37:AW37) -> 299.95731 | AY37: 0 | AZ37: =+AY37 -> 0 | BA37: 6.23875 | BB37: 0 | BC37: =SUM(BA37:BB37) -> 6.23875 | BD37: =+IF(C37="",0,BC37+AZ37+AX37+AU37+AQ37+AO37+AH37+AF37+AD37+AA37) -> 1412.4854 | BG37: =+BE37+BF37 -> 0 | BL37: =+BH37+BI37+BJ37+BK37 -> 0 | BO37: =+BM37+BN37 -> 0 | BU37: =+SUM(BP37:BT37) -> 0 | CC37: =+SUM(BV37:CB37) -> 0 | CH37: =+SUM(CD37:CG37) -> 0 | CO37: =+SUM(CI37:CN37) -> 0 | CR37: =+SUM(CP37:CQ37) -> 0 | CW37: =+SUM(CS37:CV37) -> 0 | CY37: =+CX37 -> 0 | CZ37: =+IF(C37="",0,CY37+CR37+CH37+BU37+BO37+BL37+CO37+CW37+CC37+BG37) -> 0 | DA37: =IF(C37="",0,CZ37+BD37+W37) -> 1412.4854 | DI37: =+IF(BH37="",0,DH37+DE37+DC37+CZ37+CV37+CT37+CM37+CK37+CI37+CF37) -> 0
A38: 610.1 P | B38: RELLENOS PARA ESTRUCTURAS CON MATERIAL PROCEDENTE DE LA EXCAVACIÓN | C38: m3 | E38: =+IF(C38="", 0,D38) -> 0 | F38: 19.4275 | G38: 359.3005 | H38: =+IF(C38="", 0,SUM(F38:G38)) -> 378.728 | I38: 266.94 | J38: =+IF(C38="", 0,I38) -> 266.94 | K38: 348.06896 | L38: 267.53195 | M38: =+IF(C38="",0,K38+L38) -> 615.60091 | N38: 0 | O38: 0 | P38: =+IF(C38="", 0,SUM(N38:O38)) -> 0 | Q38: 836.48014 | R38: 1385.917 | S38: =+IF(C38="",0,SUM(Q38:R38)) -> 2222.3972 | T38: 151.70816 | U38: 415.43089 | V38: =+IF(C38="",0,SUM(T38:U38)) -> 567.13905 | W38: =+IF(C38="",0,E38+H38+J38+M38+P38+S38+V38) -> 4050.8051 | X38: 0 | Y38: 0 | Z38: 0 | AA38: =SUM(Z38) -> 0 | AB38: 0 | AC38: 0 | AD38: =SUM(AB38:AC38) -> 0 | AE38: 0 | AF38: =+AE38 -> 0 | AG38: 0 | AH38: =+AG38 -> 0 | AI38: 0 | AJ38: 0 | AK38: 0 | AL38: 0 | AM38: 0 | AN38: 0 | AO38: =SUM(AI38:AN38) -> 0 | AP38: 0 | AQ38: =+AP38 -> 0 | AR38: 0 | AS38: 0 | AT38: 0 | AU38: =SUM(AT38) -> 0 | AV38: 0 | AW38: 0 | AX38: =SUM(AV38:AW38) -> 0 | AY38: 0 | AZ38: =+AY38 -> 0 | BA38: 0 | BB38: 0 | BC38: =SUM(BA38:BB38) -> 0 | BD38: =+IF(C38="",0,BC38+AZ38+AX38+AU38+AQ38+AO38+AH38+AF38+AD38+AA38) -> 0 | BG38: =+BE38+BF38 -> 0 | BL38: =+BH38+BI38+BJ38+BK38 -> 0 | BO38: =+BM38+BN38 -> 0 | BU38: =+SUM(BP38:BT38) -> 0 | CC38: =+SUM(BV38:CB38) -> 0 | CH38: =+SUM(CD38:CG38) -> 0 | CO38: =+SUM(CI38:CN38) -> 0 | CR38: =+SUM(CP38:CQ38) -> 0 | CW38: =+SUM(CS38:CV38) -> 0 | CY38: =+CX38 -> 0 | CZ38: =+IF(C38="",0,CY38+CR38+CH38+BU38+BO38+BL38+CO38+CW38+CC38+BG38) -> 0 | DA38: =IF(C38="",0,CZ38+BD38+W38) -> 4050.8051 | DI38: =+IF(BH38="",0,DH38+DE38+DC38+CZ38+CV38+CT38+CM38+CK38+CI38+CF38) -> 0
A39: 661.1.1 | B39: TUBERIA DE CONCRETO REFORZADO DE 600 MM DE DIAMETRO INTERIOR | C39: ml | E39: =+IF(C39="", 0,D39) -> 0 | F39: 0 | G39: 0 | H39: =+IF(C39="", 0,SUM(F39:G39)) -> 0 | I39: 0 | J39: =+IF(C39="", 0,I39) -> 0 | K39: 0 | L39: 0 | M39: =+IF(C39="",0,K39+L39) -> 0 | N39: 0 | O39: 0 | P39: =+IF(C39="", 0,SUM(N39:O39)) -> 0 | Q39: 0 | R39: 0 | S39: =+IF(C39="",0,SUM(Q39:R39)) -> 0 | T39: 0 | U39: 0 | V39: =+IF(C39="",0,SUM(T39:U39)) -> 0 | W39: =+IF(C39="",0,E39+H39+J39+M39+P39+S39+V39) -> 0 | X39: 0 | Y39: 0 | Z39: 0 | AA39: =SUM(Z39) -> 0 | AB39: 0 | AC39: 0 | AD39: =SUM(AB39:AC39) -> 0 | AE39: 0 | AF39: =+AE39 -> 0 | AG39: 0 | AH39: =+AG39 -> 0 | AI39: 0 | AJ39: 0 | AK39: 0 | AL39: 0 | AM39: 0 | AN39: 0 | AO39: =SUM(AI39:AN39) -> 0 | AP39: 0 | AQ39: =+AP39 -> 0 | AR39: 0 | AS39: 0 | AT39: 0 | AU39: =SUM(AT39) -> 0 | AV39: 0 | AW39: 0 | AX39: =SUM(AV39:AW39) -> 0 | AY39: 0 | AZ39: =+AY39 -> 0 | BA39: 0 | BB39: 0 | BC39: =SUM(BA39:BB39) -> 0 | BD39: =+IF(C39="",0,BC39+AZ39+AX39+AU39+AQ39+AO39+AH39+AF39+AD39+AA39) -> 0 | BG39: =+BE39+BF39 -> 0 | BL39: =+BH39+BI39+BJ39+BK39 -> 0 | BO39: =+BM39+BN39 -> 0 | BU39: =+SUM(BP39:BT39) -> 0 | CC39: =+SUM(BV39:CB39) -> 0 | CH39: =+SUM(CD39:CG39) -> 0 | CO39: =+SUM(CI39:CN39) -> 0 | CR39: =+SUM(CP39:CQ39) -> 0 | CW39: =+SUM(CS39:CV39) -> 0 | CY39: =+CX39 -> 0 | CZ39: =+IF(C39="",0,CY39+CR39+CH39+BU39+BO39+BL39+CO39+CW39+CC39+BG39) -> 0 | DA39: =IF(C39="",0,CZ39+BD39+W39) -> 0 | DI39: =+IF(BH39="",0,DH39+DE39+DC39+CZ39+CV39+CT39+CM39+CK39+CI39+CF39) -> 0
A40: 661.1 | B40: TUBERÍA DE CONCRETO REFORZADO 21 MPa DE 900 mm DE DIAMETRO INTERIOR | C40: m | E40: =+IF(C40="", 0,D40) -> 0 | F40: 38 | G40: 263 | H40: =+IF(C40="", 0,SUM(F40:G40)) -> 301 | I40: 373 | J40: =+IF(C40="", 0,I40) -> 373 | K40: 0 | L40: 14 | M40: =+IF(C40="",0,K40+L40) -> 14 | N40: 129.8 | O40: 38.7 | P40: =+IF(C40="", 0,SUM(N40:O40)) -> 168.5 | Q40: 174 | R40: 100.5 | S40: =+IF(C40="",0,SUM(Q40:R40)) -> 274.5 | T40: 27 | U40: 51 | V40: =+IF(C40="",0,SUM(T40:U40)) -> 78 | W40: =+IF(C40="",0,E40+H40+J40+M40+P40+S40+V40) -> 1209 | X40: 0 | Y40: 41.9 | Z40: 0 | AA40: =SUM(Z40) -> 0 | AB40: 11.9 | AC40: 0 | AD40: =SUM(AB40:AC40) -> 11.9 | AE40: 246.9 | AF40: =+AE40 -> 246.9 | AG40: 297.2 | AH40: =+AG40 -> 297.2 | AI40: 127.3 | AJ40: 15.95 | AK40: 87.25 | AL40: 231.25 | AM40: 0 | AN40: 0 | AO40: =AI40+AM40+AN40 -> 127.3 | AP40: 130.2 | AQ40: =+AP40 -> 130.2 | AR40: 547.55 | AS40: 104.25 | AT40: 0 | AU40: =SUM(AT40) -> 0 | AV40: 0 | AW40: 202.05 | AX40: =SUM(AV40:AW40) -> 202.05 | AY40: 0 | AZ40: =+AY40 -> 0 | BA40: 2.5 | BB40: 0 | BC40: =SUM(BA40:BB40) -> 2.5 | BD40: =+IF(C40="",0,BC40+AZ40+AX40+AU40+AQ40+AO40+AH40+AF40+AD40+AA40) -> 1018.05 | BG40: =+BE40+BF40 -> 0 | BL40: =+BH40+BI40+BJ40+BK40 -> 0 | BO40: =+BM40+BN40 -> 0 | BU40: =+SUM(BP40:BT40) -> 0 | CC40: =+SUM(BV40:CB40) -> 0 | CH40: =+SUM(CD40:CG40) -> 0 | CN40: 52.28 | CO40: =+SUM(CI40:CN40) -> 52.28 | CR40: =+SUM(CP40:CQ40) -> 0 | CS40: 54 | CT40: 67 | CU40: 16 | CV40: 38 | CW40: =+SUM(CS40:CV40) -> 175 | CY40: =+CX40 -> 0 | CZ40: =+IF(C40="",0,CY40+CR40+CH40+BU40+BO40+BL40+CO40+CW40+CC40+BG40) -> 227.28 | DA40: =IF(C40="",0,CZ40+BD40+W40) -> 2454.33 | DI40: =+IF(BH40="",0,DH40+DE40+DC40+CZ40+CV40+CT40+CM40+CK40+CI40+CF40) -> 0
A41: 661.1.10 | B41: TUBERIA DE CONCRETO REFORZADO DE 1200 MM DE DIAMETRO INTERIOR | C41: ml | E41: =+IF(C41="", 0,D41) -> 0 | F41: 0 | G41: 0 | H41: =+IF(C41="", 0,SUM(F41:G41)) -> 0 | I41: 0 | J41: =+IF(C41="", 0,I41) -> 0 | K41: 0 | L41: 0 | M41: =+IF(C41="",0,K41+L41) -> 0 | N41: 0 | O41: 0 | P41: =+IF(C41="", 0,SUM(N41:O41)) -> 0 | Q41: 0 | R41: 0 | S41: =+IF(C41="",0,SUM(Q41:R41)) -> 0 | T41: 0 | U41: 0 | V41: =+IF(C41="",0,SUM(T41:U41)) -> 0 | W41: =+IF(C41="",0,E41+H41+J41+M41+P41+S41+V41) -> 0 | X41: 0 | Y41: 0 | Z41: 0 | AA41: =SUM(Z41) -> 0 | AB41: 0 | AC41: 0 | AD41: =SUM(AB41:AC41) -> 0 | AE41: 0 | AF41: =+AE41 -> 0 | AG41: 0 | AH41: =+AG41 -> 0 | AI41: 0 | AJ41: 0 | AK41: 0 | AL41: 0 | AM41: 0 | AN41: 0 | AO41: =SUM(AI41:AN41) -> 0 | AP41: 16.4 | AQ41: =+AP41 -> 16.4 | AR41: 0 | AS41: 0 | AT41: 0 | AU41: =SUM(AT41) -> 0 | AV41: 0 | AW41: 0 | AX41: =SUM(AV41:AW41) -> 0 | AY41: 0 | AZ41: =+AY41 -> 0 | BA41: 0 | BB41: 0 | BC41: =SUM(BA41:BB41) -> 0 | BD41: =+IF(C41="",0,BC41+AZ41+AX41+AU41+AQ41+AO41+AH41+AF41+AD41+AA41) -> 16.4 | BG41: =+BE41+BF41 -> 0 | BL41: =+BH41+BI41+BJ41+BK41 -> 0 | BO41: =+BM41+BN41 -> 0 | BU41: =+SUM(BP41:BT41) -> 0 | CC41: =+SUM(BV41:CB41) -> 0 | CH41: =+SUM(CD41:CG41) -> 0 | CI41: 20.35 | CM41: 18 | CN41: 18 | CO41: =+SUM(CI41:CN41) -> 56.35 | CP41: 18.35 | CR41: =+SUM(CP41:CQ41) -> 18.35 | CS41: 35 | CW41: =+SUM(CS41:CV41) -> 35 | CY41: =+CX41 -> 0 | CZ41: =+IF(C41="",0,CY41+CR41+CH41+BU41+BO41+BL41+CO41+CW41+CC41+BG41) -> 109.7 | DA41: =IF(C41="",0,CZ41+BD41+W41) -> 126.1 | DI41: =+IF(BH41="",0,DH41+DE41+DC41+CZ41+CV41+CT41+CM41+CK41+CI41+CF41) -> 0
A42: 661.1.11 | B42: TUBERIA DE CONCRETO REFORZADO DE 1300 MM DE DIAMETRO INTERIOR | C42: ml | E42: =+IF(C42="", 0,D42) -> 0 | F42: 0 | G42: 0 | H42: =+IF(C42="", 0,SUM(F42:G42)) -> 0 | I42: 0 | J42: =+IF(C42="", 0,I42) -> 0 | K42: 0 | L42: 0 | M42: =+IF(C42="",0,K42+L42) -> 0 | N42: 0 | O42: 0 | P42: =+IF(C42="", 0,SUM(N42:O42)) -> 0 | Q42: 0 | R42: 0 | S42: =+IF(C42="",0,SUM(Q42:R42)) -> 0 | T42: 0 | U42: 0 | V42: =+IF(C42="",0,SUM(T42:U42)) -> 0 | W42: =+IF(C42="",0,E42+H42+J42+M42+P42+S42+V42) -> 0 | X42: 0 | Y42: 0 | Z42: 0 | AA42: =SUM(Z42) -> 0 | AB42: 0 | AC42: 0 | AD42: =SUM(AB42:AC42) -> 0 | AE42: 0 | AF42: =+AE42 -> 0 | AG42: 0 | AH42: =+AG42 -> 0 | AI42: 0 | AJ42: 0 | AK42: 0 | AL42: 0 | AM42: 0 | AN42: 0 | AO42: =SUM(AI42:AN42) -> 0 | AP42: 0 | AQ42: =+AP42 -> 0 | AR42: 0 | AS42: 0 | AT42: 0 | AU42: =SUM(AT42) -> 0 | AV42: 0 | AW42: 0 | AX42: =SUM(AV42:AW42) -> 0 | AY42: 0 | AZ42: =+AY42 -> 0 | BA42: 0 | BB42: 0 | BC42: =SUM(BA42:BB42) -> 0 | BD42: =+IF(C42="",0,BC42+AZ42+AX42+AU42+AQ42+AO42+AH42+AF42+AD42+AA42) -> 0 | BG42: =+BE42+BF42 -> 0 | BL42: =+BH42+BI42+BJ42+BK42 -> 0 | BO42: =+BM42+BN42 -> 0 | BU42: =+SUM(BP42:BT42) -> 0 | CC42: =+SUM(BV42:CB42) -> 0 | CH42: =+SUM(CD42:CG42) -> 0 | CO42: =+SUM(CI42:CN42) -> 0 | CR42: =+SUM(CP42:CQ42) -> 0 | CW42: =+SUM(CS42:CV42) -> 0 | CY42: =+CX42 -> 0 | CZ42: =+IF(C42="",0,CY42+CR42+CH42+BU42+BO42+BL42+CO42+CW42+CC42+BG42) -> 0 | DA42: =IF(C42="",0,CZ42+BD42+W42) -> 0 | DI42: =+IF(BH42="",0,DH42+DE42+DC42+CZ42+CV42+CT42+CM42+CK42+CI42+CF42) -> 0
A43: 661.1.13 | B43: TUBERIA DE CONCRETO REFORZADO DE 1500 MM DE DIAMETRO INTERIOR | C43: ml | E43: =+IF(C43="", 0,D43) -> 0 | F43: 0 | G43: 0 | H43: =+IF(C43="", 0,SUM(F43:G43)) -> 0 | I43: 15 | J43: =+IF(C43="", 0,I43) -> 15 | K43: 20 | L43: 24.6 | M43: =+IF(C43="",0,K43+L43) -> 44.6 | N43: 48.3 | O43: 50 | P43: =+IF(C43="", 0,SUM(N43:O43)) -> 98.3 | Q43: 0 | R43: 114 | S43: =+IF(C43="",0,SUM(Q43:R43)) -> 114 | T43: 0 | U43: 20 | V43: =+IF(C43="",0,SUM(T43:U43)) -> 20 | W43: =+IF(C43="",0,E43+H43+J43+M43+P43+S43+V43) -> 291.9 | X43: 0 | Y43: 0 | Z43: 0 | AA43: =SUM(Z43) -> 0 | AB43: 0 | AC43: 0 | AD43: =SUM(AB43:AC43) -> 0 | AE43: 0 | AF43: =+AE43 -> 0 | AG43: 0 | AH43: =+AG43 -> 0 | AI43: 0 | AJ43: 0 | AK43: 0 | AL43: 0 | AM43: 0 | AN43: 0 | AO43: =SUM(AI43:AN43) -> 0 | AP43: 0 | AQ43: =+AP43 -> 0 | AR43: 0 | AS43: 0 | AT43: 0 | AU43: =SUM(AT43) -> 0 | AV43: 0 | AW43: 0 | AX43: =SUM(AV43:AW43) -> 0 | AY43: 0 | AZ43: =+AY43 -> 0 | BA43: 0 | BB43: 0 | BC43: =SUM(BA43:BB43) -> 0 | BD43: =+IF(C43="",0,BC43+AZ43+AX43+AU43+AQ43+AO43+AH43+AF43+AD43+AA43) -> 0 | BG43: =+BE43+BF43 -> 0 | BL43: =+BH43+BI43+BJ43+BK43 -> 0 | BO43: =+BM43+BN43 -> 0 | BU43: =+SUM(BP43:BT43) -> 0 | CC43: =+SUM(BV43:CB43) -> 0 | CH43: =+SUM(CD43:CG43) -> 0 | CO43: =+SUM(CI43:CN43) -> 0 | CR43: =+SUM(CP43:CQ43) -> 0 | CW43: =+SUM(CS43:CV43) -> 0 | CY43: =+CX43 -> 0 | CZ43: =+IF(C43="",0,CY43+CR43+CH43+BU43+BO43+BL43+CO43+CW43+CC43+BG43) -> 0 | DA43: =IF(C43="",0,CZ43+BD43+W43) -> 291.9 | DI43: =+IF(BH43="",0,DH43+DE43+DC43+CZ43+CV43+CT43+CM43+CK43+CI43+CF43) -> 0
A44: 661.1.15 | B44: TUBERIA DE CONCRETO REFORZADO DE 1700 MM DE DIAMETRO INTERIOR | C44: ml | E44: =+IF(C44="", 0,D44) -> 0 | F44: 0 | G44: 0 | H44: =+IF(C44="", 0,SUM(F44:G44)) -> 0 | I44: 0 | J44: =+IF(C44="", 0,I44) -> 0 | K44: 0 | L44: 0 | M44: =+IF(C44="",0,K44+L44) -> 0 | N44: 0 | O44: 0 | P44: =+IF(C44="", 0,SUM(N44:O44)) -> 0 | Q44: 0 | R44: 0 | S44: =+IF(C44="",0,SUM(Q44:R44)) -> 0 | T44: 0 | U44: 0 | V44: =+IF(C44="",0,SUM(T44:U44)) -> 0 | W44: =+IF(C44="",0,E44+H44+J44+M44+P44+S44+V44) -> 0 | X44: 0 | Y44: 0 | Z44: 0 | AA44: =SUM(Z44) -> 0 | AB44: 0 | AC44: 0 | AD44: =SUM(AB44:AC44) -> 0 | AE44: 0 | AF44: =+AE44 -> 0 | AG44: 0 | AH44: =+AG44 -> 0 | AI44: 0 | AJ44: 0 | AK44: 0 | AL44: 0 | AM44: 0 | AN44: 0 | AO44: =SUM(AI44:AN44) -> 0 | AP44: 0 | AQ44: =+AP44 -> 0 | AR44: 0 | AS44: 0 | AT44: 0 | AU44: =SUM(AT44) -> 0 | AV44: 0 | AW44: 0 | AX44: =SUM(AV44:AW44) -> 0 | AY44: 0 | AZ44: =+AY44 -> 0 | BA44: 0 | BB44: 0 | BC44: =SUM(BA44:BB44) -> 0 | BD44: =+IF(C44="",0,BC44+AZ44+AX44+AU44+AQ44+AO44+AH44+AF44+AD44+AA44) -> 0 | BG44: =+BE44+BF44 -> 0 | BL44: =+BH44+BI44+BJ44+BK44 -> 0 | BO44: =+BM44+BN44 -> 0 | BU44: =+SUM(BP44:BT44) -> 0 | CC44: =+SUM(BV44:CB44) -> 0 | CH44: =+SUM(CD44:CG44) -> 0 | CO44: =+SUM(CI44:CN44) -> 0 | CR44: =+SUM(CP44:CQ44) -> 0 | CW44: =+SUM(CS44:CV44) -> 0 | CY44: =+CX44 -> 0 | CZ44: =+IF(C44="",0,CY44+CR44+CH44+BU44+BO44+BL44+CO44+CW44+CC44+BG44) -> 0 | DA44: =IF(C44="",0,CZ44+BD44+W44) -> 0 | DI44: =+IF(BH44="",0,DH44+DE44+DC44+CZ44+CV44+CT44+CM44+CK44+CI44+CF44) -> 0
A45: 661.1.16 | B45: TUBERIA DE CONCRETO REFORZADO DE 1800 MM DE DIAMETRO INTERIOR | C45: ml | E45: =+IF(C45="", 0,D45) -> 0 | F45: 0 | G45: 0 | H45: =+IF(C45="", 0,SUM(F45:G45)) -> 0 | I45: 41 | J45: =+IF(C45="", 0,I45) -> 41 | K45: 0 | L45: 0 | M45: =+IF(C45="",0,K45+L45) -> 0 | N45: 0 | O45: 0 | P45: =+IF(C45="", 0,SUM(N45:O45)) -> 0 | Q45: 0 | R45: 0 | S45: =+IF(C45="",0,SUM(Q45:R45)) -> 0 | T45: 0 | U45: 0 | V45: =+IF(C45="",0,SUM(T45:U45)) -> 0 | W45: =+IF(C45="",0,E45+H45+J45+M45+P45+S45+V45) -> 41 | X45: 0 | Y45: 0 | Z45: 0 | AA45: =SUM(Z45) -> 0 | AB45: 0 | AC45: 0 | AD45: =SUM(AB45:AC45) -> 0 | AE45: 0 | AF45: =+AE45 -> 0 | AG45: 0 | AH45: =+AG45 -> 0 | AI45: 0 | AJ45: 0 | AK45: 0 | AL45: 0 | AM45: 0 | AN45: 0 | AO45: =SUM(AI45:AN45) -> 0 | AP45: 0 | AQ45: =+AP45 -> 0 | AR45: 0 | AS45: 0 | AT45: 0 | AU45: =SUM(AT45) -> 0 | AV45: 0 | AW45: 0 | AX45: =SUM(AV45:AW45) -> 0 | AY45: 0 | AZ45: =+AY45 -> 0 | BA45: 0 | BB45: 0 | BC45: =SUM(BA45:BB45) -> 0 | BD45: =+IF(C45="",0,BC45+AZ45+AX45+AU45+AQ45+AO45+AH45+AF45+AD45+AA45) -> 0 | BG45: =+BE45+BF45 -> 0 | BL45: =+BH45+BI45+BJ45+BK45 -> 0 | BO45: =+BM45+BN45 -> 0 | BU45: =+SUM(BP45:BT45) -> 0 | CC45: =+SUM(BV45:CB45) -> 0 | CH45: =+SUM(CD45:CG45) -> 0 | CO45: =+SUM(CI45:CN45) -> 0 | CR45: =+SUM(CP45:CQ45) -> 0 | CW45: =+SUM(CS45:CV45) -> 0 | CY45: =+CX45 -> 0 | CZ45: =+IF(C45="",0,CY45+CR45+CH45+BU45+BO45+BL45+CO45+CW45+CC45+BG45) -> 0 | DA45: =IF(C45="",0,CZ45+BD45+W45) -> 41 | DI45: =+IF(BH45="",0,DH45+DE45+DC45+CZ45+CV45+CT45+CM45+CK45+CI45+CF45) -> 0
A46: 661.1.19 | B46: TUBERIA DE CONCRETO REFORZADO DE 2150 MM DE DIAMETRO INTERIOR | C46: ml | E46: =+IF(C46="", 0,D46) -> 0 | F46: 0 | G46: 0 | H46: =+IF(C46="", 0,SUM(F46:G46)) -> 0 | I46: 17 | J46: =+IF(C46="", 0,I46) -> 17 | K46: 0 | L46: 0 | M46: =+IF(C46="",0,K46+L46) -> 0 | N46: 0 | O46: 0 | P46: =+IF(C46="", 0,SUM(N46:O46)) -> 0 | Q46: 0 | R46: 0 | S46: =+IF(C46="",0,SUM(Q46:R46)) -> 0 | T46: 0 | U46: 0 | V46: =+IF(C46="",0,SUM(T46:U46)) -> 0 | W46: =+IF(C46="",0,E46+H46+J46+M46+P46+S46+V46) -> 17 | X46: 0 | Y46: 0 | Z46: 0 | AA46: =SUM(Z46) -> 0 | AB46: 0 | AC46: 0 | AD46: =SUM(AB46:AC46) -> 0 | AE46: 0 | AF46: =+AE46 -> 0 | AG46: 0 | AH46: =+AG46 -> 0 | AI46: 0 | AJ46: 0 | AK46: 0 | AL46: 0 | AM46: 0 | AN46: 0 | AO46: =SUM(AI46:AN46) -> 0 | AP46: 0 | AQ46: =+AP46 -> 0 | AR46: 0 | AS46: 0 | AT46: 0 | AU46: =SUM(AT46) -> 0 | AV46: 0 | AW46: 0 | AX46: =SUM(AV46:AW46) -> 0 | AY46: 0 | AZ46: =+AY46 -> 0 | BA46: 0 | BB46: 0 | BC46: =SUM(BA46:BB46) -> 0 | BD46: =+IF(C46="",0,BC46+AZ46+AX46+AU46+AQ46+AO46+AH46+AF46+AD46+AA46) -> 0 | BG46: =+BE46+BF46 -> 0 | BL46: =+BH46+BI46+BJ46+BK46 -> 0 | BO46: =+BM46+BN46 -> 0 | BU46: =+SUM(BP46:BT46) -> 0 | CC46: =+SUM(BV46:CB46) -> 0 | CH46: =+SUM(CD46:CG46) -> 0 | CO46: =+SUM(CI46:CN46) -> 0 | CR46: =+SUM(CP46:CQ46) -> 0 | CW46: =+SUM(CS46:CV46) -> 0 | CY46: =+CX46 -> 0 | CZ46: =+IF(C46="",0,CY46+CR46+CH46+BU46+BO46+BL46+CO46+CW46+CC46+BG46) -> 0 | DA46: =IF(C46="",0,CZ46+BD46+W46) -> 17 | DI46: =+IF(BH46="",0,DH46+DE46+DC46+CZ46+CV46+CT46+CM46+CK46+CI46+CF46) -> 0
A47: 661.1.20 | B47: TUBERIA DE CONCRETO REFORZADO DE 2300 MM DE DIAMETRO INTERIOR | C47: ml | E47: =+IF(C47="", 0,D47) -> 0 | F47: 0 | G47: 0 | H47: =+IF(C47="", 0,SUM(F47:G47)) -> 0 | I47: 0 | J47: =+IF(C47="", 0,I47) -> 0 | K47: 0 | L47: 0 | M47: =+IF(C47="",0,K47+L47) -> 0 | N47: 0 | O47: 0 | P47: =+IF(C47="", 0,SUM(N47:O47)) -> 0 | Q47: 0 | R47: 0 | S47: =+IF(C47="",0,SUM(Q47:R47)) -> 0 | T47: 0 | U47: 0 | V47: =+IF(C47="",0,SUM(T47:U47)) -> 0 | W47: =+IF(C47="",0,E47+H47+J47+M47+P47+S47+V47) -> 0 | X47: 0 | Y47: 0 | Z47: 0 | AA47: =SUM(Z47) -> 0 | AB47: 0 | AC47: 0 | AD47: =SUM(AB47:AC47) -> 0 | AE47: 0 | AF47: =+AE47 -> 0 | AG47: 0 | AH47: =+AG47 -> 0 | AI47: 0 | AJ47: 0 | AK47: 0 | AL47: 0 | AM47: 0 | AN47: 0 | AO47: =SUM(AI47:AN47) -> 0 | AP47: 0 | AQ47: =+AP47 -> 0 | AR47: 0 | AS47: 0 | AT47: 0 | AU47: =SUM(AT47) -> 0 | AV47: 0 | AW47: 0 | AX47: =SUM(AV47:AW47) -> 0 | AY47: 0 | AZ47: =+AY47 -> 0 | BA47: 0 | BB47: 0 | BC47: =SUM(BA47:BB47) -> 0 | BD47: =+IF(C47="",0,BC47+AZ47+AX47+AU47+AQ47+AO47+AH47+AF47+AD47+AA47) -> 0 | BG47: =+BE47+BF47 -> 0 | BL47: =+BH47+BI47+BJ47+BK47 -> 0 | BO47: =+BM47+BN47 -> 0 | BU47: =+SUM(BP47:BT47) -> 0 | CC47: =+SUM(BV47:CB47) -> 0 | CH47: =+SUM(CD47:CG47) -> 0 | CO47: =+SUM(CI47:CN47) -> 0 | CR47: =+SUM(CP47:CQ47) -> 0 | CW47: =+SUM(CS47:CV47) -> 0 | CY47: =+CX47 -> 0 | CZ47: =+IF(C47="",0,CY47+CR47+CH47+BU47+BO47+BL47+CO47+CW47+CC47+BG47) -> 0 | DA47: =IF(C47="",0,CZ47+BD47+W47) -> 0 | DI47: =+IF(BH47="",0,DH47+DE47+DC47+CZ47+CV47+CT47+CM47+CK47+CI47+CF47) -> 0
A48: 662.1 | B48: TUBERÍA CORRUGADA DE ACERO GALVANIZADO MP-68 | C48: m | E48: =+IF(C48="", 0,D48) -> 0 | F48: 0 | G48: 17 | H48: =+IF(C48="", 0,SUM(F48:G48)) -> 17 | I48: 0 | J48: =+IF(C48="", 0,I48) -> 0 | K48: 0 | L48: 0 | M48: =+IF(C48="",0,K48+L48) -> 0 | N48: 0 | O48: 38.7 | P48: =+IF(C48="", 0,SUM(N48:O48)) -> 38.7 | Q48: 0 | R48: 0 | S48: =+IF(C48="",0,SUM(Q48:R48)) -> 0 | T48: 0 | U48: 0 | V48: =+IF(C48="",0,SUM(T48:U48)) -> 0 | W48: =+IF(C48="",0,E48+H48+J48+M48+P48+S48+V48) -> 55.7 | X48: 0 | Y48: 0 | Z48: 0 | AA48: =SUM(Z48) -> 0 | AB48: 0 | AC48: 0 | AD48: =SUM(AB48:AC48) -> 0 | AE48: 0 | AF48: =+AE48 -> 0 | AG48: 0 | AH48: =+AG48 -> 0 | AI48: 0 | AJ48: 0 | AK48: 0 | AL48: 0 | AM48: 0 | AN48: 0 | AO48: =SUM(AI48:AN48) -> 0 | AP48: 0 | AQ48: =+AP48 -> 0 | AR48: 0 | AS48: 0 | AT48: 0 | AU48: =SUM(AT48) -> 0 | AV48: 0 | AW48: 0 | AX48: =SUM(AV48:AW48) -> 0 | AY48: 0 | AZ48: =+AY48 -> 0 | BA48: 0 | BB48: 0 | BC48: =SUM(BA48:BB48) -> 0 | BD48: =+IF(C48="",0,BC48+AZ48+AX48+AU48+AQ48+AO48+AH48+AF48+AD48+AA48) -> 0 | BG48: =+BE48+BF48 -> 0 | BL48: =+BH48+BI48+BJ48+BK48 -> 0 | BO48: =+BM48+BN48 -> 0 | BU48: =+SUM(BP48:BT48) -> 0 | CC48: =+SUM(BV48:CB48) -> 0 | CH48: =+SUM(CD48:CG48) -> 0 | CO48: =+SUM(CI48:CN48) -> 0 | CR48: =+SUM(CP48:CQ48) -> 0 | CW48: =+SUM(CS48:CV48) -> 0 | CY48: =+CX48 -> 0 | CZ48: =+IF(C48="",0,CY48+CR48+CH48+BU48+BO48+BL48+CO48+CW48+CC48+BG48) -> 0 | DA48: =IF(C48="",0,CZ48+BD48+W48) -> 55.7 | DI48: =+IF(BH48="",0,DH48+DE48+DC48+CZ48+CV48+CT48+CM48+CK48+CI48+CF48) -> 0
A49: 662.1 | B49: TUBERÍA CORRUGADA DE ACERO GALVANIZADO MP-68 | C49: m | E49: =+IF(C49="", 0,D49) -> 0 | F49: 0 | G49: 0 | H49: =+IF(C49="", 0,SUM(F49:G49)) -> 0 | I49: 0 | J49: =+IF(C49="", 0,I49) -> 0 | K49: 0 | L49: 0 | M49: =+IF(C49="",0,K49+L49) -> 0 | N49: 0 | O49: 0 | P49: =+IF(C49="", 0,SUM(N49:O49)) -> 0 | Q49: 0 | R49: 0 | S49: =+IF(C49="",0,SUM(Q49:R49)) -> 0 | T49: 0 | U49: 0 | V49: =+IF(C49="",0,SUM(T49:U49)) -> 0 | W49: =+IF(C49="",0,E49+H49+J49+M49+P49+S49+V49) -> 0 | X49: 0 | Y49: 0 | Z49: 0 | AA49: =SUM(Z49) -> 0 | AB49: 0 | AC49: 0 | AD49: =SUM(AB49:AC49) -> 0 | AE49: 0 | AF49: =+AE49 -> 0 | AG49: 0 | AH49: =+AG49 -> 0 | AI49: 0 | AJ49: 0 | AK49: 0 | AL49: 0 | AM49: 0 | AN49: 0 | AO49: =SUM(AI49:AN49) -> 0 | AP49: 0 | AQ49: =+AP49 -> 0 | AR49: 0 | AS49: 0 | AT49: 0 | AU49: =SUM(AT49) -> 0 | AV49: 0 | AW49: 0 | AX49: =SUM(AV49:AW49) -> 0 | AY49: 0 | AZ49: =+AY49 -> 0 | BA49: 0 | BB49: 0 | BC49: =SUM(BA49:BB49) -> 0 | BD49: =+IF(C49="",0,BC49+AZ49+AX49+AU49+AQ49+AO49+AH49+AF49+AD49+AA49) -> 0 | BG49: =+BE49+BF49 -> 0 | BL49: =+BH49+BI49+BJ49+BK49 -> 0 | BO49: =+BM49+BN49 -> 0 | BU49: =+SUM(BP49:BT49) -> 0 | CC49: =+SUM(BV49:CB49) -> 0 | CH49: =+SUM(CD49:CG49) -> 0 | CO49: =+SUM(CI49:CN49) -> 0 | CR49: =+SUM(CP49:CQ49) -> 0 | CW49: =+SUM(CS49:CV49) -> 0 | CY49: =+CX49 -> 0 | CZ49: =+IF(C49="",0,CY49+CR49+CH49+BU49+BO49+BL49+CO49+CW49+CC49+BG49) -> 0 | DA49: =IF(C49="",0,CZ49+BD49+W49) -> 0 | DI49: =+IF(BH49="",0,DH49+DE49+DC49+CZ49+CV49+CT49+CM49+CK49+CI49+CF49) -> 0
A50: 630.4 | B50: CONCRETO RESISTENCIA 21MPa (D) | C50: m3 | E50: =+IF(C50="", 0,D50) -> 0 | F50: 2.92 | G50: 37.204496 | H50: =+IF(C50="", 0,SUM(F50:G50)) -> 40.124496 | I50: 74.210864 | J50: =+IF(C50="", 0,I50) -> 74.210864 | K50: 17.733555 | L50: 5.2213925 | M50: =+IF(C50="",0,K50+L50) -> 22.954948 | N50: 46.851292 | O50: 5.2750525 | P50: =+IF(C50="", 0,SUM(N50:O50)) -> 52.126344 | Q50: 27.807858 | R50: 67.952932 | S50: =+IF(C50="",0,SUM(Q50:R50)) -> 95.760789 | T50: 1.2404648 | U50: 8.6495393 | V50: =+IF(C50="",0,SUM(T50:U50)) -> 9.8900041 | W50: =+IF(C50="",0,E50+H50+J50+M50+P50+S50+V50) -> 295.06745 | X50: 0 | Y50: 5.538453 | Z50: 0 | AA50: =SUM(Z50) -> 0 | AB50: 10.942929 | AC50: 0 | AD50: =SUM(AB50:AC50) -> 10.942929 | AE50: 122.85783 | AF50: =+AE50 -> 122.85783 | AG50: 89.310945 | AH50: =+AG50 -> 89.310945 | AI50: 43.23476 | AJ50: 5.4044995 | AK50: 25.792006 | AL50: 64.652842 | AM50: 0 | AN50: 0 | AO50: =AI50+AM50+AN50 -> 43.23476 | AP50: 109.58607 | AQ50: =+AP50 -> 109.58607 | AR50: 123.97141 | AS50: 38.476955 | AT50: 0 | AU50: =SUM(AT50) -> 0 | AV50: 0 | AW50: 135.09239 | AX50: =SUM(AV50:AW50) -> 135.09239 | AY50: 0 | AZ50: =+AY50 -> 0 | BA50: 3.5992497 | BB50: 0 | BC50: =SUM(BA50:BB50) -> 3.5992497 | BD50: =+IF(C50="",0,BC50+AZ50+AX50+AU50+AQ50+AO50+AH50+AF50+AD50+AA50) -> 514.62418 | BG50: =+BE50+BF50 -> 0 | BL50: =+BH50+BI50+BJ50+BK50 -> 0 | BO50: =+BM50+BN50 -> 0 | BU50: =+SUM(BP50:BT50) -> 0 | CB50: 0.03 | CC50: =+SUM(BV50:CB50) -> 0.03 | CE50: 85.46 | CH50: =+SUM(CD50:CG50) -> 85.46 | CI50: 3.67 | CM50: 3.67 | CN50: 20.28 | CO50: =+SUM(CI50:CN50) -> 27.62 | CP50: 7.34 | CR50: =+SUM(CP50:CQ50) -> 7.34 | CS50: 37.26 | CT50: 28.09 | CU50: 5.18 | CV50: 10.36 | CW50: =+SUM(CS50:CV50) -> 80.89 | CY50: =+CX50 -> 0 | CZ50: =+IF(C50="",0,CY50+CR50+CH50+BU50+BO50+BL50+CO50+CW50+CC50+BG50) -> 201.34 | DA50: =IF(C50="",0,CZ50+BD50+W50) -> 1011.0316 | DI50: =+IF(BH50="",0,DH50+DE50+DC50+CZ50+CV50+CT50+CM50+CK50+CI50+CF50) -> 0
A51: 640.1 | B51: ACERO DE REFUERZO Fy 4200 Mpa | C51: kg | E51: =+IF(C51="", 0,D51) -> 0 | F51: 136.5 | G51: 1733.8343 | H51: =+IF(C51="", 0,SUM(F51:G51)) -> 1870.3343 | I51: 4716.7657 | J51: =+IF(C51="", 0,I51) -> 4716.7657 | K51: 3192.0399 | L51: 939.85065 | M51: =+IF(C51="",0,K51+L51) -> 4131.8906 | N51: 11394.176 | O51: 949.50945 | P51: =+IF(C51="", 0,SUM(N51:O51)) -> 12343.686 | Q51: 5005.4144 | R51: 12231.528 | S51: =+IF(C51="",0,SUM(Q51:R51)) -> 17236.942 | T51: 223.28366 | U51: 1556.9171 | V51: =+IF(C51="",0,SUM(T51:U51)) -> 1780.2007 | W51: =+IF(C51="",0,E51+H51+J51+M51+P51+S51+V51) -> 42079.819 | X51: 0 | Y51: 320 | Z51: 0 | AA51: =SUM(Z51) -> 0 | AB51: 692 | AC51: 0 | AD51: =SUM(AB51:AC51) -> 692 | AE51: 7545.41 | AF51: =+AE51 -> 7545.41 | AG51: 5584.0524 | AH51: =+AG51 -> 5584.0524 | AI51: 2976 | AJ51: 372 | AK51: 1522.0297 | AL51: 4312.9067 | AM51: 0 | AN51: 0 | AO51: =AI51+AM51+AN51 -> 2976 | AP51: 6611.5133 | AQ51: =+AP51 -> 6611.5133 | AR51: 7949.3267 | AS51: 2544.864 | AT51: 0 | AU51: =SUM(AT51) -> 0 | AV51: 0 | AW51: 7480.7533 | AX51: =SUM(AV51:AW51) -> 7480.7533 | AY51: 0 | AZ51: =+AY51 -> 0 | BA51: 229.9 | BB51: 0 | BC51: =SUM(BA51:BB51) -> 229.9 | BD51: =+IF(C51="",0,BC51+AZ51+AX51+AU51+AQ51+AO51+AH51+AF51+AD51+AA51) -> 31119.629 | BG51: =+BE51+BF51 -> 0 | BL51: =+BH51+BI51+BJ51+BK51 -> 0 | BO51: =+BM51+BN51 -> 0 | BU51: =+SUM(BP51:BT51) -> 0 | CC51: =+SUM(BV51:CB51) -> 0 | CE51: 8310 | CH51: =+SUM(CD51:CG51) -> 8310 | CI51: 194.25 | CM51: 200.7 | CN51: 1339.72 | CO51: =+SUM(CI51:CN51) -> 1734.67 | CP51: 194.25 | CR51: =+SUM(CP51:CQ51) -> 194.25 | CS51: 2498.82 | CT51: 2464.57 | CU51: 544.76 | CV51: 1089.52 | CW51: =+SUM(CS51:CV51) -> 6597.67 | CY51: =+CX51 -> 0 | CZ51: =+IF(C51="",0,CY51+CR51+CH51+BU51+BO51+BL51+CO51+CW51+CC51+BG51) -> 16836.59 | DA51: =IF(C51="",0,CZ51+BD51+W51) -> 90036.038 | DI51: =+IF(BH51="",0,DH51+DE51+DC51+CZ51+CV51+CT51+CM51+CK51+CI51+CF51) -> 0
A52: 670.2 | B52: DISIPADORES DE ENERGIA Y SEDIMENTADORES EN CONCRETO CICLOPEO | C52: m³ | E52: =+IF(C52="", 0,D52) -> 0 | F52: 0 | G52: 85.308625 | H52: =+IF(C52="", 0,SUM(F52:G52)) -> 85.308625 | I52: 135.7606 | J52: =+IF(C52="", 0,I52) -> 135.7606 | K52: 0 | L52: 0 | M52: =+IF(C52="",0,K52+L52) -> 0 | N52: 0 | O52: 0 | P52: =+IF(C52="", 0,SUM(N52:O52)) -> 0 | Q52: 2.05 | R52: 14.265 | S52: =+IF(C52="",0,SUM(Q52:R52)) -> 16.315 | T52: 10.185 | U52: 4.608 | V52: =+IF(C52="",0,SUM(T52:U52)) -> 14.793 | W52: =+IF(C52="",0,E52+H52+J52+M52+P52+S52+V52) -> 252.17723 | X52: 0 | Y52: 0 | Z52: 0 | AA52: =SUM(Z52) -> 0 | AB52: 0 | AC52: 0 | AD52: =SUM(AB52:AC52) -> 0 | AE52: 0 | AF52: =+AE52 -> 0 | AG52: 0 | AH52: =+AG52 -> 0 | AI52: 0 | AJ52: 0 | AK52: 0 | AL52: 0 | AM52: 0 | AN52: 0 | AO52: =SUM(AI52:AN52) -> 0 | AP52: 0 | AQ52: =+AP52 -> 0 | AR52: 0 | AS52: 0 | AT52: 0 | AU52: =SUM(AT52) -> 0 | AV52: 0 | AW52: 0 | AX52: =SUM(AV52:AW52) -> 0 | AY52: 0 | AZ52: =+AY52 -> 0 | BA52: 0 | BB52: 0 | BC52: =SUM(BA52:BB52) -> 0 | BD52: =+IF(C52="",0,BC52+AZ52+AX52+AU52+AQ52+AO52+AH52+AF52+AD52+AA52) -> 0 | BG52: =+BE52+BF52 -> 0 | BL52: =+BH52+BI52+BJ52+BK52 -> 0 | BO52: =+BM52+BN52 -> 0 | BU52: =+SUM(BP52:BT52) -> 0 | CC52: =+SUM(BV52:CB52) -> 0 | CH52: =+SUM(CD52:CG52) -> 0 | CO52: =+SUM(CI52:CN52) -> 0 | CR52: =+SUM(CP52:CQ52) -> 0 | CW52: =+SUM(CS52:CV52) -> 0 | CY52: =+CX52 -> 0 | CZ52: =+IF(C52="",0,CY52+CR52+CH52+BU52+BO52+BL52+CO52+CW52+CC52+BG52) -> 0 | DA52: =IF(C52="",0,CZ52+BD52+W52) -> 252.17723 | DI52: =+IF(BH52="",0,DH52+DE52+DC52+CZ52+CV52+CT52+CM52+CK52+CI52+CF52) -> 0
B53: 3.2 Alcantarillas de Cajón | AA53: =SUM(Z53) -> 0
A54: 600.1.1 | B54: EXCAVACIONES VARIAS SIN CLASIFICAR | C54: m3 | E54: =+IF(C54="", 0,D54) -> 0 | F54: 0 | G54: 79.12 | H54: =+IF(C54="", 0,SUM(F54:G54)) -> 79.12 | I54: 2305.26 | J54: =+IF(C54="", 0,I54) -> 2305.26 | K54: 0 | L54: 487.62 | M54: =+IF(C54="",0,K54+L54) -> 487.62 | N54: 0 | O54: 0 | P54: =+IF(C54="", 0,SUM(N54:O54)) -> 0 | Q54: 0 | R54: 3400.55 | S54: =+IF(C54="",0,SUM(Q54:R54)) -> 3400.55 | T54: 0 | U54: 423.15 | V54: =+IF(C54="",0,SUM(T54:U54)) -> 423.15 | W54: =+IF(C54="",0,E54+H54+J54+M54+P54+S54+V54) -> 6695.7 | X54: 0 | Y54: 0 | Z54: 0 | AA54: =SUM(Z54) -> 0 | AB54: 0 | AC54: 0 | AD54: =SUM(AB54:AC54) -> 0 | AE54: 0 | AF54: =+AE54 -> 0 | AG54: 0 | AH54: =+AG54 -> 0 | AI54: 0 | AJ54: 0 | AK54: 0 | AL54: 0 | AM54: 0 | AN54: 0 | AO54: =SUM(AI54:AN54) -> 0 | AP54: 0 | AQ54: =+AP54 -> 0 | AR54: 0 | AS54: 0 | AT54: 0 | AU54: =SUM(AR54:AT54) -> 0 | AV54: 0 | AW54: 0 | AX54: =SUM(AV54:AW54) -> 0 | AY54: 0 | AZ54: =+AY54 -> 0 | BA54: 0 | BB54: 0 | BC54: =SUM(BA54:BB54) -> 0 | BD54: =+IF(C54="",0,BC54+AZ54+AX54+AU54+AQ54+AO54+AH54+AF54+AD54+AA54) -> 0 | BG54: =+BE54+BF54 -> 0 | BL54: =+BH54+BI54+BJ54+BK54 -> 0 | BO54: =+BM54+BN54 -> 0 | BU54: =+SUM(BP54:BT54) -> 0 | CC54: =+SUM(BV54:CB54) -> 0 | CH54: =+SUM(CD54:CG54) -> 0 | CO54: =+SUM(CI54:CN54) -> 0 | CR54: =+SUM(CP54:CQ54) -> 0 | CW54: =+SUM(CS54:CV54) -> 0 | CY54: =+CX54 -> 0 | CZ54: =+IF(C54="",0,CY54+CR54+CH54+BU54+BO54+BL54+CO54+CW54+CC54+BG54) -> 0 | DA54: =IF(C54="",0,CZ54+BD54+W54) -> 6695.7 | DI54: =+IF(BH54="",0,DH54+DE54+DC54+CZ54+CV54+CT54+CM54+CK54+CI54+CF54) -> 0
A55: 600.2.1 | B55: EXCAVACIONES VARIAS EN ROCA EN SECO. | C55: m3 | E55: =+IF(C55="", 0,D55) -> 0 | F55: 0 | G55: 0 | H55: =+IF(C55="", 0,SUM(F55:G55)) -> 0 | I55: 0 | J55: =+IF(C55="", 0,I55) -> 0 | K55: 0 | L55: 0 | M55: =+IF(C55="",0,K55+L55) -> 0 | N55: 0 | O55: 0 | P55: =+IF(C55="", 0,SUM(N55:O55)) -> 0 | Q55: 0 | R55: 0 | S55: =+IF(C55="",0,SUM(Q55:R55)) -> 0 | T55: 0 | U55: 0 | V55: =+IF(C55="",0,SUM(T55:U55)) -> 0 | W55: =+IF(C55="",0,E55+H55+J55+M55+P55+S55+V55) -> 0 | X55: 0 | Y55: 0 | Z55: 0 | AA55: =SUM(Z55) -> 0 | AB55: 0 | AC55: 0 | AD55: =SUM(AB55:AC55) -> 0 | AE55: 0 | AF55: =+AE55 -> 0 | AG55: 0 | AH55: =+AG55 -> 0 | AI55: 0 | AJ55: 0 | AK55: 0 | AL55: 0 | AM55: 0 | AN55: 0 | AO55: =SUM(AI55:AN55) -> 0 | AP55: 0 | AQ55: =+AP55 -> 0 | AR55: 0 | AS55: 0 | AT55: 0 | AU55: =SUM(AR55:AT55) -> 0 | AV55: 0 | AW55: 0 | AX55: =SUM(AV55:AW55) -> 0 | AY55: 0 | AZ55: =+AY55 -> 0 | BA55: 0 | BB55: 0 | BC55: =SUM(BA55:BB55) -> 0 | BD55: =+IF(C55="",0,BC55+AZ55+AX55+AU55+AQ55+AO55+AH55+AF55+AD55+AA55) -> 0 | BG55: =+BE55+BF55 -> 0 | BL55: =+BH55+BI55+BJ55+BK55 -> 0 | BO55: =+BM55+BN55 -> 0 | BU55: =+SUM(BP55:BT55) -> 0 | CC55: =+SUM(BV55:CB55) -> 0 | CH55: =+SUM(CD55:CG55) -> 0 | CO55: =+SUM(CI55:CN55) -> 0 | CR55: =+SUM(CP55:CQ55) -> 0 | CW55: =+SUM(CS55:CV55) -> 0 | CY55: =+CX55 -> 0 | CZ55: =+IF(C55="",0,CY55+CR55+CH55+BU55+BO55+BL55+CO55+CW55+CC55+BG55) -> 0 | DA55: =IF(C55="",0,CZ55+BD55+W55) -> 0 | DI55: =+IF(BH55="",0,DH55+DE55+DC55+CZ55+CV55+CT55+CM55+CK55+CI55+CF55) -> 0
A56: 600.2.3 | B56: EXCAVACIONES VARIAS EN MATERIAL COMUN EN SECO | C56: m3 | E56: =+IF(C56="", 0,D56) -> 0 | F56: 0 | G56: 0 | H56: =+IF(C56="", 0,SUM(F56:G56)) -> 0 | I56: 0 | J56: =+IF(C56="", 0,I56) -> 0 | K56: 0 | L56: 0 | M56: =+IF(C56="",0,K56+L56) -> 0 | N56: 1513.347 | O56: 0 | P56: =+IF(C56="", 0,SUM(N56:O56)) -> 1513.347 | Q56: 0 | R56: 0 | S56: =+IF(C56="",0,SUM(Q56:R56)) -> 0 | T56: 0 | U56: 0 | V56: =+IF(C56="",0,SUM(T56:U56)) -> 0 | W56: =+IF(C56="",0,E56+H56+J56+M56+P56+S56+V56) -> 1513.347 | X56: 0 | Y56: 0 | Z56: 144.97098 | AA56: =SUM(Z56) -> 144.97098 | AB56: 42.196183 | AC56: 155.19383 | AD56: =SUM(AB56:AC56) -> 197.39001 | AE56: 316.35126 | AF56: =+AE56 -> 316.35126 | AG56: 765.4467 | AH56: =+AG56 -> 765.4467 | AI56: 593.80617 | AJ56: 188.73988 | AK56: 159.827 | AL56: 684.97032 | AM56: 0 | AN56: 0 | AO56: =AI56+AM56+AN56 -> 593.80617 | AP56: 517.30493 | AQ56: =+AP56 -> 517.30493 | AR56: 565.38536 | AS56: 270.7225 | AT56: 194.11 | AU56: =SUM(AT56) -> 194.11 | AV56: 0 | AW56: 1219.7675 | AX56: =SUM(AV56:AW56) -> 1219.7675 | AY56: 0 | AZ56: =+AY56 -> 0 | BA56: 207.2195 | BB56: 241.9449 | BC56: =SUM(BA56:BB56) -> 449.1644 | BD56: =+IF(C56="",0,BC56+AZ56+AX56+AU56+AQ56+AO56+AH56+AF56+AD56+AA56) -> 4398.312 | BG56: =+BE56+BF56 -> 0 | BL56: =+BH56+BI56+BJ56+BK56 -> 0 | BO56: =+BM56+BN56 -> 0 | BU56: =+SUM(BP56:BT56) -> 0 | CC56: =+SUM(BV56:CB56) -> 0 | CH56: =+SUM(CD56:CG56) -> 0 | CO56: =+SUM(CI56:CN56) -> 0 | CR56: =+SUM(CP56:CQ56) -> 0 | CW56: =+SUM(CS56:CV56) -> 0 | CY56: =+CX56 -> 0 | CZ56: =+IF(C56="",0,CY56+CR56+CH56+BU56+BO56+BL56+CO56+CW56+CC56+BG56) -> 0 | DA56: =IF(C56="",0,CZ56+BD56+W56) -> 5911.659 | DI56: =+IF(BH56="",0,DH56+DE56+DC56+CZ56+CV56+CT56+CM56+CK56+CI56+CF56) -> 0
A57: 610.1 P | B57: RELLENOS PARA ESTRUCTURAS CON MATERIAL PROCEDENTE DE LA EXCAVACIÓN | C57: m3 | E57: =+IF(C57="", 0,D57) -> 0 | F57: 0 | G57: 34.48 | H57: =+IF(C57="", 0,SUM(F57:G57)) -> 34.48 | I57: 1012.94 | J57: =+IF(C57="", 0,I57) -> 1012.94 | K57: 0 | L57: 319.7 | M57: =+IF(C57="",0,K57+L57) -> 319.7 | N57: 1088.382 | O57: 0 | P57: =+IF(C57="", 0,SUM(N57:O57)) -> 1088.382 | Q57: 0 | R57: 2325.075 | S57: =+IF(C57="",0,SUM(Q57:R57)) -> 2325.075 | T57: 0 | U57: 295.4 | V57: =+IF(C57="",0,SUM(T57:U57)) -> 295.4 | W57: =+IF(C57="",0,E57+H57+J57+M57+P57+S57+V57) -> 5075.977 | X57: 0 | Y57: 0 | Z57: 0 | AA57: =SUM(Z57) -> 0 | AB57: 0 | AC57: 0 | AD57: =SUM(AB57:AC57) -> 0 | AE57: 0 | AF57: =+AE57 -> 0 | AG57: 0 | AH57: =+AG57 -> 0 | AI57: 0 | AJ57: 0 | AK57: 0 | AL57: 0 | AM57: 0 | AN57: 0 | AO57: =SUM(AI57:AN57) -> 0 | AP57: 0 | AQ57: =+AP57 -> 0 | AR57: 0 | AS57: 0 | AT57: 0 | AU57: =SUM(AT57) -> 0 | AV57: 0 | AW57: 0 | AX57: =SUM(AV57:AW57) -> 0 | AY57: 0 | AZ57: =+AY57 -> 0 | BA57: 0 | BB57: 0 | BC57: =SUM(BA57:BB57) -> 0 | BD57: =+IF(C57="",0,BC57+AZ57+AX57+AU57+AQ57+AO57+AH57+AF57+AD57+AA57) -> 0 | BG57: =+BE57+BF57 -> 0 | BL57: =+BH57+BI57+BJ57+BK57 -> 0 | BO57: =+BM57+BN57 -> 0 | BU57: =+SUM(BP57:BT57) -> 0 | CC57: =+SUM(BV57:CB57) -> 0 | CH57: =+SUM(CD57:CG57) -> 0 | CO57: =+SUM(CI57:CN57) -> 0 | CR57: =+SUM(CP57:CQ57) -> 0 | CW57: =+SUM(CS57:CV57) -> 0 | CY57: =+CX57 -> 0 | CZ57: =+IF(C57="",0,CY57+CR57+CH57+BU57+BO57+BL57+CO57+CW57+CC57+BG57) -> 0 | DA57: =IF(C57="",0,CZ57+BD57+W57) -> 5075.977 | DI57: =+IF(BH57="",0,DH57+DE57+DC57+CZ57+CV57+CT57+CM57+CK57+CI57+CF57) -> 0
A58: 630.4 | B58: CONCRETO RESISTENCIA 21MPa (D) | C58: m3 | E58: =+IF(C58="", 0,D58) -> 0 | F58: 0 | G58: 28.76 | H58: =+IF(C58="", 0,SUM(F58:G58)) -> 28.76 | I58: 491.49203 | J58: =+IF(C58="", 0,I58) -> 491.49203 | K58: 0 | L58: 13.104994 | M58: =+IF(C58="",0,K58+L58) -> 13.104994 | N58: 166.2148 | O58: 23.83539 | P58: =+IF(C58="", 0,SUM(N58:O58)) -> 190.05019 | Q58: 0 | R58: 381.37594 | S58: =+IF(C58="",0,SUM(Q58:R58)) -> 381.37594 | T58: 0 | U58: 47.82685 | V58: =+IF(C58="",0,SUM(T58:U58)) -> 47.82685 | W58: =+IF(C58="",0,E58+H58+J58+M58+P58+S58+V58) -> 1152.61 | X58: 0 | Y58: 0 | Z58: 86.106685 | AA58: =SUM(Z58) -> 86.106685 | AB58: 25.505925 | AC58: 92.452296 | AD58: =SUM(AB58:AC58) -> 117.95822 | AE58: 226.39163 | AF58: =+AE58 -> 226.39163 | AG58: 554.42239 | AH58: =+AG58 -> 554.42239 | AI58: 393.91811 | AJ58: 118.07967 | AK58: 159.61749 | AL58: 481.7398 | AM58: 0 | AN58: 0 | AO58: =AI58+AM58+AN58 -> 393.91811 | AP58: 321.40981 | AQ58: =+AP58 -> 321.40981 | AR58: 341.77806 | AS58: 146.96549 | AT58: 120.60229 | AU58: =SUM(AT58) -> 120.60229 | AV58: 0 | AW58: 839.17472 | AX58: =SUM(AV58:AW58) -> 839.17472 | AY58: 0 | AZ58: =+AY58 -> 0 | BA58: 126.2748 | BB58: 153.3552 | BC58: =SUM(BA58:BB58) -> 279.63 | BD58: =+IF(C58="",0,BC58+AZ58+AX58+AU58+AQ58+AO58+AH58+AF58+AD58+AA58) -> 2939.6139 | BG58: =+BE58+BF58 -> 0 | BH58: 12.15 | BJ58: 122.8 | BL58: =+BH58+BI58+BJ58+BK58 -> 134.95 | BO58: =+BM58+BN58 -> 0 | BU58: =+SUM(BP58:BT58) -> 0 | BV58: 6.18 | BW58: 133.44 | BY58: 6.96 | BZ58: 23.55 | CA58: 44 | CB58: 14.59 | CC58: =+SUM(BV58:CB58) -> 228.72 | CH58: =+SUM(CD58:CG58) -> 0 | CJ58: 9.44 | CK58: 61.03 | CL58: 6.1 | CM58: 184.93 | CN58: 67.72 | CO58: =+SUM(CI58:CN58) -> 329.22 | CR58: =+SUM(CP58:CQ58) -> 0 | CS58: 181.73 | CT58: 114.12 | CV58: 123.74 | CW58: =+SUM(CS58:CV58) -> 419.59 | CX58: 6.07 | CY58: =+CX58 -> 6.07 | CZ58: =+IF(C58="",0,CY58+CR58+CH58+BU58+BO58+BL58+CO58+CW58+CC58+BG58) -> 1118.55 | DA58: =IF(C58="",0,CZ58+BD58+W58) -> 5210.7739 | DI58: =+IF(BH58="",0,DH58+DE58+DC58+CZ58+CV58+CT58+CM58+CK58+CI58+CF58) -> 1602.37
A59: 640.1 | B59: ACERO DE REFUERZO Fy 4200 Mpa | C59: kg | E59: =+IF(C59="", 0,D59) -> 0 | F59: 0 | G59: 2175.9 | H59: =+IF(C59="", 0,SUM(F59:G59)) -> 2175.9 | I59: 42578.814 | J59: =+IF(C59="", 0,I59) -> 42578.814 | K59: 0 | L59: 26327.177 | M59: =+IF(C59="",0,K59+L59) -> 26327.177 | N59: 29918.664 | O59: 0 | P59: =+IF(C59="", 0,SUM(N59:O59)) -> 29918.664 | Q59: 0 | R59: 68647.669 | S59: =+IF(C59="",0,SUM(Q59:R59)) -> 68647.669 | T59: 0 | U59: 8608.833 | V59: =+IF(C59="",0,SUM(T59:U59)) -> 8608.833 | W59: =+IF(C59="",0,E59+H59+J59+M59+P59+S59+V59) -> 178257.06 | X59: 0 | Y59: 0 | Z59: 10902.575 | AA59: =SUM(Z59) -> 10902.575 | AB59: 2658.885 | AC59: 10981.875 | AD59: =SUM(AB59:AC59) -> 13640.76 | AE59: 24469.352 | AF59: =+AE59 -> 24469.352 | AG59: 52648.086 | AH59: =+AG59 -> 52648.086 | AI59: 41889.481 | AJ59: 14009.089 | AK59: 14280.241 | AL59: 47740.454 | AM59: 0 | AN59: 0 | AO59: =AI59+AM59+AN59 -> 41889.481 | AP59: 35292.122 | AQ59: =+AP59 -> 35292.122 | AR59: 39214.093 | AS59: 14775.03 | AT59: 14684.388 | AU59: =SUM(AT59) -> 14684.388 | AV59: 0 | AW59: 78874.125 | AX59: =SUM(AV59:AW59) -> 78874.125 | AY59: 0 | AZ59: =+AY59 -> 0 | BA59: 12728.344 | BB59: 16067.285 | BC59: =SUM(BA59:BB59) -> 28795.629 | BD59: =+IF(C59="",0,BC59+AZ59+AX59+AU59+AQ59+AO59+AH59+AF59+AD59+AA59) -> 301196.52 | BG59: =+BE59+BF59 -> 0 | BH59: 805.54 | BJ59: 12621.76 | BL59: =+BH59+BI59+BJ59+BK59 -> 13427.3 | BO59: =+BM59+BN59 -> 0 | BU59: =+SUM(BP59:BT59) -> 0 | BV59: 572.99 | BW59: 10644.25 | BY59: 541.18 | BZ59: 1885.29 | CA59: 3967.03 | CB59: 837.97 | CC59: =+SUM(BV59:CB59) -> 18448.71 | CH59: =+SUM(CD59:CG59) -> 0 | CJ59: 499.27 | CK59: 6429.92 | CL59: 421.41 | CM59: 25400.93 | CN59: 5286 | CO59: =+SUM(CI59:CN59) -> 38037.53 | CR59: =+SUM(CP59:CQ59) -> 0 | CS59: 17971 | CT59: 8888.82 | CV59: 11985.83 | CW59: =+SUM(CS59:CV59) -> 38845.65 | CX59: 737.43 | CY59: =+CX59 -> 737.43 | CZ59: =+IF(C59="",0,CY59+CR59+CH59+BU59+BO59+BL59+CO59+CW59+CC59+BG59) -> 109496.62 | DA59: =IF(C59="",0,CZ59+BD59+W59) -> 588950.19 | DI59: =+IF(BH59="",0,DH59+DE59+DC59+CZ59+CV59+CT59+CM59+CK59+CI59+CF59) -> 162202.12
A60: 670.2 | B60: DISIPADORES DE ENERGIA Y SEDIMENTADORES EN CONCRETO CICLOPEO | C60: m³ | E60: =+IF(C60="", 0,D60) -> 0 | F60: 0 | G60: 9.998 | H60: =+IF(C60="", 0,SUM(F60:G60)) -> 9.998 | I60: 21.798 | J60: =+IF(C60="", 0,I60) -> 21.798 | K60: 0 | L60: 0 | M60: =+IF(C60="",0,K60+L60) -> 0 | N60: 0 | O60: 0 | P60: =+IF(C60="", 0,SUM(N60:O60)) -> 0 | Q60: 0 | R60: 15.253 | S60: =+IF(C60="",0,SUM(Q60:R60)) -> 15.253 | T60: 0 | U60: 6.185 | V60: =+IF(C60="",0,SUM(T60:U60)) -> 6.185 | W60: =+IF(C60="",0,E60+H60+J60+M60+P60+S60+V60) -> 53.234 | X60: 0 | Y60: 0 | Z60: 0 | AA60: =SUM(X60:Z60) -> 0 | AB60: 0 | AC60: 0 | AD60: =SUM(AB60:AC60) -> 0 | AE60: 0 | AF60: =+AE60 -> 0 | AG60: 0 | AH60: =+AG60 -> 0 | AI60: 0 | AJ60: 0 | AK60: 0 | AL60: 0 | AM60: 0 | AN60: 0 | AO60: =SUM(AI60:AN60) -> 0 | AP60: 0 | AQ60: =+AP60 -> 0 | AR60: 0 | AS60: 0 | AT60: 0 | AU60: =SUM(AT60) -> 0 | AV60: 0 | AW60: 0 | AX60: =SUM(AV60:AW60) -> 0 | AY60: 0 | AZ60: =+AY60 -> 0 | BA60: 0 | BB60: 0 | BC60: =SUM(BA60:BB60) -> 0 | BD60: =+IF(C60="",0,BC60+AZ60+AX60+AU60+AQ60+AO60+AH60+AF60+AD60+AA60) -> 0 | BG60: =+BE60+BF60 -> 0 | BL60: =+BH60+BI60+BJ60+BK60 -> 0 | BO60: =+BM60+BN60 -> 0 | BU60: =+SUM(BP60:BT60) -> 0 | CC60: =+SUM(BV60:CB60) -> 0 | CH60: =+SUM(CD60:CG60) -> 0 | CO60: =+SUM(CI60:CN60) -> 0 | CR60: =+SUM(CP60:CQ60) -> 0 | CW60: =+SUM(CS60:CV60) -> 0 | CY60: =+CX60 -> 0 | CZ60: =+IF(C60="",0,CY60+CR60+CH60+BU60+BO60+BL60+CO60+CW60+CC60+BG60) -> 0 | DA60: =IF(C60="",0,CZ60+BD60+W60) -> 53.234 | DI60: =+IF(BH60="",0,DH60+DE60+DC60+CZ60+CV60+CT60+CM60+CK60+CI60+CF60) -> 0
B61: 3.3 Canales y cunetas | BL61: =+BH61+BI61+BJ61+BK61 -> 0
A62: 600.1.1 | B62: EXCAVACIONES VARIAS SIN CLASIFICAR | C62: m3 | E62: =+IF(C62="", 0,D62) -> 0 | F62: 0 | G62: 0 | H62: =+IF(C62="", 0,SUM(F62:G62)) -> 0 | I62: 0 | J62: =+IF(C62="", 0,I62) -> 0 | K62: 0 | L62: 0 | M62: =+IF(C62="",0,K62+L62) -> 0 | N62: 0 | O62: 0 | P62: =+IF(C62="", 0,SUM(N62:O62)) -> 0 | Q62: 0 | R62: 0 | S62: =+IF(C62="",0,SUM(Q62:R62)) -> 0 | T62: 0 | U62: 0 | V62: =+IF(C62="",0,SUM(T62:U62)) -> 0 | W62: =+IF(C62="",0,E62+H62+J62+M62+P62+S62+V62) -> 0 | X62: 0 | Y62: 0 | Z62: 0 | AA62: =SUM(X62:Z62) -> 0 | AB62: 0 | AC62: 0 | AD62: =SUM(AB62:AC62) -> 0 | AE62: 0 | AF62: =+AE62 -> 0 | AG62: 0 | AH62: =+AG62 -> 0 | AI62: 0 | AJ62: 0 | AK62: 0 | AL62: 0 | AM62: 0 | AN62: 0 | AO62: =SUM(AI62:AN62) -> 0 | AP62: 0 | AQ62: =+AP62 -> 0 | AR62: 0 | AS62: 0 | AT62: 0 | AU62: =SUM(AT62) -> 0 | AV62: 0 | AW62: 0 | AX62: =SUM(AV62:AW62) -> 0 | AY62: 0 | AZ62: =+AY62 -> 0 | BA62: 0 | BB62: 0 | BC62: =SUM(BA62:BB62) -> 0 | BD62: =+IF(C62="",0,BC62+AZ62+AX62+AU62+AQ62+AO62+AH62+AF62+AD62+AA62) -> 0 | BG62: =+BE62+BF62 -> 0 | BH62: 144.86 | BL62: =+BH62+BI62+BJ62+BK62 -> 144.86 | BO62: =+BM62+BN62 -> 0 | BU62: =+SUM(BP62:BT62) -> 0 | CC62: =+SUM(BV62:CB62) -> 0 | CD62: 7.8 | CE62: 83.95 | CF62: 45.7 | CG62: 25.19 | CH62: =+SUM(CD62:CG62) -> 162.64 | CO62: =+SUM(CI62:CN62) -> 0 | CP62: 14 | CQ62: 92.21 | CR62: =+SUM(CP62:CQ62) -> 106.21 | CS62: 306.75 | CT62: 187 | CU62: 31.5 | CV62: 200.63 | CW62: =+SUM(CS62:CV62) -> 725.88 | CX62: 19.56 | CY62: =+CX62 -> 19.56 | CZ62: =+IF(C62="",0,CY62+CR62+CH62+BU62+BO62+BL62+CO62+CW62+CC62+BG62) -> 1159.15 | DA62: =IF(C62="",0,CZ62+BD62+W62) -> 1159.15 | DI62: =+IF(BH62="",0,DH62+DE62+DC62+CZ62+CV62+CT62+CM62+CK62+CI62+CF62) -> 1592.48
A63: 600.2.1 | B63: EXCAVACIONES VARIAS EN ROCA EN SECO. | C63: m3 | E63: =+IF(C63="", 0,D63) -> 0 | F63: 0 | G63: 0 | H63: =+IF(C63="", 0,SUM(F63:G63)) -> 0 | I63: 0 | J63: =+IF(C63="", 0,I63) -> 0 | K63: 0 | L63: 0 | M63: =+IF(C63="",0,K63+L63) -> 0 | N63: 0 | O63: 0 | P63: =+IF(C63="", 0,SUM(N63:O63)) -> 0 | Q63: 0 | R63: 0 | S63: =+IF(C63="",0,SUM(Q63:R63)) -> 0 | T63: 0 | U63: 0 | V63: =+IF(C63="",0,SUM(T63:U63)) -> 0 | W63: =+IF(C63="",0,E63+H63+J63+M63+P63+S63+V63) -> 0 | X63: 0 | Y63: 0 | Z63: 0 | AA63: =SUM(X63:Z63) -> 0 | AB63: 0 | AC63: 0 | AD63: =SUM(AB63:AC63) -> 0 | AE63: 0 | AF63: =+AE63 -> 0 | AG63: 0 | AH63: =+AG63 -> 0 | AI63: 0 | AJ63: 0 | AK63: 0 | AL63: 0 | AM63: 0 | AN63: 0 | AO63: =SUM(AI63:AN63) -> 0 | AP63: 0 | AQ63: =+AP63 -> 0 | AR63: 0 | AS63: 0 | AT63: 0 | AU63: =SUM(AT63) -> 0 | AV63: 0 | AW63: 0 | AX63: =SUM(AV63:AW63) -> 0 | AY63: 0 | AZ63: =+AY63 -> 0 | BA63: 0 | BB63: 0 | BC63: =SUM(BA63:BB63) -> 0 | BD63: =+IF(C63="",0,BC63+AZ63+AX63+AU63+AQ63+AO63+AH63+AF63+AD63+AA63) -> 0 | BG63: =+BE63+BF63 -> 0 | BL63: =+BH63+BI63+BJ63+BK63 -> 0 | BO63: =+BM63+BN63 -> 0 | BU63: =+SUM(BP63:BT63) -> 0 | CC63: =+SUM(BV63:CB63) -> 0 | CD63: 7.8 | CE63: 83.95 | CF63: 45.7 | CG63: 25.19 | CH63: =+SUM(CD63:CG63) -> 162.64 | CO63: =+SUM(CI63:CN63) -> 0 | CR63: =+SUM(CP63:CQ63) -> 0 | CW63: =+SUM(CS63:CV63) -> 0 | CY63: =+CX63 -> 0 | CZ63: =+IF(C63="",0,CY63+CR63+CH63+BU63+BO63+BL63+CO63+CW63+CC63+BG63) -> 162.64 | DA63: =IF(C63="",0,CZ63+BD63+W63) -> 162.64 | DI63: =+IF(BH63="",0,DH63+DE63+DC63+CZ63+CV63+CT63+CM63+CK63+CI63+CF63) -> 0
A64: 600.2.3 | B64: EXCAVACIONES VARIAS EN MATERIAL COMUN EN SECO | C64: m3 | E64: =+IF(C64="", 0,D64) -> 0 | F64: 0 | G64: 0 | H64: =+IF(C64="", 0,SUM(F64:G64)) -> 0 | I64: 0 | J64: =+IF(C64="", 0,I64) -> 0 | K64: 0 | L64: 0 | M64: =+IF(C64="",0,K64+L64) -> 0 | N64: 0 | O64: 0 | P64: =+IF(C64="", 0,SUM(N64:O64)) -> 0 | Q64: 0 | R64: 0 | S64: =+IF(C64="",0,SUM(Q64:R64)) -> 0 | T64: 0 | U64: 0 | V64: =+IF(C64="",0,SUM(T64:U64)) -> 0 | W64: =+IF(C64="",0,E64+H64+J64+M64+P64+S64+V64) -> 0 | X64: 194.3 | Y64: 550.8 | Z64: 292 | AA64: =SUM(Z64) -> 292 | AB64: 262.29 | AC64: 380.1 | AD64: =SUM(AB64:AC64) -> 642.39 | AE64: 1672 | AF64: =+AE64 -> 1672 | AG64: 3046.1 | AH64: =+AG64 -> 3046.1 | AI64: 0 | AJ64: 0 | AK64: 0 | AL64: 0 | AM64: 0 | AN64: 0 | AO64: =SUM(AI64:AN64) -> 0 | AP64: 4060.9 | AQ64: =+AP64 -> 4060.9 | AR64: 240 | AS64: 1267.4 | AT64: 433.65 | AU64: =SUM(AT64) -> 433.65 | AV64: 24 | AW64: 2194.4 | AX64: =SUM(AV64:AW64) -> 2218.4 | AY64: 646.8 | AZ64: =+AY64 -> 646.8 | BA64: 1298.7 | BB64: 749.2 | BC64: =SUM(BA64:BB64) -> 2047.9 | BD64: =+IF(C64="",0,BC64+AZ64+AX64+AU64+AQ64+AO64+AH64+AF64+AD64+AA64) -> 15060.14 | BG64: =+BE64+BF64 -> 0 | BL64: =+BH64+BI64+BJ64+BK64 -> 0 | BO64: =+BM64+BN64 -> 0 | BU64: =+SUM(BP64:BT64) -> 0 | CC64: =+SUM(BV64:CB64) -> 0 | CD64: 7.8 | CE64: 83.95 | CF64: 45.7 | CG64: 25.19 | CH64: =+SUM(CD64:CG64) -> 162.64 | CO64: =+SUM(CI64:CN64) -> 0 | CR64: =+SUM(CP64:CQ64) -> 0 | CW64: =+SUM(CS64:CV64) -> 0 | CY64: =+CX64 -> 0 | CZ64: =+IF(C64="",0,CY64+CR64+CH64+BU64+BO64+BL64+CO64+CW64+CC64+BG64) -> 162.64 | DA64: =IF(C64="",0,CZ64+BD64+W64) -> 15222.78 | DI64: =+IF(BH64="",0,DH64+DE64+DC64+CZ64+CV64+CT64+CM64+CK64+CI64+CF64) -> 0
A65: 671.1 | B65: CUNETA DE CONCRETO VACIADA IN SITU; NO INCLUYE LA CONFORMACIÓN DE LA SUPERFICIE DE APOYO | C65: m3 | E65: =+IF(C65="", 0,D65) -> 0 | F65: 36.8 | G65: 1698.72 | H65: =+IF(C65="", 0,SUM(F65:G65)) -> 1735.52 | I65: 0 | J65: =+IF(C65="", 0,I65) -> 0 | K65: 0 | L65: 0 | M65: =+IF(C65="",0,K65+L65) -> 0 | N65: 670.4 | O65: 496.8 | P65: =+IF(C65="", 0,SUM(N65:O65)) -> 1167.2 | Q65: 0 | R65: 0 | S65: =+IF(C65="",0,SUM(Q65:R65)) -> 0 | T65: 190.4 | U65: 480 | V65: =+IF(C65="",0,SUM(T65:U65)) -> 670.4 | W65: =+IF(C65="",0,E65+H65+J65+M65+P65+S65+V65) -> 3573.12 | X65: 0 | Y65: 19.2 | Z65: 0 | AA65: =SUM(Z65) -> 0 | AB65: 199.84 | AC65: 289.6 | AD65: =SUM(AB65:AC65) -> 489.44 | AE65: 0 | AF65: =+AE65 -> 0 | AG65: 81.6 | AH65: =+AG65 -> 81.6 | AI65: 0 | AJ65: 32 | AK65: 0 | AL65: 0 | AM65: 0 | AN65: 0 | AO65: =AI65+AM65+AN65 -> 0 | AP65: 46.4 | AQ65: =+AP65 -> 46.4 | AR65: 0 | AS65: 0 | AT65: 68 | AU65: =SUM(AT65) -> 68 | AV65: 0 | AW65: 0 | AX65: =SUM(AV65:AW65) -> 0 | AY65: 492.8 | AZ65: =+AY65 -> 492.8 | BA65: 120 | BB65: 0 | BC65: =SUM(BA65:BB65) -> 120 | BD65: =+IF(C65="",0,BC65+AZ65+AX65+AU65+AQ65+AO65+AH65+AF65+AD65+AA65) -> 1298.24 | BG65: =+BE65+BF65 -> 0 | BH65: 1.04 | BJ65: 6.3 | BL65: =+BH65+BI65+BJ65+BK65 -> 7.34 | BM65: 1.57 | BN65: 0.2 | BO65: =+BM65+BN65 -> 1.77 | BU65: =+SUM(BP65:BT65) -> 0 | BV65: 0.22 | BY65: 0.47 | BZ65: 2.05 | CA65: 2.09 | CB65: 1.17 | CC65: =+SUM(BV65:CB65) -> 6 | CH65: =+SUM(CD65:CG65) -> 0 | CO65: =+SUM(CI65:CN65) -> 0 | CR65: =+SUM(CP65:CQ65) -> 0 | CW65: =+SUM(CS65:CV65) -> 0 | CY65: =+CX65 -> 0 | CZ65: =+IF(C65="",0,CY65+CR65+CH65+BU65+BO65+BL65+CO65+CW65+CC65+BG65) -> 15.11 | DA65: =IF(C65="",0,CZ65+BD65+W65) -> 4886.47 | DI65: =+IF(BH65="",0,DH65+DE65+DC65+CZ65+CV65+CT65+CM65+CK65+CI65+CF65) -> 15.11
A66: 630.4 | B66: CONCRETO RESISTENCIA 21MPa (D) | C66: m3 | E66: =+IF(C66="", 0,D66) -> 0 | F66: 0 | G66: 0 | H66: =+IF(C66="", 0,SUM(F66:G66)) -> 0 | I66: 452.8 | J66: =+IF(C66="", 0,I66) -> 452.8 | K66: 0 | L66: 62.88 | M66: =+IF(C66="",0,K66+L66) -> 62.88 | N66: 0 | O66: 0 | P66: =+IF(C66="", 0,SUM(N66:O66)) -> 0 | Q66: 30.4 | R66: 123.2 | S66: =+IF(C66="",0,SUM(Q66:R66)) -> 153.6 | T66: 0 | U66: 0 | V66: =+IF(C66="",0,SUM(T66:U66)) -> 0 | W66: =+IF(C66="",0,E66+H66+J66+M66+P66+S66+V66) -> 669.28 | X66: 0 | Y66: 0 | Z66: 0 | AA66: =SUM(X66:Z66) -> 0 | AB66: 0 | AC66: 0 | AD66: =SUM(AB66:AC66) -> 0 | AE66: 0 | AF66: =+AE66 -> 0 | AG66: 0 | AH66: =+AG66 -> 0 | AI66: 0 | AJ66: 0 | AK66: 0 | AL66: 0 | AM66: 0 | AN66: 0 | AO66: =SUM(AI66:AN66) -> 0 | AP66: 0 | AQ66: =+AP66 -> 0 | AR66: 0 | AS66: 0 | AT66: 0 | AU66: =SUM(AT66) -> 0 | AV66: 0 | AW66: 0 | AX66: =SUM(AV66:AW66) -> 0 | AY66: 0 | AZ66: =+AY66 -> 0 | BA66: 0 | BB66: 0 | BC66: =SUM(BA66:BB66) -> 0 | BD66: =+IF(C66="",0,BC66+AZ66+AX66+AU66+AQ66+AO66+AH66+AF66+AD66+AA66) -> 0 | BG66: =+BE66+BF66 -> 0 | BI66: 90 | BJ66: 462.5 | BK66: 52.5 | BL66: =+BH66+BI66+BJ66+BK66 -> 605 | BM66: 352 | BN66: 50 | BO66: =+BM66+BN66 -> 402 | BT66: 39.52 | BU66: =+SUM(BP66:BT66) -> 39.52 | BV66: 61.68 | BW66: 62.35 | BX66: 603.97 | BY66: 39.2 | BZ66: 121.78 | CA66: 70.48 | CB66: 0.1 | CC66: =+SUM(BV66:CB66) -> 959.56 | CD66: 7.8 | CE66: 83.95 | CF66: 45.7 | CG66: 25.19 | CH66: =+SUM(CD66:CG66) -> 162.64 | CI66: 37.37 | CJ66: 3.25 | CK66: 58.76 | CL66: 16.77 | CM66: 246.95 | CN66: 188.84 | CO66: =+SUM(CI66:CN66) -> 551.94 | CP66: 14 | CQ66: 92.91 | CR66: =+SUM(CP66:CQ66) -> 106.91 | CS66: 306.75 | CT66: 187 | CU66: 31.5 | CV66: 200.63 | CW66: =+SUM(CS66:CV66) -> 725.88 | CX66: 19.56 | CY66: =+CX66 -> 19.56 | CZ66: =+IF(C66="",0,CY66+CR66+CH66+BU66+BO66+BL66+CO66+CW66+CC66+BG66) -> 3573.01 | DA66: =IF(C66="",0,CZ66+BD66+W66) -> 4242.29 | DI66: =+IF(BH66="",0,DH66+DE66+DC66+CZ66+CV66+CT66+CM66+CK66+CI66+CF66) -> 0
A67: 630.5 | B67: CONCRETO CLASE E | C67: m³ | E67: =+IF(C67="", 0,D67) -> 0 | F67: 0 | G67: 0 | H67: =+IF(C67="", 0,SUM(F67:G67)) -> 0 | I67: 0 | J67: =+IF(C67="", 0,I67) -> 0 | K67: 0 | L67: 0 | M67: =+IF(C67="",0,K67+L67) -> 0 | N67: 0 | O67: 0 | P67: =+IF(C67="", 0,SUM(N67:O67)) -> 0 | Q67: 0 | R67: 0 | S67: =+IF(C67="",0,SUM(Q67:R67)) -> 0 | T67: 0 | U67: 0 | V67: =+IF(C67="",0,SUM(T67:U67)) -> 0 | W67: =+IF(C67="",0,E67+H67+J67+M67+P67+S67+V67) -> 0 | X67: 0 | Y67: 0 | Z67: 0 | AA67: =SUM(X67:Z67) -> 0 | AB67: 0 | AC67: 0 | AD67: =SUM(AB67:AC67) -> 0 | AE67: 0 | AF67: =+AE67 -> 0 | AG67: 0 | AH67: =+AG67 -> 0 | AI67: 0 | AJ67: 0 | AK67: 0 | AL67: 0 | AM67: 0 | AN67: 0 | AO67: =SUM(AI67:AN67) -> 0 | AP67: 0 | AQ67: =+AP67 -> 0 | AR67: 0 | AS67: 0 | AT67: 0 | AU67: =SUM(AT67) -> 0 | AV67: 0 | AW67: 0 | AX67: =SUM(AV67:AW67) -> 0 | AY67: 0 | AZ67: =+AY67 -> 0 | BA67: 0 | BB67: 0 | BC67: =SUM(BA67:BB67) -> 0 | BD67: =+IF(C67="",0,BC67+AZ67+AX67+AU67+AQ67+AO67+AH67+AF67+AD67+AA67) -> 0 | BG67: =+BE67+BF67 -> 0 | BL67: =+BH67+BI67+BJ67+BK67 -> 0 | BO67: =+BM67+BN67 -> 0 | BU67: =+SUM(BP67:BT67) -> 0 | CC67: =+SUM(BV67:CB67) -> 0 | CH67: =+SUM(CD67:CG67) -> 0 | CO67: =+SUM(CI67:CN67) -> 0 | CR67: =+SUM(CP67:CQ67) -> 0 | CW67: =+SUM(CS67:CV67) -> 0 | CY67: =+CX67 -> 0 | CZ67: =+IF(C67="",0,CY67+CR67+CH67+BU67+BO67+BL67+CO67+CW67+CC67+BG67) -> 0 | DA67: =IF(C67="",0,CZ67+BD67+W67) -> 0 | DI67: =+IF(BH67="",0,DH67+DE67+DC67+CZ67+CV67+CT67+CM67+CK67+CI67+CF67) -> 0
B68: 3.4 Filtros y Drenes | CO68: =+SUM(CI68:CN68) -> 0
